Workbook
Name _SUB100: введение!$A$3
Name sub1002163307: введение!$A$4

Sheet введение
B3: Уважаемые пользователи ИС §«Бухгалтер»!
B6: Данная форма призвана оказать Вам помощь при заполнении упрощенной декларации для субъектов малого бизнеса ИП по форме 910.00 за 2-е полугодие 2020 года. В форме № 910 Декларации ничего заполнять вручную нельзя, все данные заполняются автомотически из приложений №1, №2.1, №2.2, №2.3, №2.4, №2.5, №2.6, №3. В приложениях нужно заполнять только те строки, которые выделены желтым цветом, все остальное считается автоматически.
B10: Справочник
B11: МЗП = | C11: 42500 | E11: тенге
B12: Доход для ОПВ max = | C12: 2125000 | E12: тенге
B13: ОПВ max = | C13: =C12*0.1 -> 212500 | E13: тенге
B14: Доход для СО max = | C14: 297500 | E14: тенге
B15: ставка для СО= | C15: 0.035
B16: СО max = | C16: =C14*C15 -> 10412.5 | E16: тенге
B17: Доход для ОСМС отчислений max = | C17: 425000
B18: ставка для ООСМС= | C18: 0.02
B19: ООСМС max = | C19: =C17*C18 -> 8500
B20: Месячный расчетный показатель = | C20: 2778 | E20: тенге
B21: Доход для взносов ОСМС max = | C21: 425000
B22: ставка для ВОСМС= | C22: 0.01
B23: ООСМС max = | C23: =C21*C22 -> 4250

Sheet № 910 Декларация 
N2: Форма 910.00
B4: УПРОЩЕННАЯ ДЕКЛАРАЦИЯ ДЛЯ СУБЪЕКТОВ МАЛОГО БИЗНЕСА (910.00) за 2020 год для ИП
B6: Раздел. Общая информация о налогоплательщике
A8: 1 | B8: ИИН (БИН)
A10: 2 | B10: Ф.И.О. или наименование налогоплательщика
A12: 3 | B12: Налоговый период, за который представляется налоговая отчетность: | J12: полугодие | L12: 2 | N12: год | O12: 2020
A14: 4 | B14: Категория налогоплательщика | E14: (укажите | F14: Х | I14: в соответствующей ячейке)
C16: А | D16: доверительный управляющий в соответствии со статьей 40 Налогового кодекса | M16: С | N16: ведет бухгалтерский учет в соответствии с пунктом 2 статьи 2 Закона Республики Казахстан "О бухгалтерском учете и финансовой отчетности" | P16: х
C18: В | D18: учредитель доверительного управления в соответствии со статьей 40 Налогового кодекса | M18: D | N18: не ведет бухгалтерский учет в соответствии с пунктом 2 статьи 2 Закона Республики Казахстан "О бухгалтерском учете и финансовой отчетности"
A20: 5 | B20: Вид декларации | D20: (укажите | E20: Х | G20: в соответствующей ячейке)
B22: первоначальная | E22: очередная | H22: дополнительная | J22: дополнительная по уведомлению | N22: ликвидационная
A24: 6 | B24: Номер и дата уведомления (заполняется в случае представления дополнительной декларации по уведомлению)
C26: А | D26: номер | M26: В | N26: Дата
A29: 7 | B29: Код валюты | D29: KZT
A31: 8 | B31: Признак резидентства: | E31: А | G31: резидент РК | J31: X | N31: В | O31: нерезидент РК
B32: (укажите | C32: Х | E32: в соответствующей ячейке)
A33: Раздел. Исчисление налогов
A35: Код строки | C35: Наименование показателей | M35: Сумма
A36: 910.00.001 | C36: Доход | M36: ='№ 1 доход ИП '!C21 -> 25300600
C38: A | D38: доходы полученные путем безналичных расчетов | M38: 22800600
D39: I | E39: в том числе, с применением трехкомпонентной системы | M39: 22800600
C40: B | D40: доходы полученные путем наличных расчетов | M40: 2500000
D41: I | E41: в том числе, с применением трехкомпонентной системы | M41: 2500000
A42: 910.00.002 | C42: в том числе доход от корректировки в соответствии с Законом о трансферном ценообразовании
A44: 910.00.003 | C44: Среднемесячная численность работников | M44: =ROUND(('№ 2.1 Начис. доходы работников'!V26+'№ 2.2 Начис.доходы работников'!V26+'№ 2.3 Начис. доходы работ'!V26+'№ 2.4 Начис. доходы работ'!V26+'№ 2.5 Начис. доходы работ. '!V26+'№ 2.6 Начис. доходы работ. '!V26)/6,0) -> 3
C46: А | D46: пенсионеры | M46: =ROUND(('№ 2.1 Начис. доходы работников'!N26+'№ 2.2 Начис.доходы работников'!M25+'№ 2.3 Начис. доходы работ'!L25+'№ 2.4 Начис. доходы работ'!L25+'№ 2.5 Начис. доходы работ. '!L25+'№ 2.6 Начис. доходы работ. '!L25)/6,0) -> 0 | Q46: указывается среднесписочная численность работников-пенсионеров
C48: В | D48: инвалиды | Q48: указывается среднесписочная численность работников-инвалидов
A50: 910.00.004 | C50: Среднемесячная заработная плата на одного работника (Х26 2.1+2.2+2.3+2.4+2.5+2.6)/6 | M50: =('№ 2.1 Начис. доходы работников'!AC26+'№ 2.2 Начис.доходы работников'!AC26+'№ 2.3 Начис. доходы работ'!AC26+'№ 2.4 Начис. доходы работ'!AC26+'№ 2.5 Начис. доходы работ. '!AC26+'№ 2.6 Начис. доходы работ. '!AC26)/6 -> 90000
A52: 910.00.005 | C52: Сумма исчисленных налогов (910.00.001*3%) | M52: =ROUND(M36*3%,0) -> 759018
A54: 910.00.006 | C54: Корректировка суммы налогов в соответствии с пунктом 2 статьи 687 Налогового кодекса | M54: =ROUND((IF(M50>=23*введение!C20,M52*(M44)*0.015,0)),0) -> 34156
A56: 910.00.007 | C56: Сумма налогов после корректировки (910.00.005-910.00.006) | M56: =M52-M54 -> 724862
A58: 910.00.008 | C58: Сумма индивидуального (корпоративного) подоходного налога, подлежащего уплате в бюджет (910.00.007*0,5) | M58: =ROUND(M56*0.5,0) -> 362431
A60: 910.00.009 | C60: Сумма социального налога, подлежащего уплате в бюджет ((910.00.007*0,5)-910.00.011 VII-910.00.018 VII) | M60: =ROUND((IF((M56*0.5-M77-M114)>0,M56*0.5-M77-M114,0)),0) -> 295021 | Q60: Если в 2020-2022 гг. ИП вправе уменьшить сумму ИПН и социального налога, исчисленных в соответствии со статьей 687 Налогового кодекса на основании статьи 57-4 Закона РК от 25 декабря 2017 года № 121-VI «О введении в действие Кодекса РК «О налогах и других обязательных платежах в бюджет» (Налоговый кодекс)», то в строках 910.00.008, 910.00.009, 910.00.011 будут указываться нулевые суммы ИПН и социального налога.
A62: 910.00.010 | C62: Уменьшение индивидуальным предпринимателем суммы ИПН, подлежащего уплате в бюджет в соответствии с пунктом 2-1 статьи 687 Налогового кодекса (на сумму 60 000 тенге, но не более чем на 50 процентов от исчисленной суммы ИПН) за текущий календарный год | M62: 60000
A64: 910.00.011 | C64: Сумма ИПН (КПН), подлежащего уплате в бюджет за налоговый период, 910.00.008-910.00.010 | M64: =M58-M62 -> 302431
A66: Раздел. Исчисление социальных отчислений и обязательных пенсионных взносов за индивидуального предпринимателя
A68: 910.00.012 | C68: Доход, для исчисления социальных отчислений
A69: 1 мес | C69: I | D69: ='№ 1 доход ИП '!G14 -> 150000 | J69: 4 мес | L69: IV | M69: ='№ 1 доход ИП '!G17 -> 150000
A70: 2 мес | C70: II | D70: ='№ 1 доход ИП '!G15 -> 150000 | J70: 5 мес | L70: V | M70: ='№ 1 доход ИП '!G18 -> 150000
A71: 3 мес | C71: III | D71: ='№ 1 доход ИП '!G16 -> 150000 | J71: 6 мес | L71: VI | M71: ='№ 1 доход ИП '!G19 -> 150000
C72: ИТОГО за полугодие | L72: VII | M72: =D69+D70+D71+M69+M70+M71 -> 900000
A73: 910.00.013 | C73: Сумма социальных отчислений, к уплате | M73: =#REF! -> #REF!
A74: 1 мес | C74: I | D74: =D69*введение!$C$15 -> 5250 | J74: 4 мес | L74: IV | M74: =M69*введение!$C$15 -> 5250
A75: 2 мес | C75: II | D75: =D70*введение!$C$15 -> 5250 | J75: 5 мес | L75: V | M75: =M70*введение!$C$15 -> 5250
A76: 3 мес | C76: III | D76: =D71*введение!$C$15 -> 5250 | J76: 6 мес | L76: VI | M76: =M71*введение!$C$15 -> 5250
C77: ИТОГО за полугодие | L77: VII | M77: =D74+D75+D76+M74+M75+M76 -> 31500
A78: 910.00.014 | C78: Доход, для исчисления обязательных пенсионных взносов | M78: =#REF! -> #REF!
A79: 1 мес | C79: I | D79: ='№ 1 доход ИП '!F14 -> 200000 | J79: 4 мес | L79: IV | M79: ='№ 1 доход ИП '!F17 -> 200000
A80: 2 мес | C80: II | D80: ='№ 1 доход ИП '!F15 -> 200000 | J80: 5 мес | L80: V | M80: ='№ 1 доход ИП '!F18 -> 200000
A81: 3 мес | C81: III | D81: ='№ 1 доход ИП '!F16 -> 200000 | J81: 6 мес | L81: VI | M81: ='№ 1 доход ИП '!F19 -> 200000
C82: ИТОГО за полугодие | L82: VII | M82: =D79+D80+D81+M79+M80+M81 -> 1200000
A83: 910.00.015 | C83: Сумма обязательных пенсионных взносов, к уплате | M83: =M78*10% -> #REF!
A84: 1 мес | C84: I | D84: =D79*10% -> 20000 | J84: 4 мес | L84: IV | M84: =M79*10% -> 20000
A85: 2 мес | C85: II | D85: =D80*10% -> 20000 | J85: 5 мес | L85: V | M85: =M80*10% -> 20000
A86: 3 мес | C86: III | D86: =D81*10% -> 20000 | J86: 6 мес | L86: VI | M86: =M81*10% -> 20000
C87: ИТОГО за полугодие | L87: VII | M87: =D84+D85+D86+M84+M85+M86 -> 120000
A88: 910.00.016 | C88: Сумма взносов на обязательное социальное медицинское страхование, к уплате | M88: =M83*10% -> #REF!
A89: 1 мес | C89: I | D89: =введение!C11*1.4*5% -> 2975 | J89: 4 мес | L89: IV | M89: =введение!C11*1.4*5% -> 2975
A90: 2 мес | C90: II | D90: =введение!C11*1.4*5% -> 2975 | J90: 5 мес | L90: V | M90: =введение!C11*1.4*5% -> 2975
A91: 3 мес | C91: III | D91: =введение!C11*1.4*5% -> 2975 | J91: 6 мес | L91: VI | M91: =введение!C11*1.4*5% -> 2975
C92: ИТОГО за полугодие | L92: VII | M92: =D89+D90+D91+M89+M90+M91 -> 17850
A93: Раздел. Исчисление индивидуального подоходного налога, социальных платежей физических лиц
A95: 910.00.017 | C95: Сумма индивидуального подоходного налога, подлежащая перечислению в бюджет с доходов граждан Республики Казахстан | M95: =#REF! -> #REF!
A96: 1 мес | C96: I | D96: ='№ 2.1 Начис. доходы работников'!J26+'№3 договора ГПХ'!N27 -> 5540 | J96: 4 мес | L96: IV | M96: ='№ 2.4 Начис. доходы работ'!J26+'№3 договора ГПХ'!T27 -> 7420
A97: 2 мес | C97: II | D97: ='№ 2.2 Начис.доходы работников'!J26+'№3 договора ГПХ'!P27 -> 5540 | J97: 5 мес | L97: V | M97: ='№ 2.5 Начис. доходы работ. '!J26+'№3 договора ГПХ'!V27 -> 5540
A98: 3 мес | C98: III | D98: ='№ 2.3 Начис. доходы работ'!J26+'№3 договора ГПХ'!R27 -> 5540 | J98: 6 мес | L98: VI | M98: ='№ 2.6 Начис. доходы работ. '!J26+'№3 договора ГПХ'!X27 -> 5540
C99: ИТОГО за полугодие | L99: VII | M99: =D96+D97+D98+M96+M97+M98 -> 35120
A100: 910.00.018 | C100: Сумма индивидуального подоходного налога, подлежащая перечислению в бюджет с доходов иностранцев и лиц без гражданства
A101: 1 мес | C101: I | D101: ='№ 2.1 Начис. доходы работников'!K26+'№3 договора ГПХ'!O27 -> 10870 | J101: 4 мес | L101: IV | M101: ='№ 2.4 Начис. доходы работ'!K26+'№3 договора ГПХ'!U27 -> 10870
A102: 2 мес | C102: II | D102: ='№ 2.2 Начис.доходы работников'!K26+'№3 договора ГПХ'!Q27 -> 10870 | J102: 5 мес | L102: V | M102: ='№ 2.5 Начис. доходы работ. '!K26+'№3 договора ГПХ'!W27 -> 10870
A103: 3 мес | C103: III | D103: ='№ 2.3 Начис. доходы работ'!K26+'№3 договора ГПХ'!S27 -> 10870 | J103: 6 мес | L103: VI | M103: ='№ 2.6 Начис. доходы работ. '!K26+'№3 договора ГПХ'!Y27 -> 10870
C104: ИТОГО за полугодие | L104: VII | M104: =D101+D102+D103+M101+M102+M103 -> 65220
A105: 910.00.019 | C105: Доходы физических лиц, с которых исчисляются социальные отчисления
A106: 1 мес | C106: I | D106: ='№ 2.1 Начис. доходы работников'!R26 -> 171000 | J106: 4 мес | L106: IV | M106: ='№ 2.4 Начис. доходы работ'!R26 -> 171000
A107: 2 мес | C107: II | D107: ='№ 2.2 Начис.доходы работников'!R26 -> 171000 | J107: 5 мес | L107: V | M107: ='№ 2.5 Начис. доходы работ. '!R26 -> 171000
A108: 3 мес | C108: III | D108: ='№ 2.3 Начис. доходы работ'!R26 -> 171000 | J108: 6 мес | L108: VI | M108: ='№ 2.6 Начис. доходы работ. '!R26 -> 171000
C109: ИТОГО за полугодие | L109: VII | M109: =D106+D107+D108+M106+M107+M108 -> 1026000
A110: 910.00.020 | C110: Сумма социальных отчислений, к уплате
A111: 1 мес | C111: I | D111: ='№ 2.1 Начис. доходы работников'!S26 -> 5985 | J111: 4 мес | L111: IV | M111: ='№ 2.4 Начис. доходы работ'!S26 -> 5985
A112: 2 мес | C112: II | D112: ='№ 2.2 Начис.доходы работников'!S26 -> 5985 | J112: 5 мес | L112: V | M112: ='№ 2.5 Начис. доходы работ. '!S26 -> 5985
A113: 3 мес | C113: III | D113: ='№ 2.3 Начис. доходы работ'!S26 -> 5985 | J113: 6 мес | L113: VI | M113: ='№ 2.6 Начис. доходы работ. '!S26 -> 5985
C114: ИТОГО за полугодие | L114: VII | M114: =D111+D112+D113+M111+M112+M113 -> 35910
A115: 910.00.021 | C115: Доходы работников, с которых удерживаются (начисляются) обязательные пенсионные взносы | M115: =#REF! -> #REF!
A116: 1 мес | C116: I | D116: ='№ 2.1 Начис. доходы работников'!M26+'№ 4 договора ГПХ'!I15*20 -> 190000 | J116: 4 мес | L116: IV | M116: ='№ 2.4 Начис. доходы работ'!M26+'№ 4 договора ГПХ'!O15*20 -> 210000
A117: 2 мес | C117: II | D117: ='№ 2.2 Начис.доходы работников'!M26+'№ 4 договора ГПХ'!K15*20 -> 190000 | J117: 5 мес | L117: V | M117: ='№ 2.5 Начис. доходы работ. '!M26+'№ 4 договора ГПХ'!Q15*20 -> 190000
A118: 3 мес | C118: III | D118: ='№ 2.3 Начис. доходы работ'!M26+'№ 4 договора ГПХ'!M15*20 -> 190000 | J118: 6 мес | L118: VI | M118: ='№ 2.6 Начис. доходы работ. '!M26+'№ 4 договора ГПХ'!S15*20 -> 190000
C119: ИТОГО за полугодие | L119: VII | M119: =D116+D117+D118+M116+M117+M118 -> 1160000
A120: 910.00.022 | C120: Сумма обязательных пенсионных взносов, к уплате | M120: =#REF! -> #REF!
A121: 1 мес | C121: I | D121: ='№ 2.1 Начис. доходы работников'!O26+'№ 4 договора ГПХ'!I15 -> 19000 | J121: 4 мес | L121: IV | M121: ='№ 2.4 Начис. доходы работ'!O26+'№ 4 договора ГПХ'!O15 -> 20000
A122: 2 мес | C122: II | D122: ='№ 2.2 Начис.доходы работников'!O26+'№ 4 договора ГПХ'!K15 -> 19000 | J122: 5 мес | L122: V | M122: ='№ 2.5 Начис. доходы работ. '!O26+'№ 4 договора ГПХ'!Q15 -> 19000
A123: 3 мес | C123: III | D123: ='№ 2.3 Начис. доходы работ'!O26+'№ 4 договора ГПХ'!M15 -> 19000 | J123: 6 мес | L123: VI | M123: ='№ 2.6 Начис. доходы работ. '!O26+'№ 4 договора ГПХ'!S15 -> 19000
C124: ИТОГО за полугодие | L124: VII | M124: =D121+D122+D123+M121+M122+M123 -> 115000
A125: 910.00.023 | C125: Доходы работников, принимаемых для исчисления обязательных профессиональных пенсионных взносов
A126: 1 мес | C126: I | J126: 4 мес | L126: IV
A127: 2 мес | C127: II | J127: 5 мес | L127: V
A128: 3 мес | C128: III | J128: 6 мес | L128: VI
C129: ИТОГО за полугодие | L129: VII | M129: =D126+D127+D128+M126+M127+M128 -> 0
A130: 910.00.024 | C130: Сумма обязательных профессиональных взносов, к уплате | M130: =#REF! -> #REF!
A131: 1 мес | C131: I | J131: 4 мес | L131: IV
A132: 2 мес | C132: II | J132: 5 мес | L132: V
...

Sheet № 1 доход ИП 
F2: Форма 910.00
B3: Реализация товаров, выполнение работ, оказание услуг
B5: Раздел. Общая информация о налогоплательщике
A7: 1 | B7: ИИН (БИН) | C7: ='№ 910 Декларация '!D8 -> 0
A8: 2 | B8: Налоговый период, за который предоставляется налоговая отчетность: полугодие | F8: ='№ 910 Декларация '!L12 -> 2 | G8: год | H8: ='№ 910 Декларация '!O12 -> 2020
B12: период | C12: реализация товаров | D12: выполнение работ, оказание услуг | E12: прочий доход | F12: доход, заявленный для исчисления ОПВ за себя | G12: доход, заявленный для исчисления социальных отчислений в свою пользу
B13: 1 | C13: 2 | D13: 3 | E13: 4 | F13: 5 | G13: 6
A14: 1 | B14: 1 месяц полугодия | F14: 200000 | G14: 150000
A15: 2 | B15: 2 месяц полугодия | F15: 200000 | G15: 150000
A16: 2 | B16: 3 месяц полугодия | F16: 200000 | G16: 150000
A17: 4 | B17: 4 месяц полугодия | F17: 200000 | G17: 150000
A18: 5 | B18: 5 месяц полугодия | F18: 200000 | G18: 150000
A19: 6 | B19: 6 месяц полугодия | C19: 22800600 | D19: 2500000 | F19: 200000 | G19: 150000
A20: 13 | B20: Итого | C20: =SUM(C14:C19) -> 22800600 | D20: =SUM(D14:D19) -> 2500000 | E20: =SUM(E14:E19) -> 0 | F20: =SUM(F14:F19) -> 1200000 | G20: =SUM(G14:G19) -> 900000
A21: 14 | B21: Итого | C21: =C20+D20+E20 -> 25300600
B24: Ограничения по доходам ТОО согласно п. 2 ст.683 НК | E24: =IF(C21<2800*введение!C11,"Может применять текущий налоговый режим","НЕОБХОДИМО СМЕНИТЬ НАЛОГОВЫЙ РЕЖИМ!!!!") -> Может применять текущий налоговый режим
A30: (Ф.И.О., подпись руководителя (налогоплательщика), печать)
A33: (Ф.И.О., подпись главного бухгалтера )
A36: (Дата составления налогового регистра)
A39: Примечание. | C39: строка 14 переносится в № 910.00 по строке 910.00.003

Sheet № 2.1 Начис. доходы работников
V1: Форма 910.00
A4: Наименование налогоплательщика
A6: 1 | B6: РНН
A7: 2 | B7: ИИН (БИН) | E7: ='№ 910 Декларация '!D8 -> 0
A8: 3 | B8: Налоговый период: месяц Год | E8: =IF('№ 910 Декларация '!L12=1,"январь","июль") -> июль | H8: ='№ 910 Декларация '!O12 -> 2020
A10: Налоговый регистр: "Начисленные доходы работникам для целей налогообложения в первом месяце полугодия"
A13: № п/п | B13: Ф.И.О. работника | C13: Признак резиденства: гражданин РК - 1; иностранный гражданин резидент - 2; иностранный гражданин нерезидент - 3 | D13: начисленный доход | E13: примененный вычет 1 МЗП | F13: вычет взносов ОСМС | G13: прочие вычеты | H13: Доходы, не облагаемые ИПН | I13: Доходы, облагаемые ИПН | J13: Индивидуальный подоходный налог с доходов граждан РК | K13: Индивидуальный подоходный налог с доходов иностранцев и лиц без гражданства | L13: Доходы, не облагаемые ОПВ | M13: Доход для исчисления обязательных пенсионных взносов | N13: Пенсионер (если да, то нужно поставить 1) | O13: Обязательные пенсионные взносы | P13: Доходы не облагаемые СО | Q13: Предварительный расчет объекта для исчисления СО | R13: Доход для исчисления социальных отчислений | S13: Обязательные социальные отчисления | T13: Доход для исчисления обязательных профессиональных пенсионных взносов | U13: Обязательные профессиональные пенсионные взносы | V13: Численность работников | W13: Доходы не принимаемые для исчисления ОСМС | X13: Корректировка дохода 90% | Y13: Предварительный расчет объекта для исчисления ОСМС | Z13: Доходы принимаемые для исчисления ОСМС | AA13: Сумма отчислений на обязательное социальное медицинское страхование, к уплате | AB13: Сумма взносов на обязательное социальное медицинское страхование, к уплате | AC13: Среднемесячная заработная плата на одного работника
A14: 1 | B14: РК | C14: 1 | D14: 110000 | E14: =IF(C14=3,0,IF((D14-O14)>введение!C$11,введение!C$11,IF((D14-O14)<=введение!C$11,D14-O14,0))) -> 42500 | F14: =IF(AB14>0,AB14,0) -> 1100 | I14: =IF(C14=3,D14-H14,D14-H14-E14-O14-F14-G14) -> 55400 | J14: =IF(C14=0,0,IF(C14>1,0,IF(D14<=введение!C$20*25,I14/100,I14/10))) -> 5540 | K14: =IF(C14=0,0,IF(C14=1,0,IF(C14=3,I14/10,IF(C14=2,IF(D14<=введение!C$20*25,I14/100,I14/10))))) -> 0 | M14: =IF(C14=3,0,IF(N14=1,0,D14-L14)) -> 110000 | O14: =M14*10% -> 11000 | Q14: =IF(C14=3,0,IF(N14=1,0,D14-O14-P14)) -> 99000 | R14: =IF(OR(Q14<=0,),0,MIN(MAX(введение!$C$11,Q14),введение!$C$14)) -> 99000 | S14: =ROUND(R14*введение!C$15,0) -> 3465 | U14: =ROUND(T14*0.05,0) -> 0 | V14: =IF(D14=0,0,1) -> 1 | X14: =IF(C14=3,0,IF(D14<=введение!C$20*25,0,0)) -> 0 | Y14: =IF(C14=3,0,IF(N14=1,0,D14-W14-X14)) -> 110000 | Z14: =IF(OR(Y14<=0,),0,MIN(MIN(введение!$C$17,Y14),введение!$C$17)) -> 110000 | AA14: =Z14*введение!C$18 -> 2200 | AB14: =Z14*введение!C$22 -> 1100
A15: 2 | B15: РФ | C15: 2 | D15: 80000 | E15: =IF(C15=3,0,IF((D15-O15)>введение!C$11,введение!C$11,IF((D15-O15)<=введение!C$11,D15-O15,0))) -> 42500 | F15: =IF(AB15>0,AB15,0) -> 800 | I15: =IF(C15=3,D15-H15,D15-H15-E15-O15-F15-G15) -> 28700 | J15: =IF(C15=0,0,IF(C15>1,0,IF(D15<=введение!C$20*25,I15/100,I15/10))) -> 0 | K15: =IF(C15=0,0,IF(C15=1,0,IF(C15=3,I15/10,IF(C15=2,IF(D15<=введение!C$20*25,I15/100,I15/10))))) -> 2870 | M15: =IF(C15=3,0,IF(N15=1,0,D15-L15)) -> 80000 | O15: =M15*10% -> 8000 | Q15: =IF(C15=3,0,IF(N15=1,0,D15-O15-P15)) -> 72000 | R15: =IF(OR(Q15<=0,),0,MIN(MAX(введение!$C$11,Q15),введение!$C$14)) -> 72000 | S15: =ROUND(R15*введение!C$15,0) -> 2520 | U15: =ROUND(T15*0.05,0) -> 0 | V15: =IF(D15=0,0,1) -> 1 | X15: =IF(C15=3,0,IF(D15<=введение!C$20*25,0,0)) -> 0 | Y15: =IF(C15=3,0,IF(N15=1,0,D15-W15-X15)) -> 80000 | Z15: =IF(OR(Y15<=0,),0,MIN(MIN(введение!$C$17,Y15),введение!$C$17)) -> 80000 | AA15: =Z15*введение!C$18 -> 1600 | AB15: =Z15*введение!C$22 -> 800
A16: 3 | B16: Тур | C16: 3 | D16: 80000 | E16: =IF(C16=3,0,IF((D16-O16)>введение!C$11,введение!C$11,IF((D16-O16)<=введение!C$11,D16-O16,0))) -> 0 | F16: =IF(AB16>0,AB16,0) -> 0 | I16: =IF(C16=3,D16-H16,D16-H16-E16-O16-F16-G16) -> 80000 | J16: =IF(C16=0,0,IF(C16>1,0,IF(D16<=введение!C$20*25,I16/100,I16/10))) -> 0 | K16: =IF(C16=0,0,IF(C16=1,0,IF(C16=3,I16/10,IF(C16=2,IF(D16<=введение!C$20*25,I16/100,I16/10))))) -> 8000 | M16: =IF(C16=3,0,IF(N16=1,0,D16-L16)) -> 0 | O16: =M16*10% -> 0 | Q16: =IF(C16=3,0,IF(N16=1,0,D16-O16-P16)) -> 0 | R16: =IF(OR(Q16<=0,),0,MIN(MAX(введение!$C$11,Q16),введение!$C$14)) -> 0 | S16: =ROUND(R16*введение!C$15,0) -> 0 | U16: =ROUND(T16*0.05,0) -> 0 | V16: =IF(D16=0,0,1) -> 1 | X16: =IF(C16=3,0,IF(D16<=введение!C$20*25,0,0)) -> 0 | Y16: =IF(C16=3,0,IF(N16=1,0,D16-W16-X16)) -> 0 | Z16: =IF(OR(Y16<=0,),0,MIN(MIN(введение!$C$17,Y16),введение!$C$17)) -> 0 | AA16: =Z16*введение!C$18 -> 0 | AB16: =Z16*введение!C$22 -> 0
A17: 4 | E17: =IF(C17=3,0,IF((D17-O17)>введение!C$11,введение!C$11,IF((D17-O17)<=введение!C$11,D17-O17,0))) -> 0 | F17: =IF(AB17>0,AB17,0) -> 0 | I17: =IF(C17=3,D17-H17,D17-H17-E17-O17-F17-G17) -> 0 | J17: =IF(C17=0,0,IF(C17>1,0,IF(D17<=введение!C$20*25,I17/100,I17/10))) -> 0 | K17: =IF(C17=0,0,IF(C17=1,0,IF(C17=3,I17/10,IF(C17=2,IF(D17<=введение!C$20*25,I17/100,I17/10))))) -> 0 | M17: =IF(C17=3,0,IF(N17=1,0,D17-L17)) -> 0 | O17: =M17*10% -> 0 | Q17: =IF(C17=3,0,IF(N17=1,0,D17-O17-P17)) -> 0 | R17: =IF(OR(Q17<=0,),0,MIN(MAX(введение!$C$11,Q17),введение!$C$14)) -> 0 | S17: =ROUND(R17*введение!C$15,0) -> 0 | U17: =ROUND(T17*0.05,0) -> 0 | V17: =IF(D17=0,0,1) -> 0 | X17: =IF(C17=3,0,IF(D17<=введение!C$20*25,0,0)) -> 0 | Y17: =IF(C17=3,0,IF(N17=1,0,D17-W17-X17)) -> 0 | Z17: =IF(OR(Y17<=0,),0,MIN(MIN(введение!$C$17,Y17),введение!$C$17)) -> 0 | AA17: =Z17*введение!C$18 -> 0 | AB17: =Z17*введение!C$22 -> 0
A18: 5 | E18: =IF(C18=3,0,IF((D18-O18)>введение!C$11,введение!C$11,IF((D18-O18)<=введение!C$11,D18-O18,0))) -> 0 | F18: =IF(AB18>0,AB18,0) -> 0 | I18: =IF(C18=3,D18-H18,D18-H18-E18-O18-F18-G18) -> 0 | J18: =IF(C18=0,0,IF(C18>1,0,IF(D18<=введение!C$20*25,I18/100,I18/10))) -> 0 | K18: =IF(C18=0,0,IF(C18=1,0,IF(C18=3,I18/10,IF(C18=2,IF(D18<=введение!C$20*25,I18/100,I18/10))))) -> 0 | M18: =IF(C18=3,0,IF(N18=1,0,D18-L18)) -> 0 | O18: =M18*10% -> 0 | Q18: =IF(C18=3,0,IF(N18=1,0,D18-O18-P18)) -> 0 | R18: =IF(OR(Q18<=0,),0,MIN(MAX(введение!$C$11,Q18),введение!$C$14)) -> 0 | S18: =ROUND(R18*введение!C$15,0) -> 0 | U18: =ROUND(T18*0.05,0) -> 0 | V18: =IF(D18=0,0,1) -> 0 | X18: =IF(C18=3,0,IF(D18<=введение!C$20*25,0,0)) -> 0 | Y18: =IF(C18=3,0,IF(N18=1,0,D18-W18-X18)) -> 0 | Z18: =IF(OR(Y18<=0,),0,MIN(MIN(введение!$C$17,Y18),введение!$C$17)) -> 0 | AA18: =Z18*введение!C$18 -> 0 | AB18: =Z18*введение!C$22 -> 0
A19: 6 | E19: =IF(C19=3,0,IF((D19-O19)>введение!C$11,введение!C$11,IF((D19-O19)<=введение!C$11,D19-O19,0))) -> 0 | F19: =IF(AB19>0,AB19,0) -> 0 | I19: =IF(C19=3,D19-H19,D19-H19-E19-O19-F19-G19) -> 0 | J19: =IF(C19=0,0,IF(C19>1,0,IF(D19<=введение!C$20*25,I19/100,I19/10))) -> 0 | K19: =IF(C19=0,0,IF(C19=1,0,IF(C19=3,I19/10,IF(C19=2,IF(D19<=введение!C$20*25,I19/100,I19/10))))) -> 0 | M19: =IF(C19=3,0,IF(N19=1,0,D19-L19)) -> 0 | O19: =M19*10% -> 0 | Q19: =IF(C19=3,0,IF(N19=1,0,D19-O19-P19)) -> 0 | R19: =IF(OR(Q19<=0,),0,MIN(MAX(введение!$C$11,Q19),введение!$C$14)) -> 0 | S19: =ROUND(R19*введение!C$15,0) -> 0 | U19: =ROUND(T19*0.05,0) -> 0 | V19: =IF(D19=0,0,1) -> 0 | X19: =IF(C19=3,0,IF(D19<=введение!C$20*25,0,0)) -> 0 | Y19: =IF(C19=3,0,IF(N19=1,0,D19-W19-X19)) -> 0 | Z19: =IF(OR(Y19<=0,),0,MIN(MIN(введение!$C$17,Y19),введение!$C$17)) -> 0 | AA19: =Z19*введение!C$18 -> 0 | AB19: =Z19*введение!C$22 -> 0
A20: 7 | E20: =IF(C20=3,0,IF((D20-O20)>введение!C$11,введение!C$11,IF((D20-O20)<=введение!C$11,D20-O20,0))) -> 0 | F20: =IF(AB20>0,AB20,0) -> 0 | I20: =IF(C20=3,D20-H20,D20-H20-E20-O20-F20-G20) -> 0 | J20: =IF(C20=0,0,IF(C20>1,0,IF(D20<=введение!C$20*25,I20/100,I20/10))) -> 0 | K20: =IF(C20=0,0,IF(C20=1,0,IF(C20=3,I20/10,IF(C20=2,IF(D20<=введение!C$20*25,I20/100,I20/10))))) -> 0 | M20: =IF(C20=3,0,IF(N20=1,0,D20-L20)) -> 0 | O20: =M20*10% -> 0 | Q20: =IF(C20=3,0,IF(N20=1,0,D20-O20-P20)) -> 0 | R20: =IF(OR(Q20<=0,),0,MIN(MAX(введение!$C$11,Q20),введение!$C$14)) -> 0 | S20: =ROUND(R20*введение!C$15,0) -> 0 | U20: =ROUND(T20*0.05,0) -> 0 | V20: =IF(D20=0,0,1) -> 0 | X20: =IF(C20=3,0,IF(D20<=введение!C$20*25,0,0)) -> 0 | Y20: =IF(C20=3,0,IF(N20=1,0,D20-W20-X20)) -> 0 | Z20: =IF(OR(Y20<=0,),0,MIN(MIN(введение!$C$17,Y20),введение!$C$17)) -> 0 | AA20: =Z20*введение!C$18 -> 0 | AB20: =Z20*введение!C$22 -> 0
A21: 8 | E21: =IF(C21=3,0,IF((D21-O21)>введение!C$11,введение!C$11,IF((D21-O21)<=введение!C$11,D21-O21,0))) -> 0 | F21: =IF(AB21>0,AB21,0) -> 0 | I21: =IF(C21=3,D21-H21,D21-H21-E21-O21-F21-G21) -> 0 | J21: =IF(C21=0,0,IF(C21>1,0,IF(D21<=введение!C$20*25,I21/100,I21/10))) -> 0 | K21: =IF(C21=0,0,IF(C21=1,0,IF(C21=3,I21/10,IF(C21=2,IF(D21<=введение!C$20*25,I21/100,I21/10))))) -> 0 | M21: =IF(C21=3,0,IF(N21=1,0,D21-L21)) -> 0 | O21: =M21*10% -> 0 | Q21: =IF(C21=3,0,IF(N21=1,0,D21-O21-P21)) -> 0 | R21: =IF(OR(Q21<=0,),0,MIN(MAX(введение!$C$11,Q21),введение!$C$14)) -> 0 | S21: =ROUND(R21*введение!C$15,0) -> 0 | U21: =ROUND(T21*0.05,0) -> 0 | V21: =IF(D21=0,0,1) -> 0 | X21: =IF(C21=3,0,IF(D21<=введение!C$20*25,0,0)) -> 0 | Y21: =IF(C21=3,0,IF(N21=1,0,D21-W21-X21)) -> 0 | Z21: =IF(OR(Y21<=0,),0,MIN(MIN(введение!$C$17,Y21),введение!$C$17)) -> 0 | AA21: =Z21*введение!C$18 -> 0 | AB21: =Z21*введение!C$22 -> 0
A22: 9 | E22: =IF(C22=3,0,IF((D22-O22)>введение!C$11,введение!C$11,IF((D22-O22)<=введение!C$11,D22-O22,0))) -> 0 | F22: =IF(AB22>0,AB22,0) -> 0 | I22: =IF(C22=3,D22-H22,D22-H22-E22-O22-F22-G22) -> 0 | J22: =IF(C22=0,0,IF(C22>1,0,IF(D22<=введение!C$20*25,I22/100,I22/10))) -> 0 | K22: =IF(C22=0,0,IF(C22=1,0,IF(C22=3,I22/10,IF(C22=2,IF(D22<=введение!C$20*25,I22/100,I22/10))))) -> 0 | M22: =IF(C22=3,0,IF(N22=1,0,D22-L22)) -> 0 | O22: =M22*10% -> 0 | Q22: =IF(C22=3,0,IF(N22=1,0,D22-O22-P22)) -> 0 | R22: =IF(OR(Q22<=0,),0,MIN(MAX(введение!$C$11,Q22),введение!$C$14)) -> 0 | S22: =ROUND(R22*введение!C$15,0) -> 0 | U22: =ROUND(T22*0.05,0) -> 0 | V22: =IF(D22=0,0,1) -> 0 | X22: =IF(C22=3,0,IF(D22<=введение!C$20*25,0,0)) -> 0 | Y22: =IF(C22=3,0,IF(N22=1,0,D22-W22-X22)) -> 0 | Z22: =IF(OR(Y22<=0,),0,MIN(MIN(введение!$C$17,Y22),введение!$C$17)) -> 0 | AA22: =Z22*введение!C$18 -> 0 | AB22: =Z22*введение!C$22 -> 0
A23: 10 | E23: =IF(C23=3,0,IF((D23-O23)>введение!C$11,введение!C$11,IF((D23-O23)<=введение!C$11,D23-O23,0))) -> 0 | F23: =IF(AB23>0,AB23,0) -> 0 | I23: =IF(C23=3,D23-H23,D23-H23-E23-O23-F23-G23) -> 0 | J23: =IF(C23=0,0,IF(C23>1,0,IF(D23<=введение!C$20*25,I23/100,I23/10))) -> 0 | K23: =IF(C23=0,0,IF(C23=1,0,IF(C23=3,I23/10,IF(C23=2,IF(D23<=введение!C$20*25,I23/100,I23/10))))) -> 0 | M23: =IF(C23=3,0,IF(N23=1,0,D23-L23)) -> 0 | O23: =M23*10% -> 0 | Q23: =IF(C23=3,0,IF(N23=1,0,D23-O23-P23)) -> 0 | R23: =IF(OR(Q23<=0,),0,MIN(MAX(введение!$C$11,Q23),введение!$C$14)) -> 0 | S23: =ROUND(R23*введение!C$15,0) -> 0 | U23: =ROUND(T23*0.05,0) -> 0 | V23: =IF(D23=0,0,1) -> 0 | X23: =IF(C23=3,0,IF(D23<=введение!C$20*25,0,0)) -> 0 | Y23: =IF(C23=3,0,IF(N23=1,0,D23-W23-X23)) -> 0 | Z23: =IF(OR(Y23<=0,),0,MIN(MIN(введение!$C$17,Y23),введение!$C$17)) -> 0 | AA23: =Z23*введение!C$18 -> 0 | AB23: =Z23*введение!C$22 -> 0
A24: 11 | E24: =IF(C24=3,0,IF((D24-O24)>введение!C$11,введение!C$11,IF((D24-O24)<=введение!C$11,D24-O24,0))) -> 0 | F24: =IF(AB24>0,AB24,0) -> 0 | I24: =IF(C24=3,D24-H24,D24-H24-E24-O24-F24-G24) -> 0 | J24: =IF(C24=0,0,IF(C24>1,0,IF(D24<=введение!C$20*25,I24/100,I24/10))) -> 0 | K24: =IF(C24=0,0,IF(C24=1,0,IF(C24=3,I24/10,IF(C24=2,IF(D24<=введение!C$20*25,I24/100,I24/10))))) -> 0 | M24: =IF(C24=3,0,IF(N24=1,0,D24-L24)) -> 0 | O24: =M24*10% -> 0 | Q24: =IF(C24=3,0,IF(N24=1,0,D24-O24-P24)) -> 0 | R24: =IF(OR(Q24<=0,),0,MIN(MAX(введение!$C$11,Q24),введение!$C$14)) -> 0 | S24: =ROUND(R24*введение!C$15,0) -> 0 | U24: =ROUND(T24*0.05,0) -> 0 | V24: =IF(D24=0,0,1) -> 0 | X24: =IF(C24=3,0,IF(D24<=введение!C$20*25,0,0)) -> 0 | Y24: =IF(C24=3,0,IF(N24=1,0,D24-W24-X24)) -> 0 | Z24: =IF(OR(Y24<=0,),0,MIN(MIN(введение!$C$17,Y24),введение!$C$17)) -> 0 | AA24: =Z24*введение!C$18 -> 0 | AB24: =Z24*введение!C$22 -> 0
A25: 12 | E25: =IF(C25=3,0,IF((D25-O25)>введение!C$11,введение!C$11,IF((D25-O25)<=введение!C$11,D25-O25,0))) -> 0 | F25: =IF(AB25>0,AB25,0) -> 0 | I25: =IF(C25=3,D25-H25,D25-H25-E25-O25-F25-G25) -> 0 | J25: =IF(C25=0,0,IF(C25>1,0,IF(D25<=введение!C$20*25,I25/100,I25/10))) -> 0 | K25: =IF(C25=0,0,IF(C25=1,0,IF(C25=3,I25/10,IF(C25=2,IF(D25<=введение!C$20*25,I25/100,I25/10))))) -> 0 | M25: =IF(C25=3,0,IF(N25=1,0,D25-L25)) -> 0 | O25: =M25*10% -> 0 | Q25: =IF(C25=3,0,IF(N25=1,0,D25-O25-P25)) -> 0 | R25: =IF(OR(Q25<=0,),0,MIN(MAX(введение!$C$11,Q25),введение!$C$14)) -> 0 | S25: =ROUND(R25*введение!C$15,0) -> 0 | U25: =ROUND(T25*0.05,0) -> 0 | V25: =IF(D25=0,0,1) -> 0 | X25: =IF(C25=3,0,IF(D25<=введение!C$20*25,0,0)) -> 0 | Y25: =IF(C25=3,0,IF(N25=1,0,D25-W25-X25)) -> 0 | Z25: =IF(OR(Y25<=0,),0,MIN(MIN(введение!$C$17,Y25),введение!$C$17)) -> 0 | AA25: =Z25*введение!C$18 -> 0 | AB25: =Z25*введение!C$22 -> 0
A26: Итого: | D26: =SUM(D14:D25) -> 270000 | E26: =SUM(E14:E25) -> 85000 | F26: =SUM(F14:F25) -> 1900 | G26: =SUM(G14:G25) -> 0 | H26: =SUM(H14:H25) -> 0 | I26: =SUM(I14:I25) -> 164100 | J26: =SUM(J14:J25) -> 5540 | K26: =SUM(K14:K25) -> 10870 | ... AB26: =SUM(AB14:AB25) -> 1900 | AC26: =IF(D26>0,D26/V26,0) -> 90000
A29: (Ф.И.О., подпись руководителя (налогоплательщика), печать)
A32: (Ф.И.О., подпись главного бухгалтера )
A35: (Ф.И.О., подпись лица, ответственного за составление налогового регистра)
A38: (Дата составления налогового регистра)

Sheet № 2.2 Начис.доходы работников
T2: Форма 910.00
A5: Наименование налогоплательщика
A7: 1 | B7: РНН
A8: 2 | B8: ИИН (БИН) | E8: ='№ 910 Декларация '!D8 -> 0
A9: 3 | B9: Налоговый период: месяц Год | E9: =IF('№ 910 Декларация '!L12=1,"февраль","август") -> август | H9: ='№ 910 Декларация '!O12 -> 2020
A11: Налоговый регистр: "Начисленные доходы работникам для целей налогообложения во втором месяце полугодия"
A13: № п/п | B13: Ф.И.О. работника | C13: Признак резиденства: гражданин РК - 1; иностранный гражданин резидент - 2; иностранный гражданин нерезидент - 3 | D13: начисленный доход | E13: примененный вычет 1 МЗП | F13: вычет взносов ОСМС | G13: прочие вычеты | H13: Доходы, не облагаемые ИПН | I13: Доходы, облагаемые ИПН | J13: Индивидуальный подоходный налог с доходов граждан РК | K13: Индивидуальный подоходный налог с доходов иностранцев и лиц без гражданства | L13: Доходы, не облагаемые ОПВ | M13: Доход для исчисления обязательных пенсионных взносов | N13: Пенсионер (если да, то нужно поставить 1) | O13: Обязательные пенсионные взносы | P13: Доходы не облагаемые СО | Q13: Предварительный расчет объекта для исчисления СО | R13: Доход для исчисления социальных очтислений | S13: Обязательные социальные отчисления | T13: Доход для исчисления обязательных профессиональных пенсионных взносов | U13: Обязательные профессиональные пенсионные взносы | V13: Численность работников | W13: Доходы не принимаемые для исчисления ОСМС | X13: Корректировка дохода 90% | Y13: Предварительный расчет объекта для исчисления ОСМС | Z13: Доходы принимаемые для исчисления ОСМС | AA13: Сумма отчислений на обязательное социальное медицинское страхование, к уплате | AB13: Сумма взносов на обязательное социальное медицинское страхование, к уплате | AC13: Среднемесячная заработная плата на одного работника
A14: 1 | B14: РК | C14: 1 | D14: 110000 | E14: =IF(C14=3,0,IF((D14-O14)>введение!C$11,введение!C$11,IF((D14-O14)<=введение!C$11,D14-O14,0))) -> 42500 | F14: =IF(AB14>0,AB14,0) -> 1100 | I14: =IF(C14=3,D14-H14,D14-H14-E14-O14-F14-G14) -> 55400 | J14: =IF(C14=0,0,IF(C14>1,0,IF(D14<=введение!C$20*25,I14/100,I14/10))) -> 5540 | K14: =IF(C14=0,0,IF(C14=1,0,IF(C14=3,I14/10,IF(C14=2,IF(D14<=введение!C$20*25,I14/100,I14/10))))) -> 0 | M14: =IF(C14=3,0,IF(N14=1,0,D14-L14)) -> 110000 | O14: =M14*10% -> 11000 | Q14: =IF(C14=3,0,IF(N14=1,0,D14-O14-P14)) -> 99000 | R14: =IF(OR(Q14<=0,),0,MIN(MAX(введение!$C$11,Q14),введение!$C$14)) -> 99000 | S14: =ROUND(R14*введение!C$15,0) -> 3465 | U14: =ROUND(T14*0.05,0) -> 0 | V14: =IF(D14=0,0,1) -> 1 | X14: =IF(C14=3,0,IF(D14<=введение!C$20*25,0,0)) -> 0 | Y14: =IF(C14=3,0,IF(N14=1,0,D14-W14-X14)) -> 110000 | Z14: =IF(OR(Y14<=0,),0,MIN(MIN(введение!$C$17,Y14),введение!$C$17)) -> 110000 | AA14: =Z14*введение!C$18 -> 2200 | AB14: =Z14*введение!C$22 -> 1100
A15: 2 | B15: РФ | C15: 2 | D15: 80000 | E15: =IF(C15=3,0,IF((D15-O15)>введение!C$11,введение!C$11,IF((D15-O15)<=введение!C$11,D15-O15,0))) -> 42500 | F15: =IF(AB15>0,AB15,0) -> 800 | I15: =IF(C15=3,D15-H15,D15-H15-E15-O15-F15-G15) -> 28700 | J15: =IF(C15=0,0,IF(C15>1,0,IF(D15<=введение!C$20*25,I15/100,I15/10))) -> 0 | K15: =IF(C15=0,0,IF(C15=1,0,IF(C15=3,I15/10,IF(C15=2,IF(D15<=введение!C$20*25,I15/100,I15/10))))) -> 2870 | M15: =IF(C15=3,0,IF(N15=1,0,D15-L15)) -> 80000 | O15: =M15*10% -> 8000 | Q15: =IF(C15=3,0,IF(N15=1,0,D15-O15-P15)) -> 72000 | R15: =IF(OR(Q15<=0,),0,MIN(MAX(введение!$C$11,Q15),введение!$C$14)) -> 72000 | S15: =ROUND(R15*введение!C$15,0) -> 2520 | U15: =ROUND(T15*0.05,0) -> 0 | V15: =IF(D15=0,0,1) -> 1 | X15: =IF(C15=3,0,IF(D15<=введение!C$20*25,0,0)) -> 0 | Y15: =IF(C15=3,0,IF(N15=1,0,D15-W15-X15)) -> 80000 | Z15: =IF(OR(Y15<=0,),0,MIN(MIN(введение!$C$17,Y15),введение!$C$17)) -> 80000 | AA15: =Z15*введение!C$18 -> 1600 | AB15: =Z15*введение!C$22 -> 800
A16: 3 | B16: Тур | C16: 3 | D16: 80000 | E16: =IF(C16=3,0,IF((D16-O16)>введение!C$11,введение!C$11,IF((D16-O16)<=введение!C$11,D16-O16,0))) -> 0 | F16: =IF(AB16>0,AB16,0) -> 0 | I16: =IF(C16=3,D16-H16,D16-H16-E16-O16-F16-G16) -> 80000 | J16: =IF(C16=0,0,IF(C16>1,0,IF(D16<=введение!C$20*25,I16/100,I16/10))) -> 0 | K16: =IF(C16=0,0,IF(C16=1,0,IF(C16=3,I16/10,IF(C16=2,IF(D16<=введение!C$20*25,I16/100,I16/10))))) -> 8000 | M16: =IF(C16=3,0,IF(N16=1,0,D16-L16)) -> 0 | O16: =M16*10% -> 0 | Q16: =IF(C16=3,0,IF(N16=1,0,D16-O16-P16)) -> 0 | R16: =IF(OR(Q16<=0,),0,MIN(MAX(введение!$C$11,Q16),введение!$C$14)) -> 0 | S16: =ROUND(R16*введение!C$15,0) -> 0 | U16: =ROUND(T16*0.05,0) -> 0 | V16: =IF(D16=0,0,1) -> 1 | X16: =IF(C16=3,0,IF(D16<=введение!C$20*25,0,0)) -> 0 | Y16: =IF(C16=3,0,IF(N16=1,0,D16-W16-X16)) -> 0 | Z16: =IF(OR(Y16<=0,),0,MIN(MIN(введение!$C$17,Y16),введение!$C$17)) -> 0 | AA16: =Z16*введение!C$18 -> 0 | AB16: =Z16*введение!C$22 -> 0
A17: 4 | E17: =IF(C17=3,0,IF((D17-O17)>введение!C$11,введение!C$11,IF((D17-O17)<=введение!C$11,D17-O17,0))) -> 0 | F17: =IF(AB17>0,AB17,0) -> 0 | I17: =IF(C17=3,D17-H17,D17-H17-E17-O17-F17-G17) -> 0 | J17: =IF(C17=0,0,IF(C17>1,0,IF(D17<=введение!C$20*25,I17/100,I17/10))) -> 0 | K17: =IF(C17=0,0,IF(C17=1,0,IF(C17=3,I17/10,IF(C17=2,IF(D17<=введение!C$20*25,I17/100,I17/10))))) -> 0 | M17: =IF(C17=3,0,IF(N17=1,0,D17-L17)) -> 0 | O17: =M17*10% -> 0 | Q17: =IF(C17=3,0,IF(N17=1,0,D17-O17-P17)) -> 0 | R17: =IF(OR(Q17<=0,),0,MIN(MAX(введение!$C$11,Q17),введение!$C$14)) -> 0 | S17: =ROUND(R17*введение!C$15,0) -> 0 | U17: =ROUND(T17*0.05,0) -> 0 | V17: =IF(D17=0,0,1) -> 0 | X17: =IF(C17=3,0,IF(D17<=введение!C$20*25,0,0)) -> 0 | Y17: =IF(C17=3,0,IF(N17=1,0,D17-W17-X17)) -> 0 | Z17: =IF(OR(Y17<=0,),0,MIN(MIN(введение!$C$17,Y17),введение!$C$17)) -> 0 | AA17: =Z17*введение!C$18 -> 0 | AB17: =Z17*введение!C$22 -> 0
A18: 5 | E18: =IF(C18=3,0,IF((D18-O18)>введение!C$11,введение!C$11,IF((D18-O18)<=введение!C$11,D18-O18,0))) -> 0 | F18: =IF(AB18>0,AB18,0) -> 0 | I18: =IF(C18=3,D18-H18,D18-H18-E18-O18-F18-G18) -> 0 | J18: =IF(C18=0,0,IF(C18>1,0,IF(D18<=введение!C$20*25,I18/100,I18/10))) -> 0 | K18: =IF(C18=0,0,IF(C18=1,0,IF(C18=3,I18/10,IF(C18=2,IF(D18<=введение!C$20*25,I18/100,I18/10))))) -> 0 | M18: =IF(C18=3,0,IF(N18=1,0,D18-L18)) -> 0 | O18: =M18*10% -> 0 | Q18: =IF(C18=3,0,IF(N18=1,0,D18-O18-P18)) -> 0 | R18: =IF(OR(Q18<=0,),0,MIN(MAX(введение!$C$11,Q18),введение!$C$14)) -> 0 | S18: =ROUND(R18*введение!C$15,0) -> 0 | U18: =ROUND(T18*0.05,0) -> 0 | V18: =IF(D18=0,0,1) -> 0 | X18: =IF(C18=3,0,IF(D18<=введение!C$20*25,0,0)) -> 0 | Y18: =IF(C18=3,0,IF(N18=1,0,D18-W18-X18)) -> 0 | Z18: =IF(OR(Y18<=0,),0,MIN(MIN(введение!$C$17,Y18),введение!$C$17)) -> 0 | AA18: =Z18*введение!C$18 -> 0 | AB18: =Z18*введение!C$22 -> 0
A19: 6 | E19: =IF(C19=3,0,IF((D19-O19)>введение!C$11,введение!C$11,IF((D19-O19)<=введение!C$11,D19-O19,0))) -> 0 | F19: =IF(AB19>0,AB19,0) -> 0 | I19: =IF(C19=3,D19-H19,D19-H19-E19-O19-F19-G19) -> 0 | J19: =IF(C19=0,0,IF(C19>1,0,IF(D19<=введение!C$20*25,I19/100,I19/10))) -> 0 | K19: =IF(C19=0,0,IF(C19=1,0,IF(C19=3,I19/10,IF(C19=2,IF(D19<=введение!C$20*25,I19/100,I19/10))))) -> 0 | M19: =IF(C19=3,0,IF(N19=1,0,D19-L19)) -> 0 | O19: =M19*10% -> 0 | Q19: =IF(C19=3,0,IF(N19=1,0,D19-O19-P19)) -> 0 | R19: =IF(OR(Q19<=0,),0,MIN(MAX(введение!$C$11,Q19),введение!$C$14)) -> 0 | S19: =ROUND(R19*введение!C$15,0) -> 0 | U19: =ROUND(T19*0.05,0) -> 0 | V19: =IF(D19=0,0,1) -> 0 | X19: =IF(C19=3,0,IF(D19<=введение!C$20*25,0,0)) -> 0 | Y19: =IF(C19=3,0,IF(N19=1,0,D19-W19-X19)) -> 0 | Z19: =IF(OR(Y19<=0,),0,MIN(MIN(введение!$C$17,Y19),введение!$C$17)) -> 0 | AA19: =Z19*введение!C$18 -> 0 | AB19: =Z19*введение!C$22 -> 0
A20: 7 | E20: =IF(C20=3,0,IF((D20-O20)>введение!C$11,введение!C$11,IF((D20-O20)<=введение!C$11,D20-O20,0))) -> 0 | F20: =IF(AB20>0,AB20,0) -> 0 | I20: =IF(C20=3,D20-H20,D20-H20-E20-O20-F20-G20) -> 0 | J20: =IF(C20=0,0,IF(C20>1,0,IF(D20<=введение!C$20*25,I20/100,I20/10))) -> 0 | K20: =IF(C20=0,0,IF(C20=1,0,IF(C20=3,I20/10,IF(C20=2,IF(D20<=введение!C$20*25,I20/100,I20/10))))) -> 0 | M20: =IF(C20=3,0,IF(N20=1,0,D20-L20)) -> 0 | O20: =M20*10% -> 0 | Q20: =IF(C20=3,0,IF(N20=1,0,D20-O20-P20)) -> 0 | R20: =IF(OR(Q20<=0,),0,MIN(MAX(введение!$C$11,Q20),введение!$C$14)) -> 0 | S20: =ROUND(R20*введение!C$15,0) -> 0 | U20: =ROUND(T20*0.05,0) -> 0 | V20: =IF(D20=0,0,1) -> 0 | X20: =IF(C20=3,0,IF(D20<=введение!C$20*25,0,0)) -> 0 | Y20: =IF(C20=3,0,IF(N20=1,0,D20-W20-X20)) -> 0 | Z20: =IF(OR(Y20<=0,),0,MIN(MIN(введение!$C$17,Y20),введение!$C$17)) -> 0 | AA20: =Z20*введение!C$18 -> 0 | AB20: =Z20*введение!C$22 -> 0
A21: 8 | E21: =IF(C21=3,0,IF((D21-O21)>введение!C$11,введение!C$11,IF((D21-O21)<=введение!C$11,D21-O21,0))) -> 0 | F21: =IF(AB21>0,AB21,0) -> 0 | I21: =IF(C21=3,D21-H21,D21-H21-E21-O21-F21-G21) -> 0 | J21: =IF(C21=0,0,IF(C21>1,0,IF(D21<=введение!C$20*25,I21/100,I21/10))) -> 0 | K21: =IF(C21=0,0,IF(C21=1,0,IF(C21=3,I21/10,IF(C21=2,IF(D21<=введение!C$20*25,I21/100,I21/10))))) -> 0 | M21: =IF(C21=3,0,IF(N21=1,0,D21-L21)) -> 0 | O21: =M21*10% -> 0 | Q21: =IF(C21=3,0,IF(N21=1,0,D21-O21-P21)) -> 0 | R21: =IF(OR(Q21<=0,),0,MIN(MAX(введение!$C$11,Q21),введение!$C$14)) -> 0 | S21: =ROUND(R21*введение!C$15,0) -> 0 | U21: =ROUND(T21*0.05,0) -> 0 | V21: =IF(D21=0,0,1) -> 0 | X21: =IF(C21=3,0,IF(D21<=введение!C$20*25,0,0)) -> 0 | Y21: =IF(C21=3,0,IF(N21=1,0,D21-W21-X21)) -> 0 | Z21: =IF(OR(Y21<=0,),0,MIN(MIN(введение!$C$17,Y21),введение!$C$17)) -> 0 | AA21: =Z21*введение!C$18 -> 0 | AB21: =Z21*введение!C$22 -> 0
A22: 9 | E22: =IF(C22=3,0,IF((D22-O22)>введение!C$11,введение!C$11,IF((D22-O22)<=введение!C$11,D22-O22,0))) -> 0 | F22: =IF(AB22>0,AB22,0) -> 0 | I22: =IF(C22=3,D22-H22,D22-H22-E22-O22-F22-G22) -> 0 | J22: =IF(C22=0,0,IF(C22>1,0,IF(D22<=введение!C$20*25,I22/100,I22/10))) -> 0 | K22: =IF(C22=0,0,IF(C22=1,0,IF(C22=3,I22/10,IF(C22=2,IF(D22<=введение!C$20*25,I22/100,I22/10))))) -> 0 | M22: =IF(C22=3,0,IF(N22=1,0,D22-L22)) -> 0 | O22: =M22*10% -> 0 | Q22: =IF(C22=3,0,IF(N22=1,0,D22-O22-P22)) -> 0 | R22: =IF(OR(Q22<=0,),0,MIN(MAX(введение!$C$11,Q22),введение!$C$14)) -> 0 | S22: =ROUND(R22*введение!C$15,0) -> 0 | U22: =ROUND(T22*0.05,0) -> 0 | V22: =IF(D22=0,0,1) -> 0 | X22: =IF(C22=3,0,IF(D22<=введение!C$20*25,0,0)) -> 0 | Y22: =IF(C22=3,0,IF(N22=1,0,D22-W22-X22)) -> 0 | Z22: =IF(OR(Y22<=0,),0,MIN(MIN(введение!$C$17,Y22),введение!$C$17)) -> 0 | AA22: =Z22*введение!C$18 -> 0 | AB22: =Z22*введение!C$22 -> 0
A23: 10 | E23: =IF(C23=3,0,IF((D23-O23)>введение!C$11,введение!C$11,IF((D23-O23)<=введение!C$11,D23-O23,0))) -> 0 | F23: =IF(AB23>0,AB23,0) -> 0 | I23: =IF(C23=3,D23-H23,D23-H23-E23-O23-F23-G23) -> 0 | J23: =IF(C23=0,0,IF(C23>1,0,IF(D23<=введение!C$20*25,I23/100,I23/10))) -> 0 | K23: =IF(C23=0,0,IF(C23=1,0,IF(C23=3,I23/10,IF(C23=2,IF(D23<=введение!C$20*25,I23/100,I23/10))))) -> 0 | M23: =IF(C23=3,0,IF(N23=1,0,D23-L23)) -> 0 | O23: =M23*10% -> 0 | Q23: =IF(C23=3,0,IF(N23=1,0,D23-O23-P23)) -> 0 | R23: =IF(OR(Q23<=0,),0,MIN(MAX(введение!$C$11,Q23),введение!$C$14)) -> 0 | S23: =ROUND(R23*введение!C$15,0) -> 0 | U23: =ROUND(T23*0.05,0) -> 0 | V23: =IF(D23=0,0,1) -> 0 | X23: =IF(C23=3,0,IF(D23<=введение!C$20*25,0,0)) -> 0 | Y23: =IF(C23=3,0,IF(N23=1,0,D23-W23-X23)) -> 0 | Z23: =IF(OR(Y23<=0,),0,MIN(MIN(введение!$C$17,Y23),введение!$C$17)) -> 0 | AA23: =Z23*введение!C$18 -> 0 | AB23: =Z23*введение!C$22 -> 0
A24: 11 | E24: =IF(C24=3,0,IF((D24-O24)>введение!C$11,введение!C$11,IF((D24-O24)<=введение!C$11,D24-O24,0))) -> 0 | F24: =IF(AB24>0,AB24,0) -> 0 | I24: =IF(C24=3,D24-H24,D24-H24-E24-O24-F24-G24) -> 0 | J24: =IF(C24=0,0,IF(C24>1,0,IF(D24<=введение!C$20*25,I24/100,I24/10))) -> 0 | K24: =IF(C24=0,0,IF(C24=1,0,IF(C24=3,I24/10,IF(C24=2,IF(D24<=введение!C$20*25,I24/100,I24/10))))) -> 0 | M24: =IF(C24=3,0,IF(N24=1,0,D24-L24)) -> 0 | O24: =M24*10% -> 0 | Q24: =IF(C24=3,0,IF(N24=1,0,D24-O24-P24)) -> 0 | R24: =IF(OR(Q24<=0,),0,MIN(MAX(введение!$C$11,Q24),введение!$C$14)) -> 0 | S24: =ROUND(R24*введение!C$15,0) -> 0 | U24: =ROUND(T24*0.05,0) -> 0 | V24: =IF(D24=0,0,1) -> 0 | X24: =IF(C24=3,0,IF(D24<=введение!C$20*25,0,0)) -> 0 | Y24: =IF(C24=3,0,IF(N24=1,0,D24-W24-X24)) -> 0 | Z24: =IF(OR(Y24<=0,),0,MIN(MIN(введение!$C$17,Y24),введение!$C$17)) -> 0 | AA24: =Z24*введение!C$18 -> 0 | AB24: =Z24*введение!C$22 -> 0
A25: 12 | E25: =IF(C25=3,0,IF((D25-O25)>введение!C$11,введение!C$11,IF((D25-O25)<=введение!C$11,D25-O25,0))) -> 0 | F25: =IF(AB25>0,AB25,0) -> 0 | I25: =IF(C25=3,D25-H25,D25-H25-E25-O25-F25-G25) -> 0 | J25: =IF(C25=0,0,IF(C25>1,0,IF(D25<=введение!C$20*25,I25/100,I25/10))) -> 0 | K25: =IF(C25=0,0,IF(C25=1,0,IF(C25=3,I25/10,IF(C25=2,IF(D25<=введение!C$20*25,I25/100,I25/10))))) -> 0 | M25: =IF(C25=3,0,IF(N25=1,0,D25-L25)) -> 0 | O25: =M25*10% -> 0 | Q25: =IF(C25=3,0,IF(N25=1,0,D25-O25-P25)) -> 0 | R25: =IF(OR(Q25<=0,),0,MIN(MAX(введение!$C$11,Q25),введение!$C$14)) -> 0 | S25: =ROUND(R25*введение!C$15,0) -> 0 | U25: =ROUND(T25*0.05,0) -> 0 | V25: =IF(D25=0,0,1) -> 0 | X25: =IF(C25=3,0,IF(D25<=введение!C$20*25,0,0)) -> 0 | Y25: =IF(C25=3,0,IF(N25=1,0,D25-W25-X25)) -> 0 | Z25: =IF(OR(Y25<=0,),0,MIN(MIN(введение!$C$17,Y25),введение!$C$17)) -> 0 | AA25: =Z25*введение!C$18 -> 0 | AB25: =Z25*введение!C$22 -> 0
A26: Итого: | D26: =SUM(D14:D25) -> 270000 | E26: =SUM(E14:E25) -> 85000 | F26: =SUM(F14:F25) -> 1900 | G26: =SUM(G14:G25) -> 0 | H26: =SUM(H14:H25) -> 0 | I26: =SUM(I14:I25) -> 164100 | J26: =SUM(J14:J25) -> 5540 | K26: =SUM(K14:K25) -> 10870 | ... AB26: =SUM(AB14:AB25) -> 1900 | AC26: =IF(D26>0,D26/V26,0) -> 90000
A28: (Ф.И.О., подпись руководителя (налогоплательщика), печать)
A31: (Ф.И.О., подпись главного бухгалтера )
A34: (Ф.И.О., подпись лица, ответственного за составление налогового регистра)
A37: (Дата составления налогового регистра)

Sheet № 2.3 Начис. доходы работ
S2: Форма 910.00
A5: Наименование налогоплательщика
A7: 1 | B7: РНН
A8: 2 | B8: ИИН (БИН) | D8: ='№ 910 Декларация '!D8 -> 0
A9: 3 | B9: Налоговый период: месяц Год | D9: =IF('№ 910 Декларация '!L12=1,"март","сентябрь") -> сентябрь | E9: ='№ 910 Декларация '!O12 -> 2020
A11: Налоговый регистр: "Начисленные доходы работникам для целей налогообложения в третьем месяце полугодия"
A13: № п/п | B13: Ф.И.О. работника | C13: Признак резиденства: гражданин РК - 1; иностранный гражданин резидент - 2; иностранный гражданин нерезидент - 3 | D13: начисленный доход | E13: примененный вычет 1 МЗП | F13: вычет взносов ОСМС | G13: прочие вычеты | H13: Доходы, не облагаемые ИПН | I13: Доходы, облагаемые ИПН | J13: Индивидуальный подоходный налог с доходов граждан РК | K13: Индивидуальный подоходный налог с доходов иностранцев и лиц без гражданства | L13: Доходы, не облагаемые ОПВ | M13: Доход для исчисления обязательных пенсионных взносов | N13: Пенсионер (если да, то нужно поставить 1) | O13: Обязательные пенсионные взносы | P13: Доходы не облагаемые СО | Q13: Предварительный расчет объекта для исчисления СО | R13: Доход для исчисления социальных очтислений | S13: Обязательные социальные отчисления | T13: Доход для исчисления обязательных профессиональных пенсионных взносов | U13: Обязательные профессиональные пенсионные взносы | V13: Численность работников | W13: Доходы не принимаемые для исчисления ОСМС | X13: Корректировка дохода 90% | Y13: Предварительный расчет объекта для исчисления ОСМС | Z13: Доходы принимаемые для исчисления ОСМС | AA13: Сумма отчислений на обязательное социальное медицинское страхование, к уплате | AB13: Сумма взносов на обязательное социальное медицинское страхование, к уплате | AC13: Среднемесячная заработная плата на одного работника
A14: 1 | B14: РК | C14: 1 | D14: 110000 | E14: =IF(C14=3,0,IF((D14-O14)>введение!C$11,введение!C$11,IF((D14-O14)<=введение!C$11,D14-O14,0))) -> 42500 | F14: =IF(AB14>0,AB14,0) -> 1100 | I14: =IF(C14=3,D14-H14,D14-H14-E14-O14-F14-G14) -> 55400 | J14: =IF(C14=0,0,IF(C14>1,0,IF(D14<=введение!C$20*25,I14/100,I14/10))) -> 5540 | K14: =IF(C14=0,0,IF(C14=1,0,IF(C14=3,I14/10,IF(C14=2,IF(D14<=введение!C$20*25,I14/100,I14/10))))) -> 0 | M14: =IF(C14=3,0,IF(N14=1,0,D14-L14)) -> 110000 | O14: =M14*10% -> 11000 | Q14: =IF(C14=3,0,IF(N14=1,0,D14-O14-P14)) -> 99000 | R14: =IF(OR(Q14<=0,),0,MIN(MAX(введение!$C$11,Q14),введение!$C$14)) -> 99000 | S14: =ROUND(R14*введение!C$15,0) -> 3465 | U14: =ROUND(T14*0.05,0) -> 0 | V14: =IF(D14=0,0,1) -> 1 | X14: =IF(C14=3,0,IF(D14<=введение!C$20*25,0,0)) -> 0 | Y14: =IF(C14=3,0,IF(N14=1,0,D14-W14-X14)) -> 110000 | Z14: =IF(OR(Y14<=0,),0,MIN(MIN(введение!$C$17,Y14),введение!$C$17)) -> 110000 | AA14: =Z14*введение!C$18 -> 2200 | AB14: =Z14*введение!C$22 -> 1100
A15: 2 | B15: РФ | C15: 2 | D15: 80000 | E15: =IF(C15=3,0,IF((D15-O15)>введение!C$11,введение!C$11,IF((D15-O15)<=введение!C$11,D15-O15,0))) -> 42500 | F15: =IF(AB15>0,AB15,0) -> 800 | I15: =IF(C15=3,D15-H15,D15-H15-E15-O15-F15-G15) -> 28700 | J15: =IF(C15=0,0,IF(C15>1,0,IF(D15<=введение!C$20*25,I15/100,I15/10))) -> 0 | K15: =IF(C15=0,0,IF(C15=1,0,IF(C15=3,I15/10,IF(C15=2,IF(D15<=введение!C$20*25,I15/100,I15/10))))) -> 2870 | M15: =IF(C15=3,0,IF(N15=1,0,D15-L15)) -> 80000 | O15: =M15*10% -> 8000 | Q15: =IF(C15=3,0,IF(N15=1,0,D15-O15-P15)) -> 72000 | R15: =IF(OR(Q15<=0,),0,MIN(MAX(введение!$C$11,Q15),введение!$C$14)) -> 72000 | S15: =ROUND(R15*введение!C$15,0) -> 2520 | U15: =ROUND(T15*0.05,0) -> 0 | V15: =IF(D15=0,0,1) -> 1 | X15: =IF(C15=3,0,IF(D15<=введение!C$20*25,0,0)) -> 0 | Y15: =IF(C15=3,0,IF(N15=1,0,D15-W15-X15)) -> 80000 | Z15: =IF(OR(Y15<=0,),0,MIN(MIN(введение!$C$17,Y15),введение!$C$17)) -> 80000 | AA15: =Z15*введение!C$18 -> 1600 | AB15: =Z15*введение!C$22 -> 800
A16: 3 | B16: Тур | C16: 3 | D16: 80000 | E16: =IF(C16=3,0,IF((D16-O16)>введение!C$11,введение!C$11,IF((D16-O16)<=введение!C$11,D16-O16,0))) -> 0 | F16: =IF(AB16>0,AB16,0) -> 0 | I16: =IF(C16=3,D16-H16,D16-H16-E16-O16-F16-G16) -> 80000 | J16: =IF(C16=0,0,IF(C16>1,0,IF(D16<=введение!C$20*25,I16/100,I16/10))) -> 0 | K16: =IF(C16=0,0,IF(C16=1,0,IF(C16=3,I16/10,IF(C16=2,IF(D16<=введение!C$20*25,I16/100,I16/10))))) -> 8000 | M16: =IF(C16=3,0,IF(N16=1,0,D16-L16)) -> 0 | O16: =M16*10% -> 0 | Q16: =IF(C16=3,0,IF(N16=1,0,D16-O16-P16)) -> 0 | R16: =IF(OR(Q16<=0,),0,MIN(MAX(введение!$C$11,Q16),введение!$C$14)) -> 0 | S16: =ROUND(R16*введение!C$15,0) -> 0 | U16: =ROUND(T16*0.05,0) -> 0 | V16: =IF(D16=0,0,1) -> 1 | X16: =IF(C16=3,0,IF(D16<=введение!C$20*25,0,0)) -> 0 | Y16: =IF(C16=3,0,IF(N16=1,0,D16-W16-X16)) -> 0 | Z16: =IF(OR(Y16<=0,),0,MIN(MIN(введение!$C$17,Y16),введение!$C$17)) -> 0 | AA16: =Z16*введение!C$18 -> 0 | AB16: =Z16*введение!C$22 -> 0
A17: 4 | E17: =IF(C17=3,0,IF((D17-O17)>введение!C$11,введение!C$11,IF((D17-O17)<=введение!C$11,D17-O17,0))) -> 0 | F17: =IF(AB17>0,AB17,0) -> 0 | I17: =IF(C17=3,D17-H17,D17-H17-E17-O17-F17-G17) -> 0 | J17: =IF(C17=0,0,IF(C17>1,0,IF(D17<=введение!C$20*25,I17/100,I17/10))) -> 0 | K17: =IF(C17=0,0,IF(C17=1,0,IF(C17=3,I17/10,IF(C17=2,IF(D17<=введение!C$20*25,I17/100,I17/10))))) -> 0 | M17: =IF(C17=3,0,IF(N17=1,0,D17-L17)) -> 0 | O17: =M17*10% -> 0 | Q17: =IF(C17=3,0,IF(N17=1,0,D17-O17-P17)) -> 0 | R17: =IF(OR(Q17<=0,),0,MIN(MAX(введение!$C$11,Q17),введение!$C$14)) -> 0 | S17: =ROUND(R17*введение!C$15,0) -> 0 | U17: =ROUND(T17*0.05,0) -> 0 | V17: =IF(D17=0,0,1) -> 0 | X17: =IF(C17=3,0,IF(D17<=введение!C$20*25,0,0)) -> 0 | Y17: =IF(C17=3,0,IF(N17=1,0,D17-W17-X17)) -> 0 | Z17: =IF(OR(Y17<=0,),0,MIN(MIN(введение!$C$17,Y17),введение!$C$17)) -> 0 | AA17: =Z17*введение!C$18 -> 0 | AB17: =Z17*введение!C$22 -> 0
A18: 5 | E18: =IF(C18=3,0,IF((D18-O18)>введение!C$11,введение!C$11,IF((D18-O18)<=введение!C$11,D18-O18,0))) -> 0 | F18: =IF(AB18>0,AB18,0) -> 0 | I18: =IF(C18=3,D18-H18,D18-H18-E18-O18-F18-G18) -> 0 | J18: =IF(C18=0,0,IF(C18>1,0,IF(D18<=введение!C$20*25,I18/100,I18/10))) -> 0 | K18: =IF(C18=0,0,IF(C18=1,0,IF(C18=3,I18/10,IF(C18=2,IF(D18<=введение!C$20*25,I18/100,I18/10))))) -> 0 | M18: =IF(C18=3,0,IF(N18=1,0,D18-L18)) -> 0 | O18: =M18*10% -> 0 | Q18: =IF(C18=3,0,IF(N18=1,0,D18-O18-P18)) -> 0 | R18: =IF(OR(Q18<=0,),0,MIN(MAX(введение!$C$11,Q18),введение!$C$14)) -> 0 | S18: =ROUND(R18*введение!C$15,0) -> 0 | U18: =ROUND(T18*0.05,0) -> 0 | V18: =IF(D18=0,0,1) -> 0 | X18: =IF(C18=3,0,IF(D18<=введение!C$20*25,0,0)) -> 0 | Y18: =IF(C18=3,0,IF(N18=1,0,D18-W18-X18)) -> 0 | Z18: =IF(OR(Y18<=0,),0,MIN(MIN(введение!$C$17,Y18),введение!$C$17)) -> 0 | AA18: =Z18*введение!C$18 -> 0 | AB18: =Z18*введение!C$22 -> 0
A19: 6 | E19: =IF(C19=3,0,IF((D19-O19)>введение!C$11,введение!C$11,IF((D19-O19)<=введение!C$11,D19-O19,0))) -> 0 | F19: =IF(AB19>0,AB19,0) -> 0 | I19: =IF(C19=3,D19-H19,D19-H19-E19-O19-F19-G19) -> 0 | J19: =IF(C19=0,0,IF(C19>1,0,IF(D19<=введение!C$20*25,I19/100,I19/10))) -> 0 | K19: =IF(C19=0,0,IF(C19=1,0,IF(C19=3,I19/10,IF(C19=2,IF(D19<=введение!C$20*25,I19/100,I19/10))))) -> 0 | M19: =IF(C19=3,0,IF(N19=1,0,D19-L19)) -> 0 | O19: =M19*10% -> 0 | Q19: =IF(C19=3,0,IF(N19=1,0,D19-O19-P19)) -> 0 | R19: =IF(OR(Q19<=0,),0,MIN(MAX(введение!$C$11,Q19),введение!$C$14)) -> 0 | S19: =ROUND(R19*введение!C$15,0) -> 0 | U19: =ROUND(T19*0.05,0) -> 0 | V19: =IF(D19=0,0,1) -> 0 | X19: =IF(C19=3,0,IF(D19<=введение!C$20*25,0,0)) -> 0 | Y19: =IF(C19=3,0,IF(N19=1,0,D19-W19-X19)) -> 0 | Z19: =IF(OR(Y19<=0,),0,MIN(MIN(введение!$C$17,Y19),введение!$C$17)) -> 0 | AA19: =Z19*введение!C$18 -> 0 | AB19: =Z19*введение!C$22 -> 0
A20: 7 | E20: =IF(C20=3,0,IF((D20-O20)>введение!C$11,введение!C$11,IF((D20-O20)<=введение!C$11,D20-O20,0))) -> 0 | F20: =IF(AB20>0,AB20,0) -> 0 | I20: =IF(C20=3,D20-H20,D20-H20-E20-O20-F20-G20) -> 0 | J20: =IF(C20=0,0,IF(C20>1,0,IF(D20<=введение!C$20*25,I20/100,I20/10))) -> 0 | K20: =IF(C20=0,0,IF(C20=1,0,IF(C20=3,I20/10,IF(C20=2,IF(D20<=введение!C$20*25,I20/100,I20/10))))) -> 0 | M20: =IF(C20=3,0,IF(N20=1,0,D20-L20)) -> 0 | O20: =M20*10% -> 0 | Q20: =IF(C20=3,0,IF(N20=1,0,D20-O20-P20)) -> 0 | R20: =IF(OR(Q20<=0,),0,MIN(MAX(введение!$C$11,Q20),введение!$C$14)) -> 0 | S20: =ROUND(R20*введение!C$15,0) -> 0 | U20: =ROUND(T20*0.05,0) -> 0 | V20: =IF(D20=0,0,1) -> 0 | X20: =IF(C20=3,0,IF(D20<=введение!C$20*25,0,0)) -> 0 | Y20: =IF(C20=3,0,IF(N20=1,0,D20-W20-X20)) -> 0 | Z20: =IF(OR(Y20<=0,),0,MIN(MIN(введение!$C$17,Y20),введение!$C$17)) -> 0 | AA20: =Z20*введение!C$18 -> 0 | AB20: =Z20*введение!C$22 -> 0
A21: 8 | E21: =IF(C21=3,0,IF((D21-O21)>введение!C$11,введение!C$11,IF((D21-O21)<=введение!C$11,D21-O21,0))) -> 0 | F21: =IF(AB21>0,AB21,0) -> 0 | I21: =IF(C21=3,D21-H21,D21-H21-E21-O21-F21-G21) -> 0 | J21: =IF(C21=0,0,IF(C21>1,0,IF(D21<=введение!C$20*25,I21/100,I21/10))) -> 0 | K21: =IF(C21=0,0,IF(C21=1,0,IF(C21=3,I21/10,IF(C21=2,IF(D21<=введение!C$20*25,I21/100,I21/10))))) -> 0 | M21: =IF(C21=3,0,IF(N21=1,0,D21-L21)) -> 0 | O21: =M21*10% -> 0 | Q21: =IF(C21=3,0,IF(N21=1,0,D21-O21-P21)) -> 0 | R21: =IF(OR(Q21<=0,),0,MIN(MAX(введение!$C$11,Q21),введение!$C$14)) -> 0 | S21: =ROUND(R21*введение!C$15,0) -> 0 | U21: =ROUND(T21*0.05,0) -> 0 | V21: =IF(D21=0,0,1) -> 0 | X21: =IF(C21=3,0,IF(D21<=введение!C$20*25,0,0)) -> 0 | Y21: =IF(C21=3,0,IF(N21=1,0,D21-W21-X21)) -> 0 | Z21: =IF(OR(Y21<=0,),0,MIN(MIN(введение!$C$17,Y21),введение!$C$17)) -> 0 | AA21: =Z21*введение!C$18 -> 0 | AB21: =Z21*введение!C$22 -> 0
A22: 9 | E22: =IF(C22=3,0,IF((D22-O22)>введение!C$11,введение!C$11,IF((D22-O22)<=введение!C$11,D22-O22,0))) -> 0 | F22: =IF(AB22>0,AB22,0) -> 0 | I22: =IF(C22=3,D22-H22,D22-H22-E22-O22-F22-G22) -> 0 | J22: =IF(C22=0,0,IF(C22>1,0,IF(D22<=введение!C$20*25,I22/100,I22/10))) -> 0 | K22: =IF(C22=0,0,IF(C22=1,0,IF(C22=3,I22/10,IF(C22=2,IF(D22<=введение!C$20*25,I22/100,I22/10))))) -> 0 | M22: =IF(C22=3,0,IF(N22=1,0,D22-L22)) -> 0 | O22: =M22*10% -> 0 | Q22: =IF(C22=3,0,IF(N22=1,0,D22-O22-P22)) -> 0 | R22: =IF(OR(Q22<=0,),0,MIN(MAX(введение!$C$11,Q22),введение!$C$14)) -> 0 | S22: =ROUND(R22*введение!C$15,0) -> 0 | U22: =ROUND(T22*0.05,0) -> 0 | V22: =IF(D22=0,0,1) -> 0 | X22: =IF(C22=3,0,IF(D22<=введение!C$20*25,0,0)) -> 0 | Y22: =IF(C22=3,0,IF(N22=1,0,D22-W22-X22)) -> 0 | Z22: =IF(OR(Y22<=0,),0,MIN(MIN(введение!$C$17,Y22),введение!$C$17)) -> 0 | AA22: =Z22*введение!C$18 -> 0 | AB22: =Z22*введение!C$22 -> 0
A23: 10 | E23: =IF(C23=3,0,IF((D23-O23)>введение!C$11,введение!C$11,IF((D23-O23)<=введение!C$11,D23-O23,0))) -> 0 | F23: =IF(AB23>0,AB23,0) -> 0 | I23: =IF(C23=3,D23-H23,D23-H23-E23-O23-F23-G23) -> 0 | J23: =IF(C23=0,0,IF(C23>1,0,IF(D23<=введение!C$20*25,I23/100,I23/10))) -> 0 | K23: =IF(C23=0,0,IF(C23=1,0,IF(C23=3,I23/10,IF(C23=2,IF(D23<=введение!C$20*25,I23/100,I23/10))))) -> 0 | M23: =IF(C23=3,0,IF(N23=1,0,D23-L23)) -> 0 | O23: =M23*10% -> 0 | Q23: =IF(C23=3,0,IF(N23=1,0,D23-O23-P23)) -> 0 | R23: =IF(OR(Q23<=0,),0,MIN(MAX(введение!$C$11,Q23),введение!$C$14)) -> 0 | S23: =ROUND(R23*введение!C$15,0) -> 0 | U23: =ROUND(T23*0.05,0) -> 0 | V23: =IF(D23=0,0,1) -> 0 | X23: =IF(C23=3,0,IF(D23<=введение!C$20*25,0,0)) -> 0 | Y23: =IF(C23=3,0,IF(N23=1,0,D23-W23-X23)) -> 0 | Z23: =IF(OR(Y23<=0,),0,MIN(MIN(введение!$C$17,Y23),введение!$C$17)) -> 0 | AA23: =Z23*введение!C$18 -> 0 | AB23: =Z23*введение!C$22 -> 0
A24: 11 | E24: =IF(C24=3,0,IF((D24-O24)>введение!C$11,введение!C$11,IF((D24-O24)<=введение!C$11,D24-O24,0))) -> 0 | F24: =IF(AB24>0,AB24,0) -> 0 | I24: =IF(C24=3,D24-H24,D24-H24-E24-O24-F24-G24) -> 0 | J24: =IF(C24=0,0,IF(C24>1,0,IF(D24<=введение!C$20*25,I24/100,I24/10))) -> 0 | K24: =IF(C24=0,0,IF(C24=1,0,IF(C24=3,I24/10,IF(C24=2,IF(D24<=введение!C$20*25,I24/100,I24/10))))) -> 0 | M24: =IF(C24=3,0,IF(N24=1,0,D24-L24)) -> 0 | O24: =M24*10% -> 0 | Q24: =IF(C24=3,0,IF(N24=1,0,D24-O24-P24)) -> 0 | R24: =IF(OR(Q24<=0,),0,MIN(MAX(введение!$C$11,Q24),введение!$C$14)) -> 0 | S24: =ROUND(R24*введение!C$15,0) -> 0 | U24: =ROUND(T24*0.05,0) -> 0 | V24: =IF(D24=0,0,1) -> 0 | X24: =IF(C24=3,0,IF(D24<=введение!C$20*25,0,0)) -> 0 | Y24: =IF(C24=3,0,IF(N24=1,0,D24-W24-X24)) -> 0 | Z24: =IF(OR(Y24<=0,),0,MIN(MIN(введение!$C$17,Y24),введение!$C$17)) -> 0 | AA24: =Z24*введение!C$18 -> 0 | AB24: =Z24*введение!C$22 -> 0
A25: 12 | E25: =IF(C25=3,0,IF((D25-O25)>введение!C$11,введение!C$11,IF((D25-O25)<=введение!C$11,D25-O25,0))) -> 0 | F25: =IF(AB25>0,AB25,0) -> 0 | I25: =IF(C25=3,D25-H25,D25-H25-E25-O25-F25-G25) -> 0 | J25: =IF(C25=0,0,IF(C25>1,0,IF(D25<=введение!C$20*25,I25/100,I25/10))) -> 0 | K25: =IF(C25=0,0,IF(C25=1,0,IF(C25=3,I25/10,IF(C25=2,IF(D25<=введение!C$20*25,I25/100,I25/10))))) -> 0 | M25: =IF(C25=3,0,IF(N25=1,0,D25-L25)) -> 0 | O25: =M25*10% -> 0 | Q25: =IF(C25=3,0,IF(N25=1,0,D25-O25-P25)) -> 0 | R25: =IF(OR(Q25<=0,),0,MIN(MAX(введение!$C$11,Q25),введение!$C$14)) -> 0 | S25: =ROUND(R25*введение!C$15,0) -> 0 | U25: =ROUND(T25*0.05,0) -> 0 | V25: =IF(D25=0,0,1) -> 0 | X25: =IF(C25=3,0,IF(D25<=введение!C$20*25,0,0)) -> 0 | Y25: =IF(C25=3,0,IF(N25=1,0,D25-W25-X25)) -> 0 | Z25: =IF(OR(Y25<=0,),0,MIN(MIN(введение!$C$17,Y25),введение!$C$17)) -> 0 | AA25: =Z25*введение!C$18 -> 0 | AB25: =Z25*введение!C$22 -> 0
A26: Итого: | D26: =SUM(D14:D25) -> 270000 | E26: =SUM(E14:E25) -> 85000 | F26: =SUM(F14:F25) -> 1900 | G26: =SUM(G14:G25) -> 0 | H26: =SUM(H14:H25) -> 0 | I26: =SUM(I14:I25) -> 164100 | J26: =SUM(J14:J25) -> 5540 | K26: =SUM(K14:K25) -> 10870 | ... AB26: =SUM(AB14:AB25) -> 1900 | AC26: =IF(D26>0,D26/V26,0) -> 90000
A28: (Ф.И.О., подпись руководителя (налогоплательщика), печать)
A31: (Ф.И.О., подпись главного бухгалтера )
A34: (Ф.И.О., подпись лица, ответственного за составление налогового регистра)
A37: (Дата составления налогового регистра)

Sheet № 2.4 Начис. доходы работ
S2: Форма 910.00
A5: Наименование налогоплательщика
A7: 1 | B7: РНН
A8: 2 | B8: ИИН (БИН) | D8: ='№ 910 Декларация '!D8 -> 0
A9: 3 | B9: Налоговый период: месяц Год | D9: =IF('№ 910 Декларация '!L12=1,"апрель","октябрь") -> октябрь | E9: ='№ 910 Декларация '!O12 -> 2020
A11: Налоговый регистр: "Начисленные доходы работникам для целей налогообложения в четвертом месяце полугодия"
A13: № п/п | B13: Ф.И.О. работника | C13: Признак резиденства: гражданин РК - 1; иностранный гражданин резидент - 2; иностранный гражданин нерезидент - 3 | D13: начисленный доход | E13: примененный вычет | F13: вычет взносов ОСМС | G13: прочие вычеты | H13: Доходы, не облагаемые ИПН | I13: Доходы, облагаемые ИПН | J13: Индивидуальный подоходный налог с доходов граждан РК | K13: Индивидуальный подоходный налог с доходов иностранцев и лиц без гражданства | L13: Доходы, не облагаемые ОПВ | M13: Доход для исчисления обязательных пенсионных взносов | N13: Пенсионер (если да, то нужно поставить 1) | O13: Обязательные пенсионные взносы | P13: Доходы не облагаемые СО | Q13: Предварительный расчет объекта для исчисления СО | R13: Доход для исчисления социальных очтислений | S13: Обязательные социальные отчисления | T13: Доход для исчисления обязательных профессиональных пенсионных взносов | U13: Обязательные профессиональные пенсионные взносы | V13: Численность работников | W13: Доходы не принимаемые для исчисления ОСМС | X13: Корректировка дохода 90% | Y13: Предварительный расчет объекта для исчисления ОСМС | Z13: Доходы принимаемые для исчисления ОСМС | AA13: Сумма отчислений на обязательное социальное медицинское страхование, к уплате | AB13: Сумма взносов на обязательное социальное медицинское страхование, к уплате | AC13: Среднемесячная заработная плата на одного работника
A14: 1 | B14: РК | C14: 1 | D14: 110000 | E14: =IF(C14=3,0,IF((D14-O14)>введение!C$11,введение!C$11,IF((D14-O14)<=введение!C$11,D14-O14,0))) -> 42500 | F14: =IF(AB14>0,AB14,0) -> 1100 | I14: =IF(C14=3,D14-H14,D14-H14-E14-O14-F14-G14) -> 55400 | J14: =IF(C14=0,0,IF(C14>1,0,IF(D14<=введение!C$20*25,I14/100,I14/10))) -> 5540 | K14: =IF(C14=0,0,IF(C14=1,0,IF(C14=3,I14/10,IF(C14=2,IF(D14<=введение!C$20*25,I14/100,I14/10))))) -> 0 | M14: =IF(C14=3,0,IF(N14=1,0,D14-L14)) -> 110000 | O14: =M14*10% -> 11000 | Q14: =IF(C14=3,0,IF(N14=1,0,D14-O14-P14)) -> 99000 | R14: =IF(OR(Q14<=0,),0,MIN(MAX(введение!$C$11,Q14),введение!$C$14)) -> 99000 | S14: =ROUND(R14*введение!C$15,0) -> 3465 | U14: =ROUND(T14*0.05,0) -> 0 | V14: =IF(D14=0,0,1) -> 1 | X14: =IF(C14=3,0,IF(D14<=введение!C$20*25,0,0)) -> 0 | Y14: =IF(C14=3,0,IF(N14=1,0,D14-W14-X14)) -> 110000 | Z14: =IF(OR(Y14<=0,),0,MIN(MIN(введение!$C$17,Y14),введение!$C$17)) -> 110000 | AA14: =Z14*введение!C$18 -> 2200 | AB14: =Z14*введение!C$22 -> 1100
A15: 2 | B15: РФ | C15: 2 | D15: 80000 | E15: =IF(C15=3,0,IF((D15-O15)>введение!C$11,введение!C$11,IF((D15-O15)<=введение!C$11,D15-O15,0))) -> 42500 | F15: =IF(AB15>0,AB15,0) -> 800 | I15: =IF(C15=3,D15-H15,D15-H15-E15-O15-F15-G15) -> 28700 | J15: =IF(C15=0,0,IF(C15>1,0,IF(D15<=введение!C$20*25,I15/100,I15/10))) -> 0 | K15: =IF(C15=0,0,IF(C15=1,0,IF(C15=3,I15/10,IF(C15=2,IF(D15<=введение!C$20*25,I15/100,I15/10))))) -> 2870 | M15: =IF(C15=3,0,IF(N15=1,0,D15-L15)) -> 80000 | O15: =M15*10% -> 8000 | Q15: =IF(C15=3,0,IF(N15=1,0,D15-O15-P15)) -> 72000 | R15: =IF(OR(Q15<=0,),0,MIN(MAX(введение!$C$11,Q15),введение!$C$14)) -> 72000 | S15: =ROUND(R15*введение!C$15,0) -> 2520 | U15: =ROUND(T15*0.05,0) -> 0 | V15: =IF(D15=0,0,1) -> 1 | X15: =IF(C15=3,0,IF(D15<=введение!C$20*25,0,0)) -> 0 | Y15: =IF(C15=3,0,IF(N15=1,0,D15-W15-X15)) -> 80000 | Z15: =IF(OR(Y15<=0,),0,MIN(MIN(введение!$C$17,Y15),введение!$C$17)) -> 80000 | AA15: =Z15*введение!C$18 -> 1600 | AB15: =Z15*введение!C$22 -> 800
A16: 3 | B16: Тур | C16: 3 | D16: 80000 | E16: =IF(C16=3,0,IF((D16-O16)>введение!C$11,введение!C$11,IF((D16-O16)<=введение!C$11,D16-O16,0))) -> 0 | F16: =IF(AB16>0,AB16,0) -> 0 | I16: =IF(C16=3,D16-H16,D16-H16-E16-O16-F16-G16) -> 80000 | J16: =IF(C16=0,0,IF(C16>1,0,IF(D16<=введение!C$20*25,I16/100,I16/10))) -> 0 | K16: =IF(C16=0,0,IF(C16=1,0,IF(C16=3,I16/10,IF(C16=2,IF(D16<=введение!C$20*25,I16/100,I16/10))))) -> 8000 | M16: =IF(C16=3,0,IF(N16=1,0,D16-L16)) -> 0 | O16: =M16*10% -> 0 | Q16: =IF(C16=3,0,IF(N16=1,0,D16-O16-P16)) -> 0 | R16: =IF(OR(Q16<=0,),0,MIN(MAX(введение!$C$11,Q16),введение!$C$14)) -> 0 | S16: =ROUND(R16*введение!C$15,0) -> 0 | U16: =ROUND(T16*0.05,0) -> 0 | V16: =IF(D16=0,0,1) -> 1 | X16: =IF(C16=3,0,IF(D16<=введение!C$20*25,0,0)) -> 0 | Y16: =IF(C16=3,0,IF(N16=1,0,D16-W16-X16)) -> 0 | Z16: =IF(OR(Y16<=0,),0,MIN(MIN(введение!$C$17,Y16),введение!$C$17)) -> 0 | AA16: =Z16*введение!C$18 -> 0 | AB16: =Z16*введение!C$22 -> 0
A17: 4 | E17: =IF(C17=3,0,IF((D17-O17)>введение!C$11,введение!C$11,IF((D17-O17)<=введение!C$11,D17-O17,0))) -> 0 | F17: =IF(AB17>0,AB17,0) -> 0 | I17: =IF(C17=3,D17-H17,D17-H17-E17-O17-F17-G17) -> 0 | J17: =IF(C17=0,0,IF(C17>1,0,IF(D17<=введение!C$20*25,I17/100,I17/10))) -> 0 | K17: =IF(C17=0,0,IF(C17=1,0,IF(C17=3,I17/10,IF(C17=2,IF(D17<=введение!C$20*25,I17/100,I17/10))))) -> 0 | M17: =IF(C17=3,0,IF(N17=1,0,D17-L17)) -> 0 | O17: =M17*10% -> 0 | Q17: =IF(C17=3,0,IF(N17=1,0,D17-O17-P17)) -> 0 | R17: =IF(OR(Q17<=0,),0,MIN(MAX(введение!$C$11,Q17),введение!$C$14)) -> 0 | S17: =ROUND(R17*введение!C$15,0) -> 0 | U17: =ROUND(T17*0.05,0) -> 0 | V17: =IF(D17=0,0,1) -> 0 | X17: =IF(C17=3,0,IF(D17<=введение!C$20*25,0,0)) -> 0 | Y17: =IF(C17=3,0,IF(N17=1,0,D17-W17-X17)) -> 0 | Z17: =IF(OR(Y17<=0,),0,MIN(MIN(введение!$C$17,Y17),введение!$C$17)) -> 0 | AA17: =Z17*введение!C$18 -> 0 | AB17: =Z17*введение!C$22 -> 0
A18: 5 | E18: =IF(C18=3,0,IF((D18-O18)>введение!C$11,введение!C$11,IF((D18-O18)<=введение!C$11,D18-O18,0))) -> 0 | F18: =IF(AB18>0,AB18,0) -> 0 | I18: =IF(C18=3,D18-H18,D18-H18-E18-O18-F18-G18) -> 0 | J18: =IF(C18=0,0,IF(C18>1,0,IF(D18<=введение!C$20*25,I18/100,I18/10))) -> 0 | K18: =IF(C18=0,0,IF(C18=1,0,IF(C18=3,I18/10,IF(C18=2,IF(D18<=введение!C$20*25,I18/100,I18/10))))) -> 0 | M18: =IF(C18=3,0,IF(N18=1,0,D18-L18)) -> 0 | O18: =M18*10% -> 0 | Q18: =IF(C18=3,0,IF(N18=1,0,D18-O18-P18)) -> 0 | R18: =IF(OR(Q18<=0,),0,MIN(MAX(введение!$C$11,Q18),введение!$C$14)) -> 0 | S18: =ROUND(R18*введение!C$15,0) -> 0 | U18: =ROUND(T18*0.05,0) -> 0 | V18: =IF(D18=0,0,1) -> 0 | X18: =IF(C18=3,0,IF(D18<=введение!C$20*25,0,0)) -> 0 | Y18: =IF(C18=3,0,IF(N18=1,0,D18-W18-X18)) -> 0 | Z18: =IF(OR(Y18<=0,),0,MIN(MIN(введение!$C$17,Y18),введение!$C$17)) -> 0 | AA18: =Z18*введение!C$18 -> 0 | AB18: =Z18*введение!C$22 -> 0
A19: 6 | E19: =IF(C19=3,0,IF((D19-O19)>введение!C$11,введение!C$11,IF((D19-O19)<=введение!C$11,D19-O19,0))) -> 0 | F19: =IF(AB19>0,AB19,0) -> 0 | I19: =IF(C19=3,D19-H19,D19-H19-E19-O19-F19-G19) -> 0 | J19: =IF(C19=0,0,IF(C19>1,0,IF(D19<=введение!C$20*25,I19/100,I19/10))) -> 0 | K19: =IF(C19=0,0,IF(C19=1,0,IF(C19=3,I19/10,IF(C19=2,IF(D19<=введение!C$20*25,I19/100,I19/10))))) -> 0 | M19: =IF(C19=3,0,IF(N19=1,0,D19-L19)) -> 0 | O19: =M19*10% -> 0 | Q19: =IF(C19=3,0,IF(N19=1,0,D19-O19-P19)) -> 0 | R19: =IF(OR(Q19<=0,),0,MIN(MAX(введение!$C$11,Q19),введение!$C$14)) -> 0 | S19: =ROUND(R19*введение!C$15,0) -> 0 | U19: =ROUND(T19*0.05,0) -> 0 | V19: =IF(D19=0,0,1) -> 0 | X19: =IF(C19=3,0,IF(D19<=введение!C$20*25,0,0)) -> 0 | Y19: =IF(C19=3,0,IF(N19=1,0,D19-W19-X19)) -> 0 | Z19: =IF(OR(Y19<=0,),0,MIN(MIN(введение!$C$17,Y19),введение!$C$17)) -> 0 | AA19: =Z19*введение!C$18 -> 0 | AB19: =Z19*введение!C$22 -> 0
A20: 7 | E20: =IF(C20=3,0,IF((D20-O20)>введение!C$11,введение!C$11,IF((D20-O20)<=введение!C$11,D20-O20,0))) -> 0 | F20: =IF(AB20>0,AB20,0) -> 0 | I20: =IF(C20=3,D20-H20,D20-H20-E20-O20-F20-G20) -> 0 | J20: =IF(C20=0,0,IF(C20>1,0,IF(D20<=введение!C$20*25,I20/100,I20/10))) -> 0 | K20: =IF(C20=0,0,IF(C20=1,0,IF(C20=3,I20/10,IF(C20=2,IF(D20<=введение!C$20*25,I20/100,I20/10))))) -> 0 | M20: =IF(C20=3,0,IF(N20=1,0,D20-L20)) -> 0 | O20: =M20*10% -> 0 | Q20: =IF(C20=3,0,IF(N20=1,0,D20-O20-P20)) -> 0 | R20: =IF(OR(Q20<=0,),0,MIN(MAX(введение!$C$11,Q20),введение!$C$14)) -> 0 | S20: =ROUND(R20*введение!C$15,0) -> 0 | U20: =ROUND(T20*0.05,0) -> 0 | V20: =IF(D20=0,0,1) -> 0 | X20: =IF(C20=3,0,IF(D20<=введение!C$20*25,0,0)) -> 0 | Y20: =IF(C20=3,0,IF(N20=1,0,D20-W20-X20)) -> 0 | Z20: =IF(OR(Y20<=0,),0,MIN(MIN(введение!$C$17,Y20),введение!$C$17)) -> 0 | AA20: =Z20*введение!C$18 -> 0 | AB20: =Z20*введение!C$22 -> 0
A21: 8 | E21: =IF(C21=3,0,IF((D21-O21)>введение!C$11,введение!C$11,IF((D21-O21)<=введение!C$11,D21-O21,0))) -> 0 | F21: =IF(AB21>0,AB21,0) -> 0 | I21: =IF(C21=3,D21-H21,D21-H21-E21-O21-F21-G21) -> 0 | J21: =IF(C21=0,0,IF(C21>1,0,IF(D21<=введение!C$20*25,I21/100,I21/10))) -> 0 | K21: =IF(C21=0,0,IF(C21=1,0,IF(C21=3,I21/10,IF(C21=2,IF(D21<=введение!C$20*25,I21/100,I21/10))))) -> 0 | M21: =IF(C21=3,0,IF(N21=1,0,D21-L21)) -> 0 | O21: =M21*10% -> 0 | Q21: =IF(C21=3,0,IF(N21=1,0,D21-O21-P21)) -> 0 | R21: =IF(OR(Q21<=0,),0,MIN(MAX(введение!$C$11,Q21),введение!$C$14)) -> 0 | S21: =ROUND(R21*введение!C$15,0) -> 0 | U21: =ROUND(T21*0.05,0) -> 0 | V21: =IF(D21=0,0,1) -> 0 | X21: =IF(C21=3,0,IF(D21<=введение!C$20*25,0,0)) -> 0 | Y21: =IF(C21=3,0,IF(N21=1,0,D21-W21-X21)) -> 0 | Z21: =IF(OR(Y21<=0,),0,MIN(MIN(введение!$C$17,Y21),введение!$C$17)) -> 0 | AA21: =Z21*введение!C$18 -> 0 | AB21: =Z21*введение!C$22 -> 0
A22: 9 | E22: =IF(C22=3,0,IF((D22-O22)>введение!C$11,введение!C$11,IF((D22-O22)<=введение!C$11,D22-O22,0))) -> 0 | F22: =IF(AB22>0,AB22,0) -> 0 | I22: =IF(C22=3,D22-H22,D22-H22-E22-O22-F22-G22) -> 0 | J22: =IF(C22=0,0,IF(C22>1,0,IF(D22<=введение!C$20*25,I22/100,I22/10))) -> 0 | K22: =IF(C22=0,0,IF(C22=1,0,IF(C22=3,I22/10,IF(C22=2,IF(D22<=введение!C$20*25,I22/100,I22/10))))) -> 0 | M22: =IF(C22=3,0,IF(N22=1,0,D22-L22)) -> 0 | O22: =M22*10% -> 0 | Q22: =IF(C22=3,0,IF(N22=1,0,D22-O22-P22)) -> 0 | R22: =IF(OR(Q22<=0,),0,MIN(MAX(введение!$C$11,Q22),введение!$C$14)) -> 0 | S22: =ROUND(R22*введение!C$15,0) -> 0 | U22: =ROUND(T22*0.05,0) -> 0 | V22: =IF(D22=0,0,1) -> 0 | X22: =IF(C22=3,0,IF(D22<=введение!C$20*25,0,0)) -> 0 | Y22: =IF(C22=3,0,IF(N22=1,0,D22-W22-X22)) -> 0 | Z22: =IF(OR(Y22<=0,),0,MIN(MIN(введение!$C$17,Y22),введение!$C$17)) -> 0 | AA22: =Z22*введение!C$18 -> 0 | AB22: =Z22*введение!C$22 -> 0
A23: 10 | E23: =IF(C23=3,0,IF((D23-O23)>введение!C$11,введение!C$11,IF((D23-O23)<=введение!C$11,D23-O23,0))) -> 0 | F23: =IF(AB23>0,AB23,0) -> 0 | I23: =IF(C23=3,D23-H23,D23-H23-E23-O23-F23-G23) -> 0 | J23: =IF(C23=0,0,IF(C23>1,0,IF(D23<=введение!C$20*25,I23/100,I23/10))) -> 0 | K23: =IF(C23=0,0,IF(C23=1,0,IF(C23=3,I23/10,IF(C23=2,IF(D23<=введение!C$20*25,I23/100,I23/10))))) -> 0 | M23: =IF(C23=3,0,IF(N23=1,0,D23-L23)) -> 0 | O23: =M23*10% -> 0 | Q23: =IF(C23=3,0,IF(N23=1,0,D23-O23-P23)) -> 0 | R23: =IF(OR(Q23<=0,),0,MIN(MAX(введение!$C$11,Q23),введение!$C$14)) -> 0 | S23: =ROUND(R23*введение!C$15,0) -> 0 | U23: =ROUND(T23*0.05,0) -> 0 | V23: =IF(D23=0,0,1) -> 0 | X23: =IF(C23=3,0,IF(D23<=введение!C$20*25,0,0)) -> 0 | Y23: =IF(C23=3,0,IF(N23=1,0,D23-W23-X23)) -> 0 | Z23: =IF(OR(Y23<=0,),0,MIN(MIN(введение!$C$17,Y23),введение!$C$17)) -> 0 | AA23: =Z23*введение!C$18 -> 0 | AB23: =Z23*введение!C$22 -> 0
A24: 11 | E24: =IF(C24=3,0,IF((D24-O24)>введение!C$11,введение!C$11,IF((D24-O24)<=введение!C$11,D24-O24,0))) -> 0 | F24: =IF(AB24>0,AB24,0) -> 0 | I24: =IF(C24=3,D24-H24,D24-H24-E24-O24-F24-G24) -> 0 | J24: =IF(C24=0,0,IF(C24>1,0,IF(D24<=введение!C$20*25,I24/100,I24/10))) -> 0 | K24: =IF(C24=0,0,IF(C24=1,0,IF(C24=3,I24/10,IF(C24=2,IF(D24<=введение!C$20*25,I24/100,I24/10))))) -> 0 | M24: =IF(C24=3,0,IF(N24=1,0,D24-L24)) -> 0 | O24: =M24*10% -> 0 | Q24: =IF(C24=3,0,IF(N24=1,0,D24-O24-P24)) -> 0 | R24: =IF(OR(Q24<=0,),0,MIN(MAX(введение!$C$11,Q24),введение!$C$14)) -> 0 | S24: =ROUND(R24*введение!C$15,0) -> 0 | U24: =ROUND(T24*0.05,0) -> 0 | V24: =IF(D24=0,0,1) -> 0 | X24: =IF(C24=3,0,IF(D24<=введение!C$20*25,0,0)) -> 0 | Y24: =IF(C24=3,0,IF(N24=1,0,D24-W24-X24)) -> 0 | Z24: =IF(OR(Y24<=0,),0,MIN(MIN(введение!$C$17,Y24),введение!$C$17)) -> 0 | AA24: =Z24*введение!C$18 -> 0 | AB24: =Z24*введение!C$22 -> 0
A25: 12 | E25: =IF(C25=3,0,IF((D25-O25)>введение!C$11,введение!C$11,IF((D25-O25)<=введение!C$11,D25-O25,0))) -> 0 | F25: =IF(AB25>0,AB25,0) -> 0 | I25: =IF(C25=3,D25-H25,D25-H25-E25-O25-F25-G25) -> 0 | J25: =IF(C25=0,0,IF(C25>1,0,IF(D25<=введение!C$20*25,I25/100,I25/10))) -> 0 | K25: =IF(C25=0,0,IF(C25=1,0,IF(C25=3,I25/10,IF(C25=2,IF(D25<=введение!C$20*25,I25/100,I25/10))))) -> 0 | M25: =IF(C25=3,0,IF(N25=1,0,D25-L25)) -> 0 | O25: =M25*10% -> 0 | Q25: =IF(C25=3,0,IF(N25=1,0,D25-O25-P25)) -> 0 | R25: =IF(OR(Q25<=0,),0,MIN(MAX(введение!$C$11,Q25),введение!$C$14)) -> 0 | S25: =ROUND(R25*введение!C$15,0) -> 0 | U25: =ROUND(T25*0.05,0) -> 0 | V25: =IF(D25=0,0,1) -> 0 | X25: =IF(C25=3,0,IF(D25<=введение!C$20*25,0,0)) -> 0 | Y25: =IF(C25=3,0,IF(N25=1,0,D25-W25-X25)) -> 0 | Z25: =IF(OR(Y25<=0,),0,MIN(MIN(введение!$C$17,Y25),введение!$C$17)) -> 0 | AA25: =Z25*введение!C$18 -> 0 | AB25: =Z25*введение!C$22 -> 0
A26: Итого: | D26: =SUM(D14:D25) -> 270000 | E26: =SUM(E14:E25) -> 85000 | F26: =SUM(F14:F25) -> 1900 | G26: =SUM(G14:G25) -> 0 | H26: =SUM(H14:H25) -> 0 | I26: =SUM(I14:I25) -> 164100 | J26: =SUM(J14:J25) -> 5540 | K26: =SUM(K14:K25) -> 10870 | ... AB26: =SUM(AB14:AB25) -> 1900 | AC26: =IF(D26>0,D26/V26,0) -> 90000
A28: (Ф.И.О., подпись руководителя (налогоплательщика), печать)
A31: (Ф.И.О., подпись главного бухгалтера )
A34: (Ф.И.О., подпись лица, ответственного за составление налогового регистра)
A37: (Дата составления налогового регистра)

Sheet № 2.5 Начис. доходы работ. 
S2: Форма 910.00
A4: Наименование налогоплательщика
A6: 1 | B6: РНН
A7: 2 | B7: ИИН (БИН) | D7: ='№ 910 Декларация '!D8 -> 0
A8: 3 | B8: Налоговый период: месяц Год | D8: =IF('№ 910 Декларация '!L12=1,"май","ноябрь") -> ноябрь | E8: ='№ 910 Декларация '!O12 -> 2020
A10: Налоговый регистр: "Начисленные доходы работникам для целей налогообложения в пятом месяце полугодия"
A13: № п/п | B13: Ф.И.О. работника | C13: Признак резиденства: гражданин РК - 1; иностранный гражданин резидент - 2; иностранный гражданин нерезидент - 3 | D13: начисленный доход | E13: примененный вычет | F13: вычет взносов ОСМС | G13: прочие вычеты | H13: Доходы, не облагаемые ИПН | I13: Доходы, облагаемые ИПН | J13: Индивидуальный подоходный налог с доходов граждан РК | K13: Индивидуальный подоходный налог с доходов иностранцев и лиц без гражданства | L13: Доходы, не облагаемые ОПВ | M13: Доход для исчисления обязательных пенсионных взносов | N13: Пенсионер (если да, то нужно поставить 1) | O13: Обязательные пенсионные взносы | P13: Доходы не облагаемые СО | Q13: Предварительный расчет объекта для исчисления СО | R13: Доход для исчисления социальных очтислений | S13: Обязательные социальные отчисления | T13: Доход для исчисления обязательных профессиональных пенсионных взносов | U13: Обязательные профессиональные пенсионные взносы | V13: Численность работников | W13: Доходы не принимаемые для исчисления ОСМС | X13: Корректировка дохода 90% | Y13: Предварительный расчет объекта для исчисления ОСМС | Z13: Доходы принимаемые для исчисления ОСМС | AA13: Сумма отчислений на обязательное социальное медицинское страхование, к уплате | AB13: Сумма взносов на обязательное социальное медицинское страхование, к уплате | AC13: Среднемесячная заработная плата на одного работника
A14: 1 | B14: РК | C14: 1 | D14: 110000 | E14: =IF(C14=3,0,IF((D14-O14)>введение!C$11,введение!C$11,IF((D14-O14)<=введение!C$11,D14-O14,0))) -> 42500 | F14: =IF(AB14>0,AB14,0) -> 1100 | I14: =IF(C14=3,D14-H14,D14-H14-E14-O14-F14-G14) -> 55400 | J14: =IF(C14=0,0,IF(C14>1,0,IF(D14<=введение!C$20*25,I14/100,I14/10))) -> 5540 | K14: =IF(C14=0,0,IF(C14=1,0,IF(C14=3,I14/10,IF(C14=2,IF(D14<=введение!C$20*25,I14/100,I14/10))))) -> 0 | M14: =IF(C14=3,0,IF(N14=1,0,D14-L14)) -> 110000 | O14: =M14*10% -> 11000 | Q14: =IF(C14=3,0,IF(N14=1,0,D14-O14-P14)) -> 99000 | R14: =IF(OR(Q14<=0,),0,MIN(MAX(введение!$C$11,Q14),введение!$C$14)) -> 99000 | S14: =ROUND(R14*введение!C$15,0) -> 3465 | U14: =ROUND(T14*0.05,0) -> 0 | V14: =IF(D14=0,0,1) -> 1 | X14: =IF(C14=3,0,IF(D14<=введение!C$20*25,0,0)) -> 0 | Y14: =IF(C14=3,0,IF(N14=1,0,D14-W14-X14)) -> 110000 | Z14: =IF(OR(Y14<=0,),0,MIN(MIN(введение!$C$17,Y14),введение!$C$17)) -> 110000 | AA14: =Z14*введение!C$18 -> 2200 | AB14: =Z14*введение!C$22 -> 1100
A15: 2 | B15: РФ | C15: 2 | D15: 80000 | E15: =IF(C15=3,0,IF((D15-O15)>введение!C$11,введение!C$11,IF((D15-O15)<=введение!C$11,D15-O15,0))) -> 42500 | F15: =IF(AB15>0,AB15,0) -> 800 | I15: =IF(C15=3,D15-H15,D15-H15-E15-O15-F15-G15) -> 28700 | J15: =IF(C15=0,0,IF(C15>1,0,IF(D15<=введение!C$20*25,I15/100,I15/10))) -> 0 | K15: =IF(C15=0,0,IF(C15=1,0,IF(C15=3,I15/10,IF(C15=2,IF(D15<=введение!C$20*25,I15/100,I15/10))))) -> 2870 | M15: =IF(C15=3,0,IF(N15=1,0,D15-L15)) -> 80000 | O15: =M15*10% -> 8000 | Q15: =IF(C15=3,0,IF(N15=1,0,D15-O15-P15)) -> 72000 | R15: =IF(OR(Q15<=0,),0,MIN(MAX(введение!$C$11,Q15),введение!$C$14)) -> 72000 | S15: =ROUND(R15*введение!C$15,0) -> 2520 | U15: =ROUND(T15*0.05,0) -> 0 | V15: =IF(D15=0,0,1) -> 1 | X15: =IF(C15=3,0,IF(D15<=введение!C$20*25,0,0)) -> 0 | Y15: =IF(C15=3,0,IF(N15=1,0,D15-W15-X15)) -> 80000 | Z15: =IF(OR(Y15<=0,),0,MIN(MIN(введение!$C$17,Y15),введение!$C$17)) -> 80000 | AA15: =Z15*введение!C$18 -> 1600 | AB15: =Z15*введение!C$22 -> 800
A16: 3 | B16: Тур | C16: 3 | D16: 80000 | E16: =IF(C16=3,0,IF((D16-O16)>введение!C$11,введение!C$11,IF((D16-O16)<=введение!C$11,D16-O16,0))) -> 0 | F16: =IF(AB16>0,AB16,0) -> 0 | I16: =IF(C16=3,D16-H16,D16-H16-E16-O16-F16-G16) -> 80000 | J16: =IF(C16=0,0,IF(C16>1,0,IF(D16<=введение!C$20*25,I16/100,I16/10))) -> 0 | K16: =IF(C16=0,0,IF(C16=1,0,IF(C16=3,I16/10,IF(C16=2,IF(D16<=введение!C$20*25,I16/100,I16/10))))) -> 8000 | M16: =IF(C16=3,0,IF(N16=1,0,D16-L16)) -> 0 | O16: =M16*10% -> 0 | Q16: =IF(C16=3,0,IF(N16=1,0,D16-O16-P16)) -> 0 | R16: =IF(OR(Q16<=0,),0,MIN(MAX(введение!$C$11,Q16),введение!$C$14)) -> 0 | S16: =ROUND(R16*введение!C$15,0) -> 0 | U16: =ROUND(T16*0.05,0) -> 0 | V16: =IF(D16=0,0,1) -> 1 | X16: =IF(C16=3,0,IF(D16<=введение!C$20*25,0,0)) -> 0 | Y16: =IF(C16=3,0,IF(N16=1,0,D16-W16-X16)) -> 0 | Z16: =IF(OR(Y16<=0,),0,MIN(MIN(введение!$C$17,Y16),введение!$C$17)) -> 0 | AA16: =Z16*введение!C$18 -> 0 | AB16: =Z16*введение!C$22 -> 0
A17: 4 | E17: =IF(C17=3,0,IF((D17-O17)>введение!C$11,введение!C$11,IF((D17-O17)<=введение!C$11,D17-O17,0))) -> 0 | F17: =IF(AB17>0,AB17,0) -> 0 | I17: =IF(C17=3,D17-H17,D17-H17-E17-O17-F17-G17) -> 0 | J17: =IF(C17=0,0,IF(C17>1,0,IF(D17<=введение!C$20*25,I17/100,I17/10))) -> 0 | K17: =IF(C17=0,0,IF(C17=1,0,IF(C17=3,I17/10,IF(C17=2,IF(D17<=введение!C$20*25,I17/100,I17/10))))) -> 0 | M17: =IF(C17=3,0,IF(N17=1,0,D17-L17)) -> 0 | O17: =M17*10% -> 0 | Q17: =IF(C17=3,0,IF(N17=1,0,D17-O17-P17)) -> 0 | R17: =IF(OR(Q17<=0,),0,MIN(MAX(введение!$C$11,Q17),введение!$C$14)) -> 0 | S17: =ROUND(R17*введение!C$15,0) -> 0 | U17: =ROUND(T17*0.05,0) -> 0 | V17: =IF(D17=0,0,1) -> 0 | X17: =IF(C17=3,0,IF(D17<=введение!C$20*25,0,0)) -> 0 | Y17: =IF(C17=3,0,IF(N17=1,0,D17-W17-X17)) -> 0 | Z17: =IF(OR(Y17<=0,),0,MIN(MIN(введение!$C$17,Y17),введение!$C$17)) -> 0 | AA17: =Z17*введение!C$18 -> 0 | AB17: =Z17*введение!C$22 -> 0
A18: 5 | E18: =IF(C18=3,0,IF((D18-O18)>введение!C$11,введение!C$11,IF((D18-O18)<=введение!C$11,D18-O18,0))) -> 0 | F18: =IF(AB18>0,AB18,0) -> 0 | I18: =IF(C18=3,D18-H18,D18-H18-E18-O18-F18-G18) -> 0 | J18: =IF(C18=0,0,IF(C18>1,0,IF(D18<=введение!C$20*25,I18/100,I18/10))) -> 0 | K18: =IF(C18=0,0,IF(C18=1,0,IF(C18=3,I18/10,IF(C18=2,IF(D18<=введение!C$20*25,I18/100,I18/10))))) -> 0 | M18: =IF(C18=3,0,IF(N18=1,0,D18-L18)) -> 0 | O18: =M18*10% -> 0 | Q18: =IF(C18=3,0,IF(N18=1,0,D18-O18-P18)) -> 0 | R18: =IF(OR(Q18<=0,),0,MIN(MAX(введение!$C$11,Q18),введение!$C$14)) -> 0 | S18: =ROUND(R18*введение!C$15,0) -> 0 | U18: =ROUND(T18*0.05,0) -> 0 | V18: =IF(D18=0,0,1) -> 0 | X18: =IF(C18=3,0,IF(D18<=введение!C$20*25,0,0)) -> 0 | Y18: =IF(C18=3,0,IF(N18=1,0,D18-W18-X18)) -> 0 | Z18: =IF(OR(Y18<=0,),0,MIN(MIN(введение!$C$17,Y18),введение!$C$17)) -> 0 | AA18: =Z18*введение!C$18 -> 0 | AB18: =Z18*введение!C$22 -> 0
A19: 6 | E19: =IF(C19=3,0,IF((D19-O19)>введение!C$11,введение!C$11,IF((D19-O19)<=введение!C$11,D19-O19,0))) -> 0 | F19: =IF(AB19>0,AB19,0) -> 0 | I19: =IF(C19=3,D19-H19,D19-H19-E19-O19-F19-G19) -> 0 | J19: =IF(C19=0,0,IF(C19>1,0,IF(D19<=введение!C$20*25,I19/100,I19/10))) -> 0 | K19: =IF(C19=0,0,IF(C19=1,0,IF(C19=3,I19/10,IF(C19=2,IF(D19<=введение!C$20*25,I19/100,I19/10))))) -> 0 | M19: =IF(C19=3,0,IF(N19=1,0,D19-L19)) -> 0 | O19: =M19*10% -> 0 | Q19: =IF(C19=3,0,IF(N19=1,0,D19-O19-P19)) -> 0 | R19: =IF(OR(Q19<=0,),0,MIN(MAX(введение!$C$11,Q19),введение!$C$14)) -> 0 | S19: =ROUND(R19*введение!C$15,0) -> 0 | U19: =ROUND(T19*0.05,0) -> 0 | V19: =IF(D19=0,0,1) -> 0 | X19: =IF(C19=3,0,IF(D19<=введение!C$20*25,0,0)) -> 0 | Y19: =IF(C19=3,0,IF(N19=1,0,D19-W19-X19)) -> 0 | Z19: =IF(OR(Y19<=0,),0,MIN(MIN(введение!$C$17,Y19),введение!$C$17)) -> 0 | AA19: =Z19*введение!C$18 -> 0 | AB19: =Z19*введение!C$22 -> 0
A20: 7 | E20: =IF(C20=3,0,IF((D20-O20)>введение!C$11,введение!C$11,IF((D20-O20)<=введение!C$11,D20-O20,0))) -> 0 | F20: =IF(AB20>0,AB20,0) -> 0 | I20: =IF(C20=3,D20-H20,D20-H20-E20-O20-F20-G20) -> 0 | J20: =IF(C20=0,0,IF(C20>1,0,IF(D20<=введение!C$20*25,I20/100,I20/10))) -> 0 | K20: =IF(C20=0,0,IF(C20=1,0,IF(C20=3,I20/10,IF(C20=2,IF(D20<=введение!C$20*25,I20/100,I20/10))))) -> 0 | M20: =IF(C20=3,0,IF(N20=1,0,D20-L20)) -> 0 | O20: =M20*10% -> 0 | Q20: =IF(C20=3,0,IF(N20=1,0,D20-O20-P20)) -> 0 | R20: =IF(OR(Q20<=0,),0,MIN(MAX(введение!$C$11,Q20),введение!$C$14)) -> 0 | S20: =ROUND(R20*введение!C$15,0) -> 0 | U20: =ROUND(T20*0.05,0) -> 0 | V20: =IF(D20=0,0,1) -> 0 | X20: =IF(C20=3,0,IF(D20<=введение!C$20*25,0,0)) -> 0 | Y20: =IF(C20=3,0,IF(N20=1,0,D20-W20-X20)) -> 0 | Z20: =IF(OR(Y20<=0,),0,MIN(MIN(введение!$C$17,Y20),введение!$C$17)) -> 0 | AA20: =Z20*введение!C$18 -> 0 | AB20: =Z20*введение!C$22 -> 0
A21: 8 | E21: =IF(C21=3,0,IF((D21-O21)>введение!C$11,введение!C$11,IF((D21-O21)<=введение!C$11,D21-O21,0))) -> 0 | F21: =IF(AB21>0,AB21,0) -> 0 | I21: =IF(C21=3,D21-H21,D21-H21-E21-O21-F21-G21) -> 0 | J21: =IF(C21=0,0,IF(C21>1,0,IF(D21<=введение!C$20*25,I21/100,I21/10))) -> 0 | K21: =IF(C21=0,0,IF(C21=1,0,IF(C21=3,I21/10,IF(C21=2,IF(D21<=введение!C$20*25,I21/100,I21/10))))) -> 0 | M21: =IF(C21=3,0,IF(N21=1,0,D21-L21)) -> 0 | O21: =M21*10% -> 0 | Q21: =IF(C21=3,0,IF(N21=1,0,D21-O21-P21)) -> 0 | R21: =IF(OR(Q21<=0,),0,MIN(MAX(введение!$C$11,Q21),введение!$C$14)) -> 0 | S21: =ROUND(R21*введение!C$15,0) -> 0 | U21: =ROUND(T21*0.05,0) -> 0 | V21: =IF(D21=0,0,1) -> 0 | X21: =IF(C21=3,0,IF(D21<=введение!C$20*25,0,0)) -> 0 | Y21: =IF(C21=3,0,IF(N21=1,0,D21-W21-X21)) -> 0 | Z21: =IF(OR(Y21<=0,),0,MIN(MIN(введение!$C$17,Y21),введение!$C$17)) -> 0 | AA21: =Z21*введение!C$18 -> 0 | AB21: =Z21*введение!C$22 -> 0
A22: 9 | E22: =IF(C22=3,0,IF((D22-O22)>введение!C$11,введение!C$11,IF((D22-O22)<=введение!C$11,D22-O22,0))) -> 0 | F22: =IF(AB22>0,AB22,0) -> 0 | I22: =IF(C22=3,D22-H22,D22-H22-E22-O22-F22-G22) -> 0 | J22: =IF(C22=0,0,IF(C22>1,0,IF(D22<=введение!C$20*25,I22/100,I22/10))) -> 0 | K22: =IF(C22=0,0,IF(C22=1,0,IF(C22=3,I22/10,IF(C22=2,IF(D22<=введение!C$20*25,I22/100,I22/10))))) -> 0 | M22: =IF(C22=3,0,IF(N22=1,0,D22-L22)) -> 0 | O22: =M22*10% -> 0 | Q22: =IF(C22=3,0,IF(N22=1,0,D22-O22-P22)) -> 0 | R22: =IF(OR(Q22<=0,),0,MIN(MAX(введение!$C$11,Q22),введение!$C$14)) -> 0 | S22: =ROUND(R22*введение!C$15,0) -> 0 | U22: =ROUND(T22*0.05,0) -> 0 | V22: =IF(D22=0,0,1) -> 0 | X22: =IF(C22=3,0,IF(D22<=введение!C$20*25,0,0)) -> 0 | Y22: =IF(C22=3,0,IF(N22=1,0,D22-W22-X22)) -> 0 | Z22: =IF(OR(Y22<=0,),0,MIN(MIN(введение!$C$17,Y22),введение!$C$17)) -> 0 | AA22: =Z22*введение!C$18 -> 0 | AB22: =Z22*введение!C$22 -> 0
A23: 10 | E23: =IF(C23=3,0,IF((D23-O23)>введение!C$11,введение!C$11,IF((D23-O23)<=введение!C$11,D23-O23,0))) -> 0 | F23: =IF(AB23>0,AB23,0) -> 0 | I23: =IF(C23=3,D23-H23,D23-H23-E23-O23-F23-G23) -> 0 | J23: =IF(C23=0,0,IF(C23>1,0,IF(D23<=введение!C$20*25,I23/100,I23/10))) -> 0 | K23: =IF(C23=0,0,IF(C23=1,0,IF(C23=3,I23/10,IF(C23=2,IF(D23<=введение!C$20*25,I23/100,I23/10))))) -> 0 | M23: =IF(C23=3,0,IF(N23=1,0,D23-L23)) -> 0 | O23: =M23*10% -> 0 | Q23: =IF(C23=3,0,IF(N23=1,0,D23-O23-P23)) -> 0 | R23: =IF(OR(Q23<=0,),0,MIN(MAX(введение!$C$11,Q23),введение!$C$14)) -> 0 | S23: =ROUND(R23*введение!C$15,0) -> 0 | U23: =ROUND(T23*0.05,0) -> 0 | V23: =IF(D23=0,0,1) -> 0 | X23: =IF(C23=3,0,IF(D23<=введение!C$20*25,0,0)) -> 0 | Y23: =IF(C23=3,0,IF(N23=1,0,D23-W23-X23)) -> 0 | Z23: =IF(OR(Y23<=0,),0,MIN(MIN(введение!$C$17,Y23),введение!$C$17)) -> 0 | AA23: =Z23*введение!C$18 -> 0 | AB23: =Z23*введение!C$22 -> 0
A24: 11 | E24: =IF(C24=3,0,IF((D24-O24)>введение!C$11,введение!C$11,IF((D24-O24)<=введение!C$11,D24-O24,0))) -> 0 | F24: =IF(AB24>0,AB24,0) -> 0 | I24: =IF(C24=3,D24-H24,D24-H24-E24-O24-F24-G24) -> 0 | J24: =IF(C24=0,0,IF(C24>1,0,IF(D24<=введение!C$20*25,I24/100,I24/10))) -> 0 | K24: =IF(C24=0,0,IF(C24=1,0,IF(C24=3,I24/10,IF(C24=2,IF(D24<=введение!C$20*25,I24/100,I24/10))))) -> 0 | M24: =IF(C24=3,0,IF(N24=1,0,D24-L24)) -> 0 | O24: =M24*10% -> 0 | Q24: =IF(C24=3,0,IF(N24=1,0,D24-O24-P24)) -> 0 | R24: =IF(OR(Q24<=0,),0,MIN(MAX(введение!$C$11,Q24),введение!$C$14)) -> 0 | S24: =ROUND(R24*введение!C$15,0) -> 0 | U24: =ROUND(T24*0.05,0) -> 0 | V24: =IF(D24=0,0,1) -> 0 | X24: =IF(C24=3,0,IF(D24<=введение!C$20*25,0,0)) -> 0 | Y24: =IF(C24=3,0,IF(N24=1,0,D24-W24-X24)) -> 0 | Z24: =IF(OR(Y24<=0,),0,MIN(MIN(введение!$C$17,Y24),введение!$C$17)) -> 0 | AA24: =Z24*введение!C$18 -> 0 | AB24: =Z24*введение!C$22 -> 0
A25: 12 | E25: =IF(C25=3,0,IF((D25-O25)>введение!C$11,введение!C$11,IF((D25-O25)<=введение!C$11,D25-O25,0))) -> 0 | F25: =IF(AB25>0,AB25,0) -> 0 | I25: =IF(C25=3,D25-H25,D25-H25-E25-O25-F25-G25) -> 0 | J25: =IF(C25=0,0,IF(C25>1,0,IF(D25<=введение!C$20*25,I25/100,I25/10))) -> 0 | K25: =IF(C25=0,0,IF(C25=1,0,IF(C25=3,I25/10,IF(C25=2,IF(D25<=введение!C$20*25,I25/100,I25/10))))) -> 0 | M25: =IF(C25=3,0,IF(N25=1,0,D25-L25)) -> 0 | O25: =M25*10% -> 0 | Q25: =IF(C25=3,0,IF(N25=1,0,D25-O25-P25)) -> 0 | R25: =IF(OR(Q25<=0,),0,MIN(MAX(введение!$C$11,Q25),введение!$C$14)) -> 0 | S25: =ROUND(R25*введение!C$15,0) -> 0 | U25: =ROUND(T25*0.05,0) -> 0 | V25: =IF(D25=0,0,1) -> 0 | X25: =IF(C25=3,0,IF(D25<=введение!C$20*25,0,0)) -> 0 | Y25: =IF(C25=3,0,IF(N25=1,0,D25-W25-X25)) -> 0 | Z25: =IF(OR(Y25<=0,),0,MIN(MIN(введение!$C$17,Y25),введение!$C$17)) -> 0 | AA25: =Z25*введение!C$18 -> 0 | AB25: =Z25*введение!C$22 -> 0
A26: Итого: | D26: =SUM(D14:D25) -> 270000 | E26: =SUM(E14:E25) -> 85000 | F26: =SUM(F14:F25) -> 1900 | G26: =SUM(G14:G25) -> 0 | H26: =SUM(H14:H25) -> 0 | I26: =SUM(I14:I25) -> 164100 | J26: =SUM(J14:J25) -> 5540 | K26: =SUM(K14:K25) -> 10870 | ... AB26: =SUM(AB14:AB25) -> 1900 | AC26: =IF(D26>0,D26/V26,0) -> 90000
A28: (Ф.И.О., подпись руководителя (налогоплательщика), печать)
A31: (Ф.И.О., подпись главного бухгалтера )
A34: (Ф.И.О., подпись лица, ответственного за составление налогового регистра)
A37: (Дата составления налогового регистра)

Sheet № 2.6 Начис. доходы работ. 
D2: Форма 910.00
A4: Наименование налогоплательщика
A6: 1 | B6: РНН
A7: 2 | B7: ИИН (БИН) | D7: ='№ 910 Декларация '!D8 -> 0
A8: 3 | B8: Налоговый период: месяц Год | D8: =IF('№ 910 Декларация '!L12=1,"июнь","декабрь") -> декабрь | E8: ='№ 910 Декларация '!O12 -> 2020
A10: Налоговый регистр: "Начисленные доходы работникам для целей налогообложения в шестом месяце полугодия"
A13: № п/п | B13: Ф.И.О. работника | C13: Признак резиденства: гражданин РК - 1; иностранный гражданин резидент - 2; иностранный гражданин нерезидент - 3 | D13: начисленный доход | E13: примененный вычет | F13: вычет взносов ОСМС | G13: прочие вычеты | H13: Доходы, не облагаемые ИПН | I13: Доходы, облагаемые ИПН | J13: Индивидуальный подоходный налог с доходов граждан РК | K13: Индивидуальный подоходный налог с доходов иностранцев и лиц без гражданства | L13: Доходы, не облагаемые ОПВ | M13: Доход для исчисления обязательных пенсионных взносов | N13: Пенсионер (если да, то нужно поставить 1) | O13: Обязательные пенсионные взносы | P13: Доходы не облагаемые СО | Q13: Предварительный расчет объекта для исчисления СО | R13: Доход для исчисления социальных очтислений | S13: Обязательные социальные отчисления | T13: Доход для исчисления обязательных профессиональных пенсионных взносов | U13: Обязательные профессиональные пенсионные взносы | V13: Численность работников | W13: Доходы не принимаемые для исчисления ОСМС | X13: Корректировка дохода 90% | Y13: Предварительный расчет объекта для исчисления ОСМС | Z13: Доходы принимаемые для исчисления ОСМС | AA13: Сумма отчислений на обязательное социальное медицинское страхование, к уплате | AB13: Сумма взносов на обязательное социальное медицинское страхование, к уплате | AC13: Среднемесячная заработная плата на одного работника
A14: 1 | B14: РК | C14: 1 | D14: 110000 | E14: =IF(C14=3,0,IF((D14-O14)>введение!C$11,введение!C$11,IF((D14-O14)<=введение!C$11,D14-O14,0))) -> 42500 | F14: =IF(AB14>0,AB14,0) -> 1100 | I14: =IF(C14=3,D14-H14,D14-H14-E14-O14-F14-G14) -> 55400 | J14: =IF(C14=0,0,IF(C14>1,0,IF(D14<=введение!C$20*25,I14/100,I14/10))) -> 5540 | K14: =IF(C14=0,0,IF(C14=1,0,IF(C14=3,I14/10,IF(C14=2,IF(D14<=введение!C$20*25,I14/100,I14/10))))) -> 0 | M14: =IF(C14=3,0,IF(N14=1,0,D14-L14)) -> 110000 | O14: =M14*10% -> 11000 | Q14: =IF(C14=3,0,IF(N14=1,0,D14-O14-P14)) -> 99000 | R14: =IF(OR(Q14<=0,),0,MIN(MAX(введение!$C$11,Q14),введение!$C$14)) -> 99000 | S14: =ROUND(R14*введение!C$15,0) -> 3465 | U14: =ROUND(T14*0.05,0) -> 0 | V14: =IF(D14=0,0,1) -> 1 | X14: =IF(C14=3,0,IF(D14<=введение!C$20*25,0,0)) -> 0 | Y14: =IF(C14=3,0,IF(N14=1,0,D14-W14-X14)) -> 110000 | Z14: =IF(OR(Y14<=0,),0,MIN(MIN(введение!$C$17,Y14),введение!$C$17)) -> 110000 | AA14: =Z14*введение!C$18 -> 2200 | AB14: =Z14*введение!C$22 -> 1100
A15: 2 | B15: РФ | C15: 2 | D15: 80000 | E15: =IF(C15=3,0,IF((D15-O15)>введение!C$11,введение!C$11,IF((D15-O15)<=введение!C$11,D15-O15,0))) -> 42500 | F15: =IF(AB15>0,AB15,0) -> 800 | I15: =IF(C15=3,D15-H15,D15-H15-E15-O15-F15-G15) -> 28700 | J15: =IF(C15=0,0,IF(C15>1,0,IF(D15<=введение!C$20*25,I15/100,I15/10))) -> 0 | K15: =IF(C15=0,0,IF(C15=1,0,IF(C15=3,I15/10,IF(C15=2,IF(D15<=введение!C$20*25,I15/100,I15/10))))) -> 2870 | M15: =IF(C15=3,0,IF(N15=1,0,D15-L15)) -> 80000 | O15: =M15*10% -> 8000 | Q15: =IF(C15=3,0,IF(N15=1,0,D15-O15-P15)) -> 72000 | R15: =IF(OR(Q15<=0,),0,MIN(MAX(введение!$C$11,Q15),введение!$C$14)) -> 72000 | S15: =ROUND(R15*введение!C$15,0) -> 2520 | U15: =ROUND(T15*0.05,0) -> 0 | V15: =IF(D15=0,0,1) -> 1 | X15: =IF(C15=3,0,IF(D15<=введение!C$20*25,0,0)) -> 0 | Y15: =IF(C15=3,0,IF(N15=1,0,D15-W15-X15)) -> 80000 | Z15: =IF(OR(Y15<=0,),0,MIN(MIN(введение!$C$17,Y15),введение!$C$17)) -> 80000 | AA15: =Z15*введение!C$18 -> 1600 | AB15: =Z15*введение!C$22 -> 800
A16: 3 | B16: Тур | C16: 3 | D16: 80000 | E16: =IF(C16=3,0,IF((D16-O16)>введение!C$11,введение!C$11,IF((D16-O16)<=введение!C$11,D16-O16,0))) -> 0 | F16: =IF(AB16>0,AB16,0) -> 0 | I16: =IF(C16=3,D16-H16,D16-H16-E16-O16-F16-G16) -> 80000 | J16: =IF(C16=0,0,IF(C16>1,0,IF(D16<=введение!C$20*25,I16/100,I16/10))) -> 0 | K16: =IF(C16=0,0,IF(C16=1,0,IF(C16=3,I16/10,IF(C16=2,IF(D16<=введение!C$20*25,I16/100,I16/10))))) -> 8000 | M16: =IF(C16=3,0,IF(N16=1,0,D16-L16)) -> 0 | O16: =M16*10% -> 0 | Q16: =IF(C16=3,0,IF(N16=1,0,D16-O16-P16)) -> 0 | R16: =IF(OR(Q16<=0,),0,MIN(MAX(введение!$C$11,Q16),введение!$C$14)) -> 0 | S16: =ROUND(R16*введение!C$15,0) -> 0 | U16: =ROUND(T16*0.05,0) -> 0 | V16: =IF(D16=0,0,1) -> 1 | X16: =IF(C16=3,0,IF(D16<=введение!C$20*25,0,0)) -> 0 | Y16: =IF(C16=3,0,IF(N16=1,0,D16-W16-X16)) -> 0 | Z16: =IF(OR(Y16<=0,),0,MIN(MIN(введение!$C$17,Y16),введение!$C$17)) -> 0 | AA16: =Z16*введение!C$18 -> 0 | AB16: =Z16*введение!C$22 -> 0
A17: 4 | E17: =IF(C17=3,0,IF((D17-O17)>введение!C$11,введение!C$11,IF((D17-O17)<=введение!C$11,D17-O17,0))) -> 0 | F17: =IF(AB17>0,AB17,0) -> 0 | I17: =IF(C17=3,D17-H17,D17-H17-E17-O17-F17-G17) -> 0 | J17: =IF(C17=0,0,IF(C17>1,0,IF(D17<=введение!C$20*25,I17/100,I17/10))) -> 0 | K17: =IF(C17=0,0,IF(C17=1,0,IF(C17=3,I17/10,IF(C17=2,IF(D17<=введение!C$20*25,I17/100,I17/10))))) -> 0 | M17: =IF(C17=3,0,IF(N17=1,0,D17-L17)) -> 0 | O17: =M17*10% -> 0 | Q17: =IF(C17=3,0,IF(N17=1,0,D17-O17-P17)) -> 0 | R17: =IF(OR(Q17<=0,),0,MIN(MAX(введение!$C$11,Q17),введение!$C$14)) -> 0 | S17: =ROUND(R17*введение!C$15,0) -> 0 | U17: =ROUND(T17*0.05,0) -> 0 | V17: =IF(D17=0,0,1) -> 0 | X17: =IF(C17=3,0,IF(D17<=введение!C$20*25,0,0)) -> 0 | Y17: =IF(C17=3,0,IF(N17=1,0,D17-W17-X17)) -> 0 | Z17: =IF(OR(Y17<=0,),0,MIN(MIN(введение!$C$17,Y17),введение!$C$17)) -> 0 | AA17: =Z17*введение!C$18 -> 0 | AB17: =Z17*введение!C$22 -> 0
A18: 5 | E18: =IF(C18=3,0,IF((D18-O18)>введение!C$11,введение!C$11,IF((D18-O18)<=введение!C$11,D18-O18,0))) -> 0 | F18: =IF(AB18>0,AB18,0) -> 0 | I18: =IF(C18=3,D18-H18,D18-H18-E18-O18-F18-G18) -> 0 | J18: =IF(C18=0,0,IF(C18>1,0,IF(D18<=введение!C$20*25,I18/100,I18/10))) -> 0 | K18: =IF(C18=0,0,IF(C18=1,0,IF(C18=3,I18/10,IF(C18=2,IF(D18<=введение!C$20*25,I18/100,I18/10))))) -> 0 | M18: =IF(C18=3,0,IF(N18=1,0,D18-L18)) -> 0 | O18: =M18*10% -> 0 | Q18: =IF(C18=3,0,IF(N18=1,0,D18-O18-P18)) -> 0 | R18: =IF(OR(Q18<=0,),0,MIN(MAX(введение!$C$11,Q18),введение!$C$14)) -> 0 | S18: =ROUND(R18*введение!C$15,0) -> 0 | U18: =ROUND(T18*0.05,0) -> 0 | V18: =IF(D18=0,0,1) -> 0 | X18: =IF(C18=3,0,IF(D18<=введение!C$20*25,0,0)) -> 0 | Y18: =IF(C18=3,0,IF(N18=1,0,D18-W18-X18)) -> 0 | Z18: =IF(OR(Y18<=0,),0,MIN(MIN(введение!$C$17,Y18),введение!$C$17)) -> 0 | AA18: =Z18*введение!C$18 -> 0 | AB18: =Z18*введение!C$22 -> 0
A19: 6 | E19: =IF(C19=3,0,IF((D19-O19)>введение!C$11,введение!C$11,IF((D19-O19)<=введение!C$11,D19-O19,0))) -> 0 | F19: =IF(AB19>0,AB19,0) -> 0 | I19: =IF(C19=3,D19-H19,D19-H19-E19-O19-F19-G19) -> 0 | J19: =IF(C19=0,0,IF(C19>1,0,IF(D19<=введение!C$20*25,I19/100,I19/10))) -> 0 | K19: =IF(C19=0,0,IF(C19=1,0,IF(C19=3,I19/10,IF(C19=2,IF(D19<=введение!C$20*25,I19/100,I19/10))))) -> 0 | M19: =IF(C19=3,0,IF(N19=1,0,D19-L19)) -> 0 | O19: =M19*10% -> 0 | Q19: =IF(C19=3,0,IF(N19=1,0,D19-O19-P19)) -> 0 | R19: =IF(OR(Q19<=0,),0,MIN(MAX(введение!$C$11,Q19),введение!$C$14)) -> 0 | S19: =ROUND(R19*введение!C$15,0) -> 0 | U19: =ROUND(T19*0.05,0) -> 0 | V19: =IF(D19=0,0,1) -> 0 | X19: =IF(C19=3,0,IF(D19<=введение!C$20*25,0,0)) -> 0 | Y19: =IF(C19=3,0,IF(N19=1,0,D19-W19-X19)) -> 0 | Z19: =IF(OR(Y19<=0,),0,MIN(MIN(введение!$C$17,Y19),введение!$C$17)) -> 0 | AA19: =Z19*введение!C$18 -> 0 | AB19: =Z19*введение!C$22 -> 0
A20: 7 | E20: =IF(C20=3,0,IF((D20-O20)>введение!C$11,введение!C$11,IF((D20-O20)<=введение!C$11,D20-O20,0))) -> 0 | F20: =IF(AB20>0,AB20,0) -> 0 | I20: =IF(C20=3,D20-H20,D20-H20-E20-O20-F20-G20) -> 0 | J20: =IF(C20=0,0,IF(C20>1,0,IF(D20<=введение!C$20*25,I20/100,I20/10))) -> 0 | K20: =IF(C20=0,0,IF(C20=1,0,IF(C20=3,I20/10,IF(C20=2,IF(D20<=введение!C$20*25,I20/100,I20/10))))) -> 0 | M20: =IF(C20=3,0,IF(N20=1,0,D20-L20)) -> 0 | O20: =M20*10% -> 0 | Q20: =IF(C20=3,0,IF(N20=1,0,D20-O20-P20)) -> 0 | R20: =IF(OR(Q20<=0,),0,MIN(MAX(введение!$C$11,Q20),введение!$C$14)) -> 0 | S20: =ROUND(R20*введение!C$15,0) -> 0 | U20: =ROUND(T20*0.05,0) -> 0 | V20: =IF(D20=0,0,1) -> 0 | X20: =IF(C20=3,0,IF(D20<=введение!C$20*25,0,0)) -> 0 | Y20: =IF(C20=3,0,IF(N20=1,0,D20-W20-X20)) -> 0 | Z20: =IF(OR(Y20<=0,),0,MIN(MIN(введение!$C$17,Y20),введение!$C$17)) -> 0 | AA20: =Z20*введение!C$18 -> 0 | AB20: =Z20*введение!C$22 -> 0
A21: 8 | E21: =IF(C21=3,0,IF((D21-O21)>введение!C$11,введение!C$11,IF((D21-O21)<=введение!C$11,D21-O21,0))) -> 0 | F21: =IF(AB21>0,AB21,0) -> 0 | I21: =IF(C21=3,D21-H21,D21-H21-E21-O21-F21-G21) -> 0 | J21: =IF(C21=0,0,IF(C21>1,0,IF(D21<=введение!C$20*25,I21/100,I21/10))) -> 0 | K21: =IF(C21=0,0,IF(C21=1,0,IF(C21=3,I21/10,IF(C21=2,IF(D21<=введение!C$20*25,I21/100,I21/10))))) -> 0 | M21: =IF(C21=3,0,IF(N21=1,0,D21-L21)) -> 0 | O21: =M21*10% -> 0 | Q21: =IF(C21=3,0,IF(N21=1,0,D21-O21-P21)) -> 0 | R21: =IF(OR(Q21<=0,),0,MIN(MAX(введение!$C$11,Q21),введение!$C$14)) -> 0 | S21: =ROUND(R21*введение!C$15,0) -> 0 | U21: =ROUND(T21*0.05,0) -> 0 | V21: =IF(D21=0,0,1) -> 0 | X21: =IF(C21=3,0,IF(D21<=введение!C$20*25,0,0)) -> 0 | Y21: =IF(C21=3,0,IF(N21=1,0,D21-W21-X21)) -> 0 | Z21: =IF(OR(Y21<=0,),0,MIN(MIN(введение!$C$17,Y21),введение!$C$17)) -> 0 | AA21: =Z21*введение!C$18 -> 0 | AB21: =Z21*введение!C$22 -> 0
A22: 9 | E22: =IF(C22=3,0,IF((D22-O22)>введение!C$11,введение!C$11,IF((D22-O22)<=введение!C$11,D22-O22,0))) -> 0 | F22: =IF(AB22>0,AB22,0) -> 0 | I22: =IF(C22=3,D22-H22,D22-H22-E22-O22-F22-G22) -> 0 | J22: =IF(C22=0,0,IF(C22>1,0,IF(D22<=введение!C$20*25,I22/100,I22/10))) -> 0 | K22: =IF(C22=0,0,IF(C22=1,0,IF(C22=3,I22/10,IF(C22=2,IF(D22<=введение!C$20*25,I22/100,I22/10))))) -> 0 | M22: =IF(C22=3,0,IF(N22=1,0,D22-L22)) -> 0 | O22: =M22*10% -> 0 | Q22: =IF(C22=3,0,IF(N22=1,0,D22-O22-P22)) -> 0 | R22: =IF(OR(Q22<=0,),0,MIN(MAX(введение!$C$11,Q22),введение!$C$14)) -> 0 | S22: =ROUND(R22*введение!C$15,0) -> 0 | U22: =ROUND(T22*0.05,0) -> 0 | V22: =IF(D22=0,0,1) -> 0 | X22: =IF(C22=3,0,IF(D22<=введение!C$20*25,0,0)) -> 0 | Y22: =IF(C22=3,0,IF(N22=1,0,D22-W22-X22)) -> 0 | Z22: =IF(OR(Y22<=0,),0,MIN(MIN(введение!$C$17,Y22),введение!$C$17)) -> 0 | AA22: =Z22*введение!C$18 -> 0 | AB22: =Z22*введение!C$22 -> 0
A23: 10 | E23: =IF(C23=3,0,IF((D23-O23)>введение!C$11,введение!C$11,IF((D23-O23)<=введение!C$11,D23-O23,0))) -> 0 | F23: =IF(AB23>0,AB23,0) -> 0 | I23: =IF(C23=3,D23-H23,D23-H23-E23-O23-F23-G23) -> 0 | J23: =IF(C23=0,0,IF(C23>1,0,IF(D23<=введение!C$20*25,I23/100,I23/10))) -> 0 | K23: =IF(C23=0,0,IF(C23=1,0,IF(C23=3,I23/10,IF(C23=2,IF(D23<=введение!C$20*25,I23/100,I23/10))))) -> 0 | M23: =IF(C23=3,0,IF(N23=1,0,D23-L23)) -> 0 | O23: =M23*10% -> 0 | Q23: =IF(C23=3,0,IF(N23=1,0,D23-O23-P23)) -> 0 | R23: =IF(OR(Q23<=0,),0,MIN(MAX(введение!$C$11,Q23),введение!$C$14)) -> 0 | S23: =ROUND(R23*введение!C$15,0) -> 0 | U23: =ROUND(T23*0.05,0) -> 0 | V23: =IF(D23=0,0,1) -> 0 | X23: =IF(C23=3,0,IF(D23<=введение!C$20*25,0,0)) -> 0 | Y23: =IF(C23=3,0,IF(N23=1,0,D23-W23-X23)) -> 0 | Z23: =IF(OR(Y23<=0,),0,MIN(MIN(введение!$C$17,Y23),введение!$C$17)) -> 0 | AA23: =Z23*введение!C$18 -> 0 | AB23: =Z23*введение!C$22 -> 0
A24: 11 | E24: =IF(C24=3,0,IF((D24-O24)>введение!C$11,введение!C$11,IF((D24-O24)<=введение!C$11,D24-O24,0))) -> 0 | F24: =IF(AB24>0,AB24,0) -> 0 | I24: =IF(C24=3,D24-H24,D24-H24-E24-O24-F24-G24) -> 0 | J24: =IF(C24=0,0,IF(C24>1,0,IF(D24<=введение!C$20*25,I24/100,I24/10))) -> 0 | K24: =IF(C24=0,0,IF(C24=1,0,IF(C24=3,I24/10,IF(C24=2,IF(D24<=введение!C$20*25,I24/100,I24/10))))) -> 0 | M24: =IF(C24=3,0,IF(N24=1,0,D24-L24)) -> 0 | O24: =M24*10% -> 0 | Q24: =IF(C24=3,0,IF(N24=1,0,D24-O24-P24)) -> 0 | R24: =IF(OR(Q24<=0,),0,MIN(MAX(введение!$C$11,Q24),введение!$C$14)) -> 0 | S24: =ROUND(R24*введение!C$15,0) -> 0 | U24: =ROUND(T24*0.05,0) -> 0 | V24: =IF(D24=0,0,1) -> 0 | X24: =IF(C24=3,0,IF(D24<=введение!C$20*25,0,0)) -> 0 | Y24: =IF(C24=3,0,IF(N24=1,0,D24-W24-X24)) -> 0 | Z24: =IF(OR(Y24<=0,),0,MIN(MIN(введение!$C$17,Y24),введение!$C$17)) -> 0 | AA24: =Z24*введение!C$18 -> 0 | AB24: =Z24*введение!C$22 -> 0
A25: 12 | E25: =IF(C25=3,0,IF((D25-O25)>введение!C$11,введение!C$11,IF((D25-O25)<=введение!C$11,D25-O25,0))) -> 0 | F25: =IF(AB25>0,AB25,0) -> 0 | I25: =IF(C25=3,D25-H25,D25-H25-E25-O25-F25-G25) -> 0 | J25: =IF(C25=0,0,IF(C25>1,0,IF(D25<=введение!C$20*25,I25/100,I25/10))) -> 0 | K25: =IF(C25=0,0,IF(C25=1,0,IF(C25=3,I25/10,IF(C25=2,IF(D25<=введение!C$20*25,I25/100,I25/10))))) -> 0 | M25: =IF(C25=3,0,IF(N25=1,0,D25-L25)) -> 0 | O25: =M25*10% -> 0 | Q25: =IF(C25=3,0,IF(N25=1,0,D25-O25-P25)) -> 0 | R25: =IF(OR(Q25<=0,),0,MIN(MAX(введение!$C$11,Q25),введение!$C$14)) -> 0 | S25: =ROUND(R25*введение!C$15,0) -> 0 | U25: =ROUND(T25*0.05,0) -> 0 | V25: =IF(D25=0,0,1) -> 0 | X25: =IF(C25=3,0,IF(D25<=введение!C$20*25,0,0)) -> 0 | Y25: =IF(C25=3,0,IF(N25=1,0,D25-W25-X25)) -> 0 | Z25: =IF(OR(Y25<=0,),0,MIN(MIN(введение!$C$17,Y25),введение!$C$17)) -> 0 | AA25: =Z25*введение!C$18 -> 0 | AB25: =Z25*введение!C$22 -> 0
A26: Итого: | D26: =SUM(D14:D25) -> 270000 | E26: =SUM(E14:E25) -> 85000 | F26: =SUM(F14:F25) -> 1900 | G26: =SUM(G14:G25) -> 0 | H26: =SUM(H14:H25) -> 0 | I26: =SUM(I14:I25) -> 164100 | J26: =SUM(J14:J25) -> 5540 | K26: =SUM(K14:K25) -> 10870 | ... AB26: =SUM(AB14:AB25) -> 1900 | AC26: =IF(D26>0,D26/V26,0) -> 90000
A28: (Ф.И.О., подпись руководителя (налогоплательщика), печать)
A31: (Ф.И.О., подпись главного бухгалтера )
A34: (Ф.И.О., подпись лица, ответственного за составление налогового регистра)
A37: (Дата составления налогового регистра)

Sheet №3 договора ГПХ
E2: Форма 910.00
A4: Наименование налогоплательщика
A6: 1 | B6: РНН
A7: 2 | B7: ИИН (БИН) | E7: ='№ 910 Декларация '!D8 -> 0
A8: 3 | B8: Налоговый период: полугодие | F8: ='№ 910 Декларация '!L12 -> 2 | I8: ='№ 910 Декларация '!O12 -> 2020 | J8: Год
A10: Налоговый регистр: "Начисленные доходы физических лиц для целей налогообложения по договорам гражданско-правового характера"
A13: № п/п | B13: Ф.И.О. физического лица | C13: Признак резиденства: гражданин РК - 1; иностранный гражданин резидент - 2; иностранный гражданин нерезидент - 3 | D13: Номер месяца выплаты дохода | E13: начисленный доход по договору ГПХ | F13: Доходы, не облагаемые ИПН | G13: Вычет ОПВ | H13: Вычет ВОСМС | I13: Доходы, облагаемые ИПН | J13: Ставка обложения ( резиденту - 10%; нерезиденту -20% ) | K13: Индивидуальный подоходный налог с доходов граждан РК | L13: Индивидуальный подоходный налог с доходов иностранцев и лиц без гражданства | M13: Номер месяца в полугодии выплаты дохода | N13: Индивидуальный подоходный налог с доходов граждан РК | O13: Индивидуальный подоходный налог с доходов иностранцев и лиц без гражданства | P13: Индивидуальный подоходный налог с доходов граждан РК | Q13: Индивидуальный подоходный налог с доходов иностранцев и лиц без гражданства | R13: Индивидуальный подоходный налог с доходов граждан РК | S13: Индивидуальный подоходный налог с доходов иностранцев и лиц без гражданства | T13: Индивидуальный подоходный налог с доходов граждан РК | U13: Индивидуальный подоходный налог с доходов иностранцев и лиц без гражданства | V13: Индивидуальный подоходный налог с доходов граждан РК | W13: Индивидуальный подоходный налог с доходов иностранцев и лиц без гражданства | X13: Индивидуальный подоходный налог с доходов граждан РК | Y13: Индивидуальный подоходный налог с доходов иностранцев и лиц без гражданства
N14: =IF('№ 910 Декларация '!L12=1,"январь","июль") -> июль | P14: =IF('№ 910 Декларация '!L12=1,"февраль","август") -> август | R14: =IF('№ 910 Декларация '!L12=1,"март","сентябрь") -> сентябрь | T14: =IF('№ 910 Декларация '!L12=1,"апрель","октябрь") -> октябрь | V14: =IF('№ 910 Декларация '!L12=1,"май","ноябрь") -> ноябрь | X14: =IF('№ 910 Декларация '!L12=1,"июнь","декабрь") -> декабрь
A15: 1 | B15: РК | C15: 1 | D15: 4 | E15: 20000 | F15: 0 | G15: ='№ 4 договора ГПХ'!I3+'№ 4 договора ГПХ'!K3+'№ 4 договора ГПХ'!M3+'№ 4 договора ГПХ'!O3+'№ 4 договора ГПХ'!Q3+'№ 4 договора ГПХ'!S3 -> 1000 | H15: ='№ 4 договора ГПХ'!J3+'№ 4 договора ГПХ'!L3+'№ 4 договора ГПХ'!N3+'№ 4 договора ГПХ'!P3+'№ 4 договора ГПХ'!R3+'№ 4 договора ГПХ'!T3 -> 200 | I15: =E15-F15-G15-H15 -> 18800 | J15: =IF(E15<=0,0,IF(C15=3,20%,10%)) -> 0.1 | K15: =IF(C15=1,I15*J15,0) -> 1880 | L15: =IF(C15=3,E15*J15,IF(C15=2,I15*J15,0)) -> 0 | M15: =IF(D15>6,D15-6,D15) -> 4 | N15: =IF($M15=1,$K15,0) -> 0 | O15: =IF($M15=1,$L15,0) -> 0 | P15: =IF($M15=2,$K15,0) -> 0 | Q15: =IF($M15=2,$L15,0) -> 0 | R15: =IF($M15=3,$K15,0) -> 0 | S15: =IF($M15=3,$L15,0) -> 0 | T15: =IF($M15=4,$K15,0) -> 1880 | U15: =IF($M15=4,$L15,0) -> 0 | V15: =IF($M15=5,$K15,0) -> 0 | W15: =IF($M15=5,$L15,0) -> 0 | X15: =IF($M15=6,$K15,0) -> 0 | Y15: =IF($M15=6,$L15,0) -> 0
A16: 2 | G16: ='№ 4 договора ГПХ'!I4+'№ 4 договора ГПХ'!K4+'№ 4 договора ГПХ'!M4+'№ 4 договора ГПХ'!O4+'№ 4 договора ГПХ'!Q4+'№ 4 договора ГПХ'!S4 -> 0 | H16: ='№ 4 договора ГПХ'!J4+'№ 4 договора ГПХ'!L4+'№ 4 договора ГПХ'!N4+'№ 4 договора ГПХ'!P4+'№ 4 договора ГПХ'!R4+'№ 4 договора ГПХ'!T4 -> 0 | I16: =E16-F16-G16-H16 -> 0 | J16: =IF(E16<=0,0,IF(C16=3,20%,10%)) -> 0 | K16: =IF(C16=1,I16*J16,0) -> 0 | L16: =IF(C16=3,E16*J16,IF(C16=2,I16*J16,0)) -> 0 | M16: =IF(D16>6,D16-6,D16) -> 0 | N16: =IF($M16=1,$K16,0) -> 0 | O16: =IF($M16=1,$L16,0) -> 0 | P16: =IF($M16=2,$K16,0) -> 0 | Q16: =IF($M16=2,$L16,0) -> 0 | R16: =IF($M16=3,$K16,0) -> 0 | S16: =IF($M16=3,$L16,0) -> 0 | T16: =IF($M16=4,$K16,0) -> 0 | U16: =IF($M16=4,$L16,0) -> 0 | V16: =IF($M16=5,$K16,0) -> 0 | W16: =IF($M16=5,$L16,0) -> 0 | X16: =IF($M16=6,$K16,0) -> 0 | Y16: =IF($M16=6,$L16,0) -> 0
A17: 3 | G17: ='№ 4 договора ГПХ'!I5+'№ 4 договора ГПХ'!K5+'№ 4 договора ГПХ'!M5+'№ 4 договора ГПХ'!O5+'№ 4 договора ГПХ'!Q5+'№ 4 договора ГПХ'!S5 -> 0 | H17: ='№ 4 договора ГПХ'!J5+'№ 4 договора ГПХ'!L5+'№ 4 договора ГПХ'!N5+'№ 4 договора ГПХ'!P5+'№ 4 договора ГПХ'!R5+'№ 4 договора ГПХ'!T5 -> 0 | I17: =E17-F17-G17-H17 -> 0 | J17: =IF(E17<=0,0,IF(C17=3,20%,10%)) -> 0 | K17: =IF(C17=1,I17*J17,0) -> 0 | L17: =IF(C17=3,E17*J17,IF(C17=2,I17*J17,0)) -> 0 | M17: =IF(D17>6,D17-6,D17) -> 0 | N17: =IF($M17=1,$K17,0) -> 0 | O17: =IF($M17=1,$L17,0) -> 0 | P17: =IF($M17=2,$K17,0) -> 0 | Q17: =IF($M17=2,$L17,0) -> 0 | R17: =IF($M17=3,$K17,0) -> 0 | S17: =IF($M17=3,$L17,0) -> 0 | T17: =IF($M17=4,$K17,0) -> 0 | U17: =IF($M17=4,$L17,0) -> 0 | V17: =IF($M17=5,$K17,0) -> 0 | W17: =IF($M17=5,$L17,0) -> 0 | X17: =IF($M17=6,$K17,0) -> 0 | Y17: =IF($M17=6,$L17,0) -> 0
A18: 4 | G18: ='№ 4 договора ГПХ'!I6+'№ 4 договора ГПХ'!K6+'№ 4 договора ГПХ'!M6+'№ 4 договора ГПХ'!O6+'№ 4 договора ГПХ'!Q6+'№ 4 договора ГПХ'!S6 -> 0 | H18: ='№ 4 договора ГПХ'!J6+'№ 4 договора ГПХ'!L6+'№ 4 договора ГПХ'!N6+'№ 4 договора ГПХ'!P6+'№ 4 договора ГПХ'!R6+'№ 4 договора ГПХ'!T6 -> 0 | I18: =E18-F18-G18-H18 -> 0 | J18: =IF(E18<=0,0,IF(C18=3,20%,10%)) -> 0 | K18: =IF(C18=1,I18*J18,0) -> 0 | L18: =IF(C18=3,E18*J18,IF(C18=2,I18*J18,0)) -> 0 | M18: =IF(D18>6,D18-6,D18) -> 0 | N18: =IF($M18=1,$K18,0) -> 0 | O18: =IF($M18=1,$L18,0) -> 0 | P18: =IF($M18=2,$K18,0) -> 0 | Q18: =IF($M18=2,$L18,0) -> 0 | R18: =IF($M18=3,$K18,0) -> 0 | S18: =IF($M18=3,$L18,0) -> 0 | T18: =IF($M18=4,$K18,0) -> 0 | U18: =IF($M18=4,$L18,0) -> 0 | V18: =IF($M18=5,$K18,0) -> 0 | W18: =IF($M18=5,$L18,0) -> 0 | X18: =IF($M18=6,$K18,0) -> 0 | Y18: =IF($M18=6,$L18,0) -> 0
A19: 5 | G19: ='№ 4 договора ГПХ'!I7+'№ 4 договора ГПХ'!K7+'№ 4 договора ГПХ'!M7+'№ 4 договора ГПХ'!O7+'№ 4 договора ГПХ'!Q7+'№ 4 договора ГПХ'!S7 -> 0 | H19: ='№ 4 договора ГПХ'!J7+'№ 4 договора ГПХ'!L7+'№ 4 договора ГПХ'!N7+'№ 4 договора ГПХ'!P7+'№ 4 договора ГПХ'!R7+'№ 4 договора ГПХ'!T7 -> 0 | I19: =E19-F19-G19-H19 -> 0 | J19: =IF(E19<=0,0,IF(C19=3,20%,10%)) -> 0 | K19: =IF(C19=1,I19*J19,0) -> 0 | L19: =IF(C19=3,E19*J19,IF(C19=2,I19*J19,0)) -> 0 | M19: =IF(D19>6,D19-6,D19) -> 0 | N19: =IF($M19=1,$K19,0) -> 0 | O19: =IF($M19=1,$L19,0) -> 0 | P19: =IF($M19=2,$K19,0) -> 0 | Q19: =IF($M19=2,$L19,0) -> 0 | R19: =IF($M19=3,$K19,0) -> 0 | S19: =IF($M19=3,$L19,0) -> 0 | T19: =IF($M19=4,$K19,0) -> 0 | U19: =IF($M19=4,$L19,0) -> 0 | V19: =IF($M19=5,$K19,0) -> 0 | W19: =IF($M19=5,$L19,0) -> 0 | X19: =IF($M19=6,$K19,0) -> 0 | Y19: =IF($M19=6,$L19,0) -> 0
A20: 6 | G20: ='№ 4 договора ГПХ'!I8+'№ 4 договора ГПХ'!K8+'№ 4 договора ГПХ'!M8+'№ 4 договора ГПХ'!O8+'№ 4 договора ГПХ'!Q8+'№ 4 договора ГПХ'!S8 -> 0 | H20: ='№ 4 договора ГПХ'!J8+'№ 4 договора ГПХ'!L8+'№ 4 договора ГПХ'!N8+'№ 4 договора ГПХ'!P8+'№ 4 договора ГПХ'!R8+'№ 4 договора ГПХ'!T8 -> 0 | I20: =E20-F20-G20-H20 -> 0 | J20: =IF(E20<=0,0,IF(C20=3,20%,10%)) -> 0 | K20: =IF(C20=1,I20*J20,0) -> 0 | L20: =IF(C20=3,E20*J20,IF(C20=2,I20*J20,0)) -> 0 | M20: =IF(D20>6,D20-6,D20) -> 0 | N20: =IF($M20=1,$K20,0) -> 0 | O20: =IF($M20=1,$L20,0) -> 0 | P20: =IF($M20=2,$K20,0) -> 0 | Q20: =IF($M20=2,$L20,0) -> 0 | R20: =IF($M20=3,$K20,0) -> 0 | S20: =IF($M20=3,$L20,0) -> 0 | T20: =IF($M20=4,$K20,0) -> 0 | U20: =IF($M20=4,$L20,0) -> 0 | V20: =IF($M20=5,$K20,0) -> 0 | W20: =IF($M20=5,$L20,0) -> 0 | X20: =IF($M20=6,$K20,0) -> 0 | Y20: =IF($M20=6,$L20,0) -> 0
A21: 7 | G21: ='№ 4 договора ГПХ'!I9+'№ 4 договора ГПХ'!K9+'№ 4 договора ГПХ'!M9+'№ 4 договора ГПХ'!O9+'№ 4 договора ГПХ'!Q9+'№ 4 договора ГПХ'!S9 -> 0 | H21: ='№ 4 договора ГПХ'!J9+'№ 4 договора ГПХ'!L9+'№ 4 договора ГПХ'!N9+'№ 4 договора ГПХ'!P9+'№ 4 договора ГПХ'!R9+'№ 4 договора ГПХ'!T9 -> 0 | I21: =E21-F21-G21-H21 -> 0 | J21: =IF(E21<=0,0,IF(C21=3,20%,10%)) -> 0 | K21: =IF(C21=1,I21*J21,0) -> 0 | L21: =IF(C21=3,E21*J21,IF(C21=2,I21*J21,0)) -> 0 | M21: =IF(D21>6,D21-6,D21) -> 0 | N21: =IF($M21=1,$K21,0) -> 0 | O21: =IF($M21=1,$L21,0) -> 0 | P21: =IF($M21=2,$K21,0) -> 0 | Q21: =IF($M21=2,$L21,0) -> 0 | R21: =IF($M21=3,$K21,0) -> 0 | S21: =IF($M21=3,$L21,0) -> 0 | T21: =IF($M21=4,$K21,0) -> 0 | U21: =IF($M21=4,$L21,0) -> 0 | V21: =IF($M21=5,$K21,0) -> 0 | W21: =IF($M21=5,$L21,0) -> 0 | X21: =IF($M21=6,$K21,0) -> 0 | Y21: =IF($M21=6,$L21,0) -> 0
A22: 8 | G22: ='№ 4 договора ГПХ'!I10+'№ 4 договора ГПХ'!K10+'№ 4 договора ГПХ'!M10+'№ 4 договора ГПХ'!O10+'№ 4 договора ГПХ'!Q10+'№ 4 договора ГПХ'!S10 -> 0 | H22: ='№ 4 договора ГПХ'!J10+'№ 4 договора ГПХ'!L10+'№ 4 договора ГПХ'!N10+'№ 4 договора ГПХ'!P10+'№ 4 договора ГПХ'!R10+'№ 4 договора ГПХ'!T10 -> 0 | I22: =E22-F22-G22-H22 -> 0 | J22: =IF(E22<=0,0,IF(C22=3,20%,10%)) -> 0 | K22: =IF(C22=1,I22*J22,0) -> 0 | L22: =IF(C22=3,E22*J22,IF(C22=2,I22*J22,0)) -> 0 | M22: =IF(D22>6,D22-6,D22) -> 0 | N22: =IF($M22=1,$K22,0) -> 0 | O22: =IF($M22=1,$L22,0) -> 0 | P22: =IF($M22=2,$K22,0) -> 0 | Q22: =IF($M22=2,$L22,0) -> 0 | R22: =IF($M22=3,$K22,0) -> 0 | S22: =IF($M22=3,$L22,0) -> 0 | T22: =IF($M22=4,$K22,0) -> 0 | U22: =IF($M22=4,$L22,0) -> 0 | V22: =IF($M22=5,$K22,0) -> 0 | W22: =IF($M22=5,$L22,0) -> 0 | X22: =IF($M22=6,$K22,0) -> 0 | Y22: =IF($M22=6,$L22,0) -> 0
A23: 9 | G23: ='№ 4 договора ГПХ'!I11+'№ 4 договора ГПХ'!K11+'№ 4 договора ГПХ'!M11+'№ 4 договора ГПХ'!O11+'№ 4 договора ГПХ'!Q11+'№ 4 договора ГПХ'!S11 -> 0 | H23: ='№ 4 договора ГПХ'!J11+'№ 4 договора ГПХ'!L11+'№ 4 договора ГПХ'!N11+'№ 4 договора ГПХ'!P11+'№ 4 договора ГПХ'!R11+'№ 4 договора ГПХ'!T11 -> 0 | I23: =E23-F23-G23-H23 -> 0 | J23: =IF(E23<=0,0,IF(C23=3,20%,10%)) -> 0 | K23: =IF(C23=1,I23*J23,0) -> 0 | L23: =IF(C23=3,E23*J23,IF(C23=2,I23*J23,0)) -> 0 | M23: =IF(D23>6,D23-6,D23) -> 0 | N23: =IF($M23=1,$K23,0) -> 0 | O23: =IF($M23=1,$L23,0) -> 0 | P23: =IF($M23=2,$K23,0) -> 0 | Q23: =IF($M23=2,$L23,0) -> 0 | R23: =IF($M23=3,$K23,0) -> 0 | S23: =IF($M23=3,$L23,0) -> 0 | T23: =IF($M23=4,$K23,0) -> 0 | U23: =IF($M23=4,$L23,0) -> 0 | V23: =IF($M23=5,$K23,0) -> 0 | W23: =IF($M23=5,$L23,0) -> 0 | X23: =IF($M23=6,$K23,0) -> 0 | Y23: =IF($M23=6,$L23,0) -> 0
A24: 10 | G24: ='№ 4 договора ГПХ'!I12+'№ 4 договора ГПХ'!K12+'№ 4 договора ГПХ'!M12+'№ 4 договора ГПХ'!O12+'№ 4 договора ГПХ'!Q12+'№ 4 договора ГПХ'!S12 -> 0 | H24: ='№ 4 договора ГПХ'!J12+'№ 4 договора ГПХ'!L12+'№ 4 договора ГПХ'!N12+'№ 4 договора ГПХ'!P12+'№ 4 договора ГПХ'!R12+'№ 4 договора ГПХ'!T12 -> 0 | I24: =E24-F24-G24-H24 -> 0 | J24: =IF(E24<=0,0,IF(C24=3,20%,10%)) -> 0 | K24: =IF(C24=1,I24*J24,0) -> 0 | L24: =IF(C24=3,E24*J24,IF(C24=2,I24*J24,0)) -> 0 | M24: =IF(D24>6,D24-6,D24) -> 0 | N24: =IF($M24=1,$K24,0) -> 0 | O24: =IF($M24=1,$L24,0) -> 0 | P24: =IF($M24=2,$K24,0) -> 0 | Q24: =IF($M24=2,$L24,0) -> 0 | R24: =IF($M24=3,$K24,0) -> 0 | S24: =IF($M24=3,$L24,0) -> 0 | T24: =IF($M24=4,$K24,0) -> 0 | U24: =IF($M24=4,$L24,0) -> 0 | V24: =IF($M24=5,$K24,0) -> 0 | W24: =IF($M24=5,$L24,0) -> 0 | X24: =IF($M24=6,$K24,0) -> 0 | Y24: =IF($M24=6,$L24,0) -> 0
A25: 11 | G25: ='№ 4 договора ГПХ'!I13+'№ 4 договора ГПХ'!K13+'№ 4 договора ГПХ'!M13+'№ 4 договора ГПХ'!O13+'№ 4 договора ГПХ'!Q13+'№ 4 договора ГПХ'!S13 -> 0 | H25: ='№ 4 договора ГПХ'!J13+'№ 4 договора ГПХ'!L13+'№ 4 договора ГПХ'!N13+'№ 4 договора ГПХ'!P13+'№ 4 договора ГПХ'!R13+'№ 4 договора ГПХ'!T13 -> 0 | I25: =E25-F25-G25-H25 -> 0 | J25: =IF(E25<=0,0,IF(C25=3,20%,10%)) -> 0 | K25: =IF(C25=1,I25*J25,0) -> 0 | L25: =IF(C25=3,E25*J25,IF(C25=2,I25*J25,0)) -> 0 | M25: =IF(D25>6,D25-6,D25) -> 0 | N25: =IF($M25=1,$K25,0) -> 0 | O25: =IF($M25=1,$L25,0) -> 0 | P25: =IF($M25=2,$K25,0) -> 0 | Q25: =IF($M25=2,$L25,0) -> 0 | R25: =IF($M25=3,$K25,0) -> 0 | S25: =IF($M25=3,$L25,0) -> 0 | T25: =IF($M25=4,$K25,0) -> 0 | U25: =IF($M25=4,$L25,0) -> 0 | V25: =IF($M25=5,$K25,0) -> 0 | W25: =IF($M25=5,$L25,0) -> 0 | X25: =IF($M25=6,$K25,0) -> 0 | Y25: =IF($M25=6,$L25,0) -> 0
A26: 12 | G26: ='№ 4 договора ГПХ'!I14+'№ 4 договора ГПХ'!K14+'№ 4 договора ГПХ'!M14+'№ 4 договора ГПХ'!O14+'№ 4 договора ГПХ'!Q14+'№ 4 договора ГПХ'!S14 -> 0 | H26: ='№ 4 договора ГПХ'!J14+'№ 4 договора ГПХ'!L14+'№ 4 договора ГПХ'!N14+'№ 4 договора ГПХ'!P14+'№ 4 договора ГПХ'!R14+'№ 4 договора ГПХ'!T14 -> 0 | I26: =E26-F26-G26-H26 -> 0 | J26: =IF(E26<=0,0,IF(C26=3,20%,10%)) -> 0 | K26: =IF(C26=1,I26*J26,0) -> 0 | L26: =IF(C26=3,E26*J26,IF(C26=2,I26*J26,0)) -> 0 | M26: =IF(D26>6,D26-6,D26) -> 0 | N26: =IF($M26=1,$K26,0) -> 0 | O26: =IF($M26=1,$L26,0) -> 0 | P26: =IF($M26=2,$K26,0) -> 0 | Q26: =IF($M26=2,$L26,0) -> 0 | R26: =IF($M26=3,$K26,0) -> 0 | S26: =IF($M26=3,$L26,0) -> 0 | T26: =IF($M26=4,$K26,0) -> 0 | U26: =IF($M26=4,$L26,0) -> 0 | V26: =IF($M26=5,$K26,0) -> 0 | W26: =IF($M26=5,$L26,0) -> 0 | X26: =IF($M26=6,$K26,0) -> 0 | Y26: =IF($M26=6,$L26,0) -> 0
A27: Итого: | E27: =SUM(E15:E26) -> 20000 | F27: =SUM(F15:F26) -> 0 | G27: =SUM(G15:G26) -> 1000 | H27: =SUM(H15:H26) -> 200 | I27: =SUM(I15:I26) -> 18800 | K27: =SUM(K15:K26) -> 1880 | L27: =SUM(L15:L26) -> 0 | N27: =SUM(N15:N26) -> 0 | O27: =SUM(O15:O26) -> 0 | P27: =SUM(P15:P26) -> 0 | Q27: =SUM(Q15:Q26) -> 0 | R27: =SUM(R15:R26) -> 0 | S27: =SUM(S15:S26) -> 0 | T27: =SUM(T15:T26) -> 1880 | U27: =SUM(U15:U26) -> 0 | ... Y27: =SUM(Y15:Y26) -> 0
A29: (Ф.И.О., подпись руководителя (налогоплательщика), печать)
A32: (Ф.И.О., подпись главного бухгалтера )
A35: (Ф.И.О., подпись лица, ответственного за составление налогового регистра)
A38: (Дата составления налогового регистра)

Sheet № 4 договора ГПХ
A1: № п/п | B1: Ф.И.О. физического лица | C1: Номер месяца выплаты дохода | D1: Начисленный доход по договору ГПХ | E1: Доходы, не облагаемые ОПВ | F1: Доходы, облагаемые ОПВ | G1: Ставка ОПВ (5%) | H1: Номер месяца в полугодии выплаты дохода | I1: ОПВ с доходов физических лиц, не являющихся налоговыми агентами | J1: Взносы ОСМС | K1: ОПВ с доходов физических лиц, не являющихся налоговыми агентами | L1: Взносы ОСМС | M1: ОПВ с доходов физических лиц, не являющихся налоговыми агентами | N1: Взносы ОСМС | O1: ОПВ с доходов физических лиц, не являющихся налоговыми агентами | P1: Взносы ОСМС | Q1: ОПВ с доходов физических лиц, не являющихся налоговыми агентами | R1: Взносы ОСМС | S1: ОПВ с доходов физических лиц, не являющихся налоговыми агентами | T1: Взносы ОСМС
I2: =IF('№ 910 Декларация '!L12=1,"январь","июль") -> июль | J2: =I2 -> июль | K2: =IF('№ 910 Декларация '!L12=1,"февраль","август") -> август | L2: =K2 -> август | M2: =IF('№ 910 Декларация '!L12=1,"март","сентябрь") -> сентябрь | N2: =M2 -> сентябрь | O2: =IF('№ 910 Декларация '!L12=1,"апрель","октябрь") -> октябрь | P2: =O2 -> октябрь | Q2: =IF('№ 910 Декларация '!L12=1,"май","ноябрь") -> ноябрь | R2: =Q2 -> ноябрь | S2: =IF('№ 910 Декларация '!L12=1,"июнь","декабрь") -> декабрь | T2: =S2 -> декабрь
A3: 1 | B3: ='№3 договора ГПХ'!B15 -> РК | C3: ='№3 договора ГПХ'!D15 -> 4 | D3: ='№3 договора ГПХ'!E15 -> 20000 | E3: 0 | F3: =IF(C3=3,0,D3-E3) -> 20000 | G3: =IF(D3<=0,0,5%) -> 0.05 | H3: =IF(C3>6,C3-6,C3) -> 4 | I3: =IF($H3=1,F3*G3,0) -> 0 | J3: =IF($C3=1,$F3*введение!C$22,0) -> 0 | K3: =IF($H3=2,F3*G3,0) -> 0 | L3: =IF($C3=2,$F3*введение!C$22,0) -> 0 | M3: =IF($H3=3,F3*G3,0) -> 0 | N3: =IF($C3=3,$F3*введение!C$22,0) -> 0 | O3: =IF($H3=4,F3*G3,0) -> 1000 | P3: =IF($C3=4,$F3*введение!C$22,0) -> 200 | Q3: =IF($H3=5,F3*G3,0) -> 0 | R3: =IF($C3=5,$F3*введение!C$22,0) -> 0 | S3: =IF($H3=6,F3*G3,0) -> 0 | T3: =IF($C3=6,$F3*введение!C$22,0) -> 0
A4: 2 | B4: ='№3 договора ГПХ'!B16 -> 0 | C4: ='№3 договора ГПХ'!D16 -> 0 | D4: ='№3 договора ГПХ'!E16 -> 0 | F4: =IF(C4=3,0,D4-E4) -> 0 | G4: =IF(D4<=0,0,5%) -> 0 | H4: =IF(C4>6,C4-6,C4) -> 0 | I4: =IF($H4=1,F4*G4,0) -> 0 | J4: =IF($C4=1,$F4*введение!C$22,0) -> 0 | K4: =IF($H4=2,F4*G4,0) -> 0 | L4: =IF($C4=2,$F4*введение!C$22,0) -> 0 | M4: =IF($H4=3,F4*G4,0) -> 0 | N4: =IF($C4=3,$F4*введение!C$22,0) -> 0 | O4: =IF($H4=4,F4*G4,0) -> 0 | P4: =IF($C4=4,$F4*введение!C$22,0) -> 0 | Q4: =IF($H4=5,F4*G4,0) -> 0 | R4: =IF($C4=5,$F4*введение!C$22,0) -> 0 | S4: =IF($H4=6,F4*G4,0) -> 0 | T4: =IF($C4=6,$F4*введение!C$22,0) -> 0
A5: 3 | B5: ='№3 договора ГПХ'!B17 -> 0 | C5: ='№3 договора ГПХ'!D17 -> 0 | D5: ='№3 договора ГПХ'!E17 -> 0 | F5: =IF(C5=3,0,D5-E5) -> 0 | G5: =IF(D5<=0,0,5%) -> 0 | H5: =IF(C5>6,C5-6,C5) -> 0 | I5: =IF($H5=1,F5*G5,0) -> 0 | J5: =IF($C5=1,$F5*введение!C$22,0) -> 0 | K5: =IF($H5=2,F5*G5,0) -> 0 | L5: =IF($C5=2,$F5*введение!C$22,0) -> 0 | M5: =IF($H5=3,F5*G5,0) -> 0 | N5: =IF($C5=3,$F5*введение!C$22,0) -> 0 | O5: =IF($H5=4,F5*G5,0) -> 0 | P5: =IF($C5=4,$F5*введение!C$22,0) -> 0 | Q5: =IF($H5=5,F5*G5,0) -> 0 | R5: =IF($C5=5,$F5*введение!C$22,0) -> 0 | S5: =IF($H5=6,F5*G5,0) -> 0 | T5: =IF($C5=6,$F5*введение!C$22,0) -> 0
A6: 4 | B6: ='№3 договора ГПХ'!B18 -> 0 | C6: ='№3 договора ГПХ'!D18 -> 0 | D6: ='№3 договора ГПХ'!E18 -> 0 | F6: =IF(C6=3,0,D6-E6) -> 0 | G6: =IF(D6<=0,0,5%) -> 0 | H6: =IF(C6>6,C6-6,C6) -> 0 | I6: =IF($H6=1,F6*G6,0) -> 0 | J6: =IF($C6=1,$F6*введение!C$22,0) -> 0 | K6: =IF($H6=2,F6*G6,0) -> 0 | L6: =IF($C6=2,$F6*введение!C$22,0) -> 0 | M6: =IF($H6=3,F6*G6,0) -> 0 | N6: =IF($C6=3,$F6*введение!C$22,0) -> 0 | O6: =IF($H6=4,F6*G6,0) -> 0 | P6: =IF($C6=4,$F6*введение!C$22,0) -> 0 | Q6: =IF($H6=5,F6*G6,0) -> 0 | R6: =IF($C6=5,$F6*введение!C$22,0) -> 0 | S6: =IF($H6=6,F6*G6,0) -> 0 | T6: =IF($C6=6,$F6*введение!C$22,0) -> 0
A7: 5 | B7: ='№3 договора ГПХ'!B19 -> 0 | C7: ='№3 договора ГПХ'!D19 -> 0 | D7: ='№3 договора ГПХ'!E19 -> 0 | F7: =IF(C7=3,0,D7-E7) -> 0 | G7: =IF(D7<=0,0,5%) -> 0 | H7: =IF(C7>6,C7-6,C7) -> 0 | I7: =IF($H7=1,F7*G7,0) -> 0 | J7: =IF($C7=1,$F7*введение!C$22,0) -> 0 | K7: =IF($H7=2,F7*G7,0) -> 0 | L7: =IF($C7=2,$F7*введение!C$22,0) -> 0 | M7: =IF($H7=3,F7*G7,0) -> 0 | N7: =IF($C7=3,$F7*введение!C$22,0) -> 0 | O7: =IF($H7=4,F7*G7,0) -> 0 | P7: =IF($C7=4,$F7*введение!C$22,0) -> 0 | Q7: =IF($H7=5,F7*G7,0) -> 0 | R7: =IF($C7=5,$F7*введение!C$22,0) -> 0 | S7: =IF($H7=6,F7*G7,0) -> 0 | T7: =IF($C7=6,$F7*введение!C$22,0) -> 0
A8: 6 | B8: ='№3 договора ГПХ'!B20 -> 0 | C8: ='№3 договора ГПХ'!D20 -> 0 | D8: ='№3 договора ГПХ'!E20 -> 0 | F8: =IF(C8=3,0,D8-E8) -> 0 | G8: =IF(D8<=0,0,5%) -> 0 | H8: =IF(C8>6,C8-6,C8) -> 0 | I8: =IF($H8=1,F8*G8,0) -> 0 | J8: =IF($C8=1,$F8*введение!C$22,0) -> 0 | K8: =IF($H8=2,F8*G8,0) -> 0 | L8: =IF($C8=2,$F8*введение!C$22,0) -> 0 | M8: =IF($H8=3,F8*G8,0) -> 0 | N8: =IF($C8=3,$F8*введение!C$22,0) -> 0 | O8: =IF($H8=4,F8*G8,0) -> 0 | P8: =IF($C8=4,$F8*введение!C$22,0) -> 0 | Q8: =IF($H8=5,F8*G8,0) -> 0 | R8: =IF($C8=5,$F8*введение!C$22,0) -> 0 | S8: =IF($H8=6,F8*G8,0) -> 0 | T8: =IF($C8=6,$F8*введение!C$22,0) -> 0
A9: 7 | B9: ='№3 договора ГПХ'!B21 -> 0 | C9: ='№3 договора ГПХ'!D21 -> 0 | D9: ='№3 договора ГПХ'!E21 -> 0 | F9: =IF(C9=3,0,D9-E9) -> 0 | G9: =IF(D9<=0,0,5%) -> 0 | H9: =IF(C9>6,C9-6,C9) -> 0 | I9: =IF($H9=1,F9*G9,0) -> 0 | J9: =IF($C9=1,$F9*введение!C$22,0) -> 0 | K9: =IF($H9=2,F9*G9,0) -> 0 | L9: =IF($C9=2,$F9*введение!C$22,0) -> 0 | M9: =IF($H9=3,F9*G9,0) -> 0 | N9: =IF($C9=3,$F9*введение!C$22,0) -> 0 | O9: =IF($H9=4,F9*G9,0) -> 0 | P9: =IF($C9=4,$F9*введение!C$22,0) -> 0 | Q9: =IF($H9=5,F9*G9,0) -> 0 | R9: =IF($C9=5,$F9*введение!C$22,0) -> 0 | S9: =IF($H9=6,F9*G9,0) -> 0 | T9: =IF($C9=6,$F9*введение!C$22,0) -> 0
A10: 8 | B10: ='№3 договора ГПХ'!B22 -> 0 | C10: ='№3 договора ГПХ'!D22 -> 0 | D10: ='№3 договора ГПХ'!E22 -> 0 | F10: =IF(C10=3,0,D10-E10) -> 0 | G10: =IF(D10<=0,0,5%) -> 0 | H10: =IF(C10>6,C10-6,C10) -> 0 | I10: =IF($H10=1,F10*G10,0) -> 0 | J10: =IF($C10=1,$F10*введение!C$22,0) -> 0 | K10: =IF($H10=2,F10*G10,0) -> 0 | L10: =IF($C10=2,$F10*введение!C$22,0) -> 0 | M10: =IF($H10=3,F10*G10,0) -> 0 | N10: =IF($C10=3,$F10*введение!C$22,0) -> 0 | O10: =IF($H10=4,F10*G10,0) -> 0 | P10: =IF($C10=4,$F10*введение!C$22,0) -> 0 | Q10: =IF($H10=5,F10*G10,0) -> 0 | R10: =IF($C10=5,$F10*введение!C$22,0) -> 0 | S10: =IF($H10=6,F10*G10,0) -> 0 | T10: =IF($C10=6,$F10*введение!C$22,0) -> 0
A11: 9 | B11: ='№3 договора ГПХ'!B23 -> 0 | C11: ='№3 договора ГПХ'!D23 -> 0 | D11: ='№3 договора ГПХ'!E23 -> 0 | F11: =IF(C11=3,0,D11-E11) -> 0 | G11: =IF(D11<=0,0,5%) -> 0 | H11: =IF(C11>6,C11-6,C11) -> 0 | I11: =IF($H11=1,F11*G11,0) -> 0 | J11: =IF($C11=1,$F11*введение!C$22,0) -> 0 | K11: =IF($H11=2,F11*G11,0) -> 0 | L11: =IF($C11=2,$F11*введение!C$22,0) -> 0 | M11: =IF($H11=3,F11*G11,0) -> 0 | N11: =IF($C11=3,$F11*введение!C$22,0) -> 0 | O11: =IF($H11=4,F11*G11,0) -> 0 | P11: =IF($C11=4,$F11*введение!C$22,0) -> 0 | Q11: =IF($H11=5,F11*G11,0) -> 0 | R11: =IF($C11=5,$F11*введение!C$22,0) -> 0 | S11: =IF($H11=6,F11*G11,0) -> 0 | T11: =IF($C11=6,$F11*введение!C$22,0) -> 0
A12: 10 | B12: ='№3 договора ГПХ'!B24 -> 0 | C12: ='№3 договора ГПХ'!D24 -> 0 | D12: ='№3 договора ГПХ'!E24 -> 0 | F12: =IF(C12=3,0,D12-E12) -> 0 | G12: =IF(D12<=0,0,5%) -> 0 | H12: =IF(C12>6,C12-6,C12) -> 0 | I12: =IF($H12=1,F12*G12,0) -> 0 | J12: =IF($C12=1,$F12*введение!C$22,0) -> 0 | K12: =IF($H12=2,F12*G12,0) -> 0 | L12: =IF($C12=2,$F12*введение!C$22,0) -> 0 | M12: =IF($H12=3,F12*G12,0) -> 0 | N12: =IF($C12=3,$F12*введение!C$22,0) -> 0 | O12: =IF($H12=4,F12*G12,0) -> 0 | P12: =IF($C12=4,$F12*введение!C$22,0) -> 0 | Q12: =IF($H12=5,F12*G12,0) -> 0 | R12: =IF($C12=5,$F12*введение!C$22,0) -> 0 | S12: =IF($H12=6,F12*G12,0) -> 0 | T12: =IF($C12=6,$F12*введение!C$22,0) -> 0
A13: 11 | B13: ='№3 договора ГПХ'!B25 -> 0 | C13: ='№3 договора ГПХ'!D25 -> 0 | D13: ='№3 договора ГПХ'!E25 -> 0 | F13: =IF(C13=3,0,D13-E13) -> 0 | G13: =IF(D13<=0,0,5%) -> 0 | H13: =IF(C13>6,C13-6,C13) -> 0 | I13: =IF($H13=1,F13*G13,0) -> 0 | J13: =IF($C13=1,$F13*введение!C$22,0) -> 0 | K13: =IF($H13=2,F13*G13,0) -> 0 | L13: =IF($C13=2,$F13*введение!C$22,0) -> 0 | M13: =IF($H13=3,F13*G13,0) -> 0 | N13: =IF($C13=3,$F13*введение!C$22,0) -> 0 | O13: =IF($H13=4,F13*G13,0) -> 0 | P13: =IF($C13=4,$F13*введение!C$22,0) -> 0 | Q13: =IF($H13=5,F13*G13,0) -> 0 | R13: =IF($C13=5,$F13*введение!C$22,0) -> 0 | S13: =IF($H13=6,F13*G13,0) -> 0 | T13: =IF($C13=6,$F13*введение!C$22,0) -> 0
A14: 12 | B14: ='№3 договора ГПХ'!B26 -> 0 | C14: ='№3 договора ГПХ'!D26 -> 0 | D14: ='№3 договора ГПХ'!E26 -> 0 | F14: =IF(C14=3,0,D14-E14) -> 0 | G14: =IF(D14<=0,0,5%) -> 0 | H14: =IF(C14>6,C14-6,C14) -> 0 | I14: =IF($H14=1,F14*G14,0) -> 0 | J14: =IF($C14=1,$F14*введение!C$22,0) -> 0 | K14: =IF($H14=2,F14*G14,0) -> 0 | L14: =IF($C14=2,$F14*введение!C$22,0) -> 0 | M14: =IF($H14=3,F14*G14,0) -> 0 | N14: =IF($C14=3,$F14*введение!C$22,0) -> 0 | O14: =IF($H14=4,F14*G14,0) -> 0 | P14: =IF($C14=4,$F14*введение!C$22,0) -> 0 | Q14: =IF($H14=5,F14*G14,0) -> 0 | R14: =IF($C14=5,$F14*введение!C$22,0) -> 0 | S14: =IF($H14=6,F14*G14,0) -> 0 | T14: =IF($C14=6,$F14*введение!C$22,0) -> 0
A15: Итого: | D15: =SUM(D3:D14) -> 20000 | E15: =SUM(E3:E14) -> 0 | F15: =SUM(F3:F14) -> 20000 | I15: =SUM(I3:I14) -> 0 | J15: =SUM(J3:J14) -> 0 | K15: =SUM(K3:K14) -> 0 | L15: =SUM(L3:L14) -> 0 | M15: =SUM(M3:M14) -> 0 | N15: =SUM(N3:N14) -> 0 | O15: =SUM(O3:O14) -> 1000 | P15: =SUM(P3:P14) -> 200 | ... T15: =SUM(T3:T14) -> 0

Sheet 910.01
B2: Форма 910.00
A4: Наименование налогоплательщика
A6: 1 | B6: РНН
A7: 2 | B7: ИИН (БИН) | F7: ='№ 910 Декларация '!D8 -> 0
A8: 3 | B8: Налоговый период: полугодие Год | F8: ='[1]№ 910 Декларация '!L12 -> 1 | G8: ='[1]№ 910 Декларация '!O12 -> 2020
A10: Исчисление налога и социальных платежей с доходов физических лиц
A13: № п/п | B13: Ф.И.О. физ.лица | C13: ИИН физ.лица | D13: Статус | E13: Категория | F13: Начислено доходов | G13: Доходы не подлежащие налогообложению (корректировка) | H13: Сумма ОПВ | I13: Сумма взносов ОСМС | J13: Стандартные налоговые вычеты | K13: Прочие налоговые вычеты | L13: Облагаемый доход | M13: Исчисленный ИПН | N13: Выплачено доходов | O13: ИПН подлежащий уплате в бюджет | P13: Сумма соц.отчислений | Q13: Сумма ОППВ | R13: Сумма ОПВ работодателя | S13: Сумма отчислений ОСМС
A14: A | B14: B | C14: C | D14: D | E14: E | F14: F | G14: G | H14: H | I14: I | J14: J | K14: K | L14: L | M14: M | N14: N | O14: O | P14: P | Q14: Q | R14: R | S14: S
A15: 1 | B15: Первый | D15: 1 | F15: 660000 | H15: 66000 | I15: 6600 | J15: 255000 | L15: =F15-G15-H15-J15-K15-I15 -> 332400 | M15: =L15/10 -> 33240 | N15: =F15-H15-M15-I15 -> 554160 | O15: =M15 -> 33240 | P15: =(F15-H15)*3.5/100 -> 20790 | S15: =F15*2/100 -> 13200
A16: 2 | B16: Второй | D16: 1 | F16: 20000 | H16: 1000 | I16: 200 | J16: 0 | L16: =F16-G16-H16-J16-K16-I16 -> 18800 | M16: =L16/10 -> 1880 | N16: =F16-H16-M16-I16 -> 16920 | O16: =M16 -> 1880
A17: 3 | L17: =F17-G17-H17-J17-K17-I17 -> 0 | M17: =L17/10 -> 0 | N17: =F17-H17-M17-I17 -> 0 | O17: =M17 -> 0 | P17: =(F17-H17)*3.5/100 -> 0 | S17: =F17*2/100 -> 0
A18: 4 | L18: =F18-G18-H18-J18-K18-I18 -> 0 | M18: =L18/10 -> 0 | N18: =F18-H18-M18-I18 -> 0 | O18: =M18 -> 0 | P18: =(F18-H18)*3.5/100 -> 0 | S18: =F18*2/100 -> 0
A19: 5 | L19: =F19-G19-H19-J19-K19-I19 -> 0 | M19: =F19/10 -> 0 | N19: =F19-H19-M19-I19 -> 0 | O19: =M19 -> 0
A20: 6 | L20: =F20-G20-H20-J20-K20-I20 -> 0 | M20: =L20*0.15 -> 0 | N20: =F20-H20-M20-I20 -> 0 | O20: =M20 -> 0
A21: 7 | L21: =F21-G21-H21-J21-K21-I21 -> 0 | N21: =F21-H21-M21-I21 -> 0 | O21: =M21 -> 0 | P21: =(F21-H21)*3.5/100 -> 0 | S21: =F21*2/100 -> 0
A22: 8 | L22: =F22-G22-H22-J22-K22-I22 -> 0 | N22: =F22-H22-M22-I22 -> 0 | O22: =M22 -> 0 | P22: =(F22-H22)*3.5/100 -> 0 | S22: =F22*2/100 -> 0
A23: 9 | L23: =F23-G23-H23-J23-K23-I23 -> 0 | N23: =F23-H23-M23-I23 -> 0 | O23: =M23 -> 0 | P23: =(F23-H23)*3.5/100 -> 0 | S23: =F23*2/100 -> 0
A24: 10 | L24: =F24-G24-H24-J24-K24-I24 -> 0 | N24: =F24-H24-M24-I24 -> 0 | O24: =M24 -> 0 | P24: =(F24-H24)*3.5/100 -> 0 | S24: =F24*2/100 -> 0
A25: 11 | L25: =F25-G25-H25-J25-K25-I25 -> 0 | N25: =F25-H25-M25-I25 -> 0 | O25: =M25 -> 0 | P25: =(F25-H25)*3.5/100 -> 0 | S25: =F25*2/100 -> 0
A26: 12 | L26: =F26-G26-H26-J26-K26-I26 -> 0 | N26: =F26-H26-M26-I26 -> 0 | O26: =M26 -> 0 | P26: =(F26-H26)*3.5/100 -> 0 | S26: =F26*2/100 -> 0
A27: Итого: | F27: =SUM(F15:F26) -> 680000 | G27: =SUM(G15:G26) -> 0 | H27: =SUM(H15:H26) -> 67000 | I27: =SUM(I15:I26) -> 6800 | J27: =SUM(J15:J26) -> 255000 | K27: =SUM(K15:K26) -> 0 | L27: =SUM(L15:L26) -> 351200 | M27: =SUM(M15:M26) -> 35120 | ... S27: =SUM(S15:S26) -> 13200
A29: (Ф.И.О., подпись руководителя (налогоплательщика), печать)
A32: (Ф.И.О., подпись главного бухгалтера )
A35: (Ф.И.О., подпись лица, ответственного за составление налогового регистра)
A38: (Дата составления налогового регистра)
A40: В графе D указывается статус физического лица:
A41: 1 - работник;
A42: 2 - физическое лицо, получившее доходы по договорам гражданско-правового характера предметом которых является оказание услуг, выполнение работ;
A43: 3 - физическое лицо, получившее иные доходы, облагаемые у источника выплаты;
A45: В графе E указывается категория физического лица:
A46: 1 - пенсионер;
A47: 2 - инвалид;
A48: 3 - лицо, приравненное к участникам Великой Отечественной войны;
... A51: приемный родитель, принявший детей-сирот и детей, оставшихся без попечения родителей, в приемную семью;
